Workbook

Sheet Estimates
E1: 2026 Fall Solutions Calculator
S3: Additional Rebates & Bonus Unlocks:
D4: NAME YOUR DRAFT ORDER HERE: | R4: Spend Requirement: | S4: $5k+ | U4: $22k+ | V4: $55k+ | W4: $110k+ | X4: $165k+
D5: Description: | R5: Tier Rebate: | S5: 0.02 | U5: 0.03 | V5: 0.04 | W5: 0.05 | X5: 0.06
D6: Dist/DSR: | S6: =AND($L$68+$M$98>=5000,$L$68+$M$98<22000) -> FALSE | U6: =AND($L$68+$M$98>=22000,$L$68+$M$98<55000) -> FALSE | V6: =AND($L$68+$M$98>=55000,$L$68+$M$98<110000) -> FALSE | W6: =AND($L$68+$M$98>=110000,$L$68+$M$98<165000) -> FALSE | X6: =$L$68+$M$98>=165000 -> FALSE
D7: Envu Horizon ID: | P7: Durentis Insecticide + Specticle FLO Duo Rebate | R7: Product: | S7: Stressgard (>$10k) | U7: Serata (8 unit min.) | W7: Resilia (4 unit min)
D8: Last Updated:
D9: Created For: | P9: =P11 -> n/a | S9: =IF(S11=0,"n/a",S11) -> n/a | U9: =IF(U11=0,"n/a",U11) -> n/a | W9: =IF(W11=0,"n/a",W11) -> n/a
Q10: October Bonus: | R10: YES | S10: Spend < $55k = 1.0%; Spend > $55k = 2.0%
A11: ZM ADD | J11: HIDE | M11: HIDE | N11: HIDE | O11: HIDE | P11: =IF(AND(H28>=2, SUM(H56:H59)>=2), FLOOR(MIN(H28,SUM(H56:H59))/2,1)*350*2, "n/a") -> n/a | S11: =IF( AND( L68+M98>=10000, L68+M98<55000, SUMIFS(L15:L67,E15:E67,"*Stressgard*")+SUMIFS(L15:L67,E15:E67,"*Chipco*")>=10000 ), 0.01, IF( AND( L68+M98>=55000, SUMIFS(L15:L67,E15:E67,"*Stressgard*")+SUMIFS(L15:L67,E15:E67,"*Chipco*")>=10000 ), 0.02, "n/a" ) ) -> n/a | U11: =IF( AND( L68+M98>=5000, L68+M98<55000, SUMIFS(H15:H67,E15:E67,"*Serata*")>=8 ), 0.01, IF( AND( L68+M98>=55000, SUMIFS(H15:H67,E15:E67,"*Serata*")>=8 ), 0.02, "n/a" ) ) -> n/a | W11: =IF( AND( L68+M98>=5000, L68+M98<55000, SUMIFS(H15:H67,E15:E67,"*Resilia*")>=4 ), 0.01, IF( AND( L68+M98>=55000, SUMIFS(H15:H67,E15:E67,"*Resilia*")>=4 ), 0.02, "n/a" ) ) -> n/a
A12: SKU Code | B12: RELEVANT | D12: REBATE FINDER. (Minimum Program Purchase to receive rebates is $5,000) | E12: PRODUCT NAME | F12: UNIT SIZE | G12: CATEGORY | H12: # UNITS | I12: ORIGINAL PRICE | J12: INSEASON SUBTOTAL | K12: EOP PRICE/ UNIT* | L12: INVOICE SUBTOTAL must be a minimum of $5,000 across NOW/FALL program to receive rebates | M12: REBATE TIERS AVAILABLE | N12: REBATE TIERS QUALIFIED | O12: QUALIFIED REBATE PER UNIT | P12: VOL BUY REBATES**† | Q12: ENVU EXTRAS + TIER REBATES | R12: NET PRICE/UNIT (all NOW rebates) | S12: TOTAL AFTER REBATE | T12: USE RATE / 1,000 FT2 | U12: USE RATE / ACRE | V12: TOTAL ACRES TREATED | W12: COST/ ACRE | X12: COST/ 1000 FT2
A15: D00000903-1 | B15: =H15>0 -> FALSE | D15: {=IFERROR( _xlfn.TEXTJOIN( "; ", TRUE, _xlfn._xlws.FILTER( IF( ISNUMBER(SEARCH("*Ronstar*FLO*",PRICING[Product]))+ ISNUMBER(SEARCH("Altus*",PRICING[Product]))+ ISNUMBER(SEARCH("Kontos*",PRICING[Product])), IF( (PRICING[Min Qty]="")+(PRICING[Min Qty]=0), "1 unit", PRICING[Min Qty]&" units" ), TEXT(PRICING[Rebate $],"$#,##0.00")& " off on "& IF( (PRICING[Min Qty]="")+(PRICING[Min Qty]=0), "1 unit", PRICING[Min Qty]&" units" ) ), (PRICING[SKU]=$A15)* ( ((PRICING[Rebate $]<>"")*(PRICING[Rebate $]<>0)) + ( ( ISNUMBER(SEARCH("*Ronstar*FLO*",PRICING[Product]))+ ISNUMBER(SEARCH("Altus*",PRICING[Product]))+ ISNUMBER(SEARCH("Kontos*",PRICING[Product])) )* (PRICING[Min Qty]<>0) ) ) ) ), "" )} -> 1-15 units | E15: =_xlfn.XLOOKUP(A15, PRICING[SKU], PRICING[Product], "") -> Altus® | F15: =_xlfn.XLOOKUP(A15, PRICING[SKU], PRICING[Size], "") -> 64 oz | G15: =IF(_xlfn.XLOOKUP(A15,PRICING[SKU],PRICING[Indication])="I","Insecticide", IF(_xlfn.XLOOKUP(A15,PRICING[SKU],PRICING[Indication])="H","Herbicide", IF(_xlfn.XLOOKUP(A15,PRICING[SKU],PRICING[Indication])="F","Fungicide", IF(_xlfn.XLOOKUP(A15,PRICING[SKU],PRICING[Indication])="PGR","PGR","")))) -> Insecticide | I15: =INDEX(PRICING[2026 In-Season Price],MATCH(A15,PRICING[SKU],0)) -> 471.04 | J15: =IF(H15*I15= 0,"",H15*I15) | K15: =INDEX(PRICING[NOW Price],MATCH(A15,PRICING[SKU],0)) -> 471.04 | L15: =IF(H15*K15= 0,"",ROUND(H15*K15,2)) | M15: =INDEX(Rebate_Lookup[Instances],MATCH(A15,Rebate_Lookup[SKU CODE],0)) -> 1 | N15: =IF(H15="","",INDEX(Rebate_Lookup[Qualified Rebate Tier],MATCH(A15,Rebate_Lookup[SKU CODE],0))) | O15: =IF(OR(H15="",N15=""),"", IF(N15=1,INDEX(Rebate_Lookup[REB_MOQ_1],MATCH(A15,Rebate_Lookup[SKU CODE],0)), IF(N15=2,INDEX(Rebate_Lookup[REB_MOQ_2],MATCH(A15,Rebate_Lookup[SKU CODE],0)), IF(N15=3,INDEX(Rebate_Lookup[REB_MOQ_3],MATCH(A15,Rebate_Lookup[SKU CODE],0)), IF(N15=4,INDEX(Rebate_Lookup[REB_MOQ_4],MATCH(A15,Rebate_Lookup[SKU CODE],0)), "#err"))))) | P15: =IF(L68>5000,IF(OR(O15=0,O15=""),"",H15*O15),"") | Q15: =IF( H15>0, IF( OR( AND(ISNUMBER(SEARCH("Specticle",E15)),ISNUMBER(SEARCH("FLO",E15))), AND(ISNUMBER(SEARCH("Ronstar",E15)),ISNUMBER(SEARCH("FLO",E15))) ), IF( AND(_xlfn.XLOOKUP(A15,PRICING[SKU],PRICING[October Bonus],FALSE),$R$10="YES"), ROUND(L15*$G$113,2), "N/A" ), IFERROR( IF( _xlfn.XLOOKUP(A15,PRICING[SKU],PRICING[October Bonus],FALSE), ROUND(L15*SUM($G$109:$G$113),2), ROUND(L15*SUM($G$109:$G$112),2) ), "" ) ), "" ) | R15: =IFERROR(ROUND((L15-SUM(P15:Q15))/H15,2),"") | S15: =IF(AND(H15<>"",H15>0), ROUND(H15*R15,2),"") | T15: {=IF(OR(H15="",H15=0), ROUND(_xlfn.XLOOKUP(1,(PRICING[SKU]=A15)*(PRICING[Set]=1),PRICING[Standard Use Rate (oz/M)]),2),ROUND( _xlfn.XLOOKUP( 1, (PRICING[SKU]=A15)* (PRICING[Set]=IF( _xlfn.XLOOKUP(A15,Rebate_Lookup[SKU CODE],Rebate_Lookup[MOQ_2])=0, 1, IF( AND( _xlfn.XLOOKUP(A15,Rebate_Lookup[SKU CODE],Rebate_Lookup[MOQ_3])=0, H15>=_xlfn.XLOOKUP(A15,Rebate_Lookup[SKU CODE],Rebate_Lookup[MOQ_2]) ), 2, IF( AND( H15>=_xlfn.XLOOKUP(A15,Rebate_Lookup[SKU CODE],Rebate_Lookup[MOQ_1]), H15<_xlfn.XLOOKUP(A15,Rebate_Lookup[SKU CODE],Rebate_Lookup[MOQ_2]) ), 1, IF( AND( H15>=_xlfn.XLOOKUP(A15,Rebate_Lookup[SKU CODE],Rebate_Lookup[MOQ_2]), OR( _xlfn.XLOOKUP(A15,Rebate_Lookup[SKU CODE],Rebate_Lookup[MOQ_3])=0, H15<_xlfn.XLOOKUP(A15,Rebate_Lookup[SKU CODE],Rebate_Lookup[MOQ_3]) ) ), 2, IF( OR( AND( _xlfn.XLOOKUP(A15,Rebate_Lookup[SKU CODE],Rebate_Lookup[MOQ_4])=0, H15>=_xlfn.XLOOKUP(A15,Rebate_Lookup[SKU CODE],Rebate_Lookup[MOQ_3]) ), AND( _xlfn.XLOOKUP(A15,Rebate_Lookup[SKU CODE],Rebate_Lookup[MOQ_4])>0, H15>=_xlfn.XLOOKUP(A15,Rebate_Lookup[SKU CODE],Rebate_Lookup[MOQ_3]), H15<_xlfn.XLOOKUP(A15,Rebate_Lookup[SKU CODE],Rebate_Lookup[MOQ_4]) ) ), 3, IF( AND( _xlfn.XLOOKUP(A15,Rebate_Lookup[SKU CODE],Rebate_Lookup[MOQ_4])>0, H15>=_xlfn.XLOOKUP(A15,Rebate_Lookup[SKU CODE],Rebate_Lookup[MOQ_4]) ), 4, 1 ) ) ) ) ) )), PRICING[Standard Use Rate (oz/M)] ), 2 ))} -> 0.32 | U15: =ROUND(T15*43.56,2) -> 13.94 | V15: =IF(AND(TRIM(U15)<>"",TRIM(H15)<>""),ROUND(H15*INDEX(PRICING[Package Ounces],MATCH(A15,PRICING[SKU],0))/U15,2),"") | W15: =IF(H15<>0,ROUND(S15/V15,2),0) -> 0 | X15: =ROUND(W15/43.56,2) -> 0
A16: D00000903-2 | B16: =H16>0 -> FALSE | D16: {=IFERROR( _xlfn.TEXTJOIN( "; ", TRUE, _xlfn._xlws.FILTER( IF( ISNUMBER(SEARCH("*Ronstar*FLO*",PRICING[Product]))+ ISNUMBER(SEARCH("Altus*",PRICING[Product]))+ ISNUMBER(SEARCH("Kontos*",PRICING[Product])), IF( (PRICING[Min Qty]="")+(PRICING[Min Qty]=0), "1 unit", PRICING[Min Qty]&" units" ), TEXT(PRICING[Rebate $],"$#,##0.00")& " off on "& IF( (PRICING[Min Qty]="")+(PRICING[Min Qty]=0), "1 unit", PRICING[Min Qty]&" units" ) ), (PRICING[SKU]=$A16)* ( ((PRICING[Rebate $]<>"")*(PRICING[Rebate $]<>0)) + ( ( ISNUMBER(SEARCH("*Ronstar*FLO*",PRICING[Product]))+ ISNUMBER(SEARCH("Altus*",PRICING[Product]))+ ISNUMBER(SEARCH("Kontos*",PRICING[Product])) )* (PRICING[Min Qty]<>0) ) ) ) ), "" )} -> 16-31 units | E16: =_xlfn.XLOOKUP(A16, PRICING[SKU], PRICING[Product], "") -> Altus® | F16: =_xlfn.XLOOKUP(A16, PRICING[SKU], PRICING[Size], "") -> 64 oz | G16: =IF(_xlfn.XLOOKUP(A16,PRICING[SKU],PRICING[Indication])="I","Insecticide", IF(_xlfn.XLOOKUP(A16,PRICING[SKU],PRICING[Indication])="H","Herbicide", IF(_xlfn.XLOOKUP(A16,PRICING[SKU],PRICING[Indication])="F","Fungicide", IF(_xlfn.XLOOKUP(A16,PRICING[SKU],PRICING[Indication])="PGR","PGR","")))) -> Insecticide | I16: =INDEX(PRICING[2026 In-Season Price],MATCH(A16,PRICING[SKU],0)) -> 471.04 | J16: =IF(H16*I16= 0,"",H16*I16) | K16: =INDEX(PRICING[NOW Price],MATCH(A16,PRICING[SKU],0)) -> 447.36 | L16: =IF(H16*K16= 0,"",ROUND(H16*K16,2)) | M16: =INDEX(Rebate_Lookup[Instances],MATCH(A16,Rebate_Lookup[SKU CODE],0)) -> 1 | N16: =IF(H16="","",INDEX(Rebate_Lookup[Qualified Rebate Tier],MATCH(A16,Rebate_Lookup[SKU CODE],0))) | O16: =IF(OR(H16="",N16=""),"", IF(N16=1,INDEX(Rebate_Lookup[REB_MOQ_1],MATCH(A16,Rebate_Lookup[SKU CODE],0)), IF(N16=2,INDEX(Rebate_Lookup[REB_MOQ_2],MATCH(A16,Rebate_Lookup[SKU CODE],0)), IF(N16=3,INDEX(Rebate_Lookup[REB_MOQ_3],MATCH(A16,Rebate_Lookup[SKU CODE],0)), IF(N16=4,INDEX(Rebate_Lookup[REB_MOQ_4],MATCH(A16,Rebate_Lookup[SKU CODE],0)), "#err"))))) | P16: =IF(L68>5000,IF(OR(O16=0,O16=""),"",H16*O16),"") | Q16: =IF( H16>0, IF( OR( AND(ISNUMBER(SEARCH("Specticle",E16)),ISNUMBER(SEARCH("FLO",E16))), AND(ISNUMBER(SEARCH("Ronstar",E16)),ISNUMBER(SEARCH("FLO",E16))) ), IF( AND(_xlfn.XLOOKUP(A16,PRICING[SKU],PRICING[October Bonus],FALSE),$R$10="YES"), ROUND(L16*$G$113,2), "N/A" ), IFERROR( IF( _xlfn.XLOOKUP(A16,PRICING[SKU],PRICING[October Bonus],FALSE), ROUND(L16*SUM($G$109:$G$113),2), ROUND(L16*SUM($G$109:$G$112),2) ), "" ) ), "" ) | R16: =IFERROR(ROUND((L16-SUM(P16:Q16))/H16,2),"") | S16: =IF(AND(H16<>"",H16>0), ROUND(H16*R16,2),"") | T16: {=IF(OR(H16="",H16=0), ROUND(_xlfn.XLOOKUP(1,(PRICING[SKU]=A16)*(PRICING[Set]=1),PRICING[Standard Use Rate (oz/M)]),2),ROUND( _xlfn.XLOOKUP( 1, (PRICING[SKU]=A16)* (PRICING[Set]=IF( _xlfn.XLOOKUP(A16,Rebate_Lookup[SKU CODE],Rebate_Lookup[MOQ_2])=0, 1, IF( AND( _xlfn.XLOOKUP(A16,Rebate_Lookup[SKU CODE],Rebate_Lookup[MOQ_3])=0, H16>=_xlfn.XLOOKUP(A16,Rebate_Lookup[SKU CODE],Rebate_Lookup[MOQ_2]) ), 2, IF( AND( H16>=_xlfn.XLOOKUP(A16,Rebate_Lookup[SKU CODE],Rebate_Lookup[MOQ_1]), H16<_xlfn.XLOOKUP(A16,Rebate_Lookup[SKU CODE],Rebate_Lookup[MOQ_2]) ), 1, IF( AND( H16>=_xlfn.XLOOKUP(A16,Rebate_Lookup[SKU CODE],Rebate_Lookup[MOQ_2]), OR( _xlfn.XLOOKUP(A16,Rebate_Lookup[SKU CODE],Rebate_Lookup[MOQ_3])=0, H16<_xlfn.XLOOKUP(A16,Rebate_Lookup[SKU CODE],Rebate_Lookup[MOQ_3]) ) ), 2, IF( OR( AND( _xlfn.XLOOKUP(A16,Rebate_Lookup[SKU CODE],Rebate_Lookup[MOQ_4])=0, H16>=_xlfn.XLOOKUP(A16,Rebate_Lookup[SKU CODE],Rebate_Lookup[MOQ_3]) ), AND( _xlfn.XLOOKUP(A16,Rebate_Lookup[SKU CODE],Rebate_Lookup[MOQ_4])>0, H16>=_xlfn.XLOOKUP(A16,Rebate_Lookup[SKU CODE],Rebate_Lookup[MOQ_3]), H16<_xlfn.XLOOKUP(A16,Rebate_Lookup[SKU CODE],Rebate_Lookup[MOQ_4]) ) ), 3, IF( AND( _xlfn.XLOOKUP(A16,Rebate_Lookup[SKU CODE],Rebate_Lookup[MOQ_4])>0, H16>=_xlfn.XLOOKUP(A16,Rebate_Lookup[SKU CODE],Rebate_Lookup[MOQ_4]) ), 4, 1 ) ) ) ) ) )), PRICING[Standard Use Rate (oz/M)] ), 2 ))} -> 0.32 | U16: =ROUND(T16*43.56,2) -> 13.94 | V16: =IF(AND(TRIM(U16)<>"",TRIM(H16)<>""),ROUND(H16*INDEX(PRICING[Package Ounces],MATCH(A16,PRICING[SKU],0))/U16,2),"") | W16: =IF(H16<>0,ROUND(S16/V16,2),0) -> 0 | X16: =ROUND(W16/43.56,2) -> 0
A17: D00000903-3 | B17: =H17>0 -> FALSE | D17: {=IFERROR( _xlfn.TEXTJOIN( "; ", TRUE, _xlfn._xlws.FILTER( IF( ISNUMBER(SEARCH("*Ronstar*FLO*",PRICING[Product]))+ ISNUMBER(SEARCH("Altus*",PRICING[Product]))+ ISNUMBER(SEARCH("Kontos*",PRICING[Product])), IF( (PRICING[Min Qty]="")+(PRICING[Min Qty]=0), "1 unit", PRICING[Min Qty]&" units" ), TEXT(PRICING[Rebate $],"$#,##0.00")& " off on "& IF( (PRICING[Min Qty]="")+(PRICING[Min Qty]=0), "1 unit", PRICING[Min Qty]&" units" ) ), (PRICING[SKU]=$A17)* ( ((PRICING[Rebate $]<>"")*(PRICING[Rebate $]<>0)) + ( ( ISNUMBER(SEARCH("*Ronstar*FLO*",PRICING[Product]))+ ISNUMBER(SEARCH("Altus*",PRICING[Product]))+ ISNUMBER(SEARCH("Kontos*",PRICING[Product])) )* (PRICING[Min Qty]<>0) ) ) ) ), "" )} -> 32+ units | E17: =_xlfn.XLOOKUP(A17, PRICING[SKU], PRICING[Product], "") -> Altus® | F17: =_xlfn.XLOOKUP(A17, PRICING[SKU], PRICING[Size], "") -> 64 oz | G17: =IF(_xlfn.XLOOKUP(A17,PRICING[SKU],PRICING[Indication])="I","Insecticide", IF(_xlfn.XLOOKUP(A17,PRICING[SKU],PRICING[Indication])="H","Herbicide", IF(_xlfn.XLOOKUP(A17,PRICING[SKU],PRICING[Indication])="F","Fungicide", IF(_xlfn.XLOOKUP(A17,PRICING[SKU],PRICING[Indication])="PGR","PGR","")))) -> Insecticide | I17: =INDEX(PRICING[2026 In-Season Price],MATCH(A17,PRICING[SKU],0)) -> 471.04 | J17: =IF(H17*I17= 0,"",H17*I17) | K17: =INDEX(PRICING[NOW Price],MATCH(A17,PRICING[SKU],0)) -> 423.68 | L17: =IF(H17*K17= 0,"",ROUND(H17*K17,2)) | M17: =INDEX(Rebate_Lookup[Instances],MATCH(A17,Rebate_Lookup[SKU CODE],0)) -> 1 | N17: =IF(H17="","",INDEX(Rebate_Lookup[Qualified Rebate Tier],MATCH(A17,Rebate_Lookup[SKU CODE],0))) | O17: =IF(OR(H17="",N17=""),"", IF(N17=1,INDEX(Rebate_Lookup[REB_MOQ_1],MATCH(A17,Rebate_Lookup[SKU CODE],0)), IF(N17=2,INDEX(Rebate_Lookup[REB_MOQ_2],MATCH(A17,Rebate_Lookup[SKU CODE],0)), IF(N17=3,INDEX(Rebate_Lookup[REB_MOQ_3],MATCH(A17,Rebate_Lookup[SKU CODE],0)), IF(N17=4,INDEX(Rebate_Lookup[REB_MOQ_4],MATCH(A17,Rebate_Lookup[SKU CODE],0)), "#err"))))) | P17: =IF(L68>5000,IF(OR(O17=0,O17=""),"",H17*O17),"") | Q17: =IF( H17>0, IF( OR( AND(ISNUMBER(SEARCH("Specticle",E17)),ISNUMBER(SEARCH("FLO",E17))), AND(ISNUMBER(SEARCH("Ronstar",E17)),ISNUMBER(SEARCH("FLO",E17))) ), IF( AND(_xlfn.XLOOKUP(A17,PRICING[SKU],PRICING[October Bonus],FALSE),$R$10="YES"), ROUND(L17*$G$113,2), "N/A" ), IFERROR( IF( _xlfn.XLOOKUP(A17,PRICING[SKU],PRICING[October Bonus],FALSE), ROUND(L17*SUM($G$109:$G$113),2), ROUND(L17*SUM($G$109:$G$112),2) ), "" ) ), "" ) | R17: =IFERROR(ROUND((L17-SUM(P17:Q17))/H17,2),"") | S17: =IF(AND(H17<>"",H17>0), ROUND(H17*R17,2),"") | T17: {=IF(OR(H17="",H17=0), ROUND(_xlfn.XLOOKUP(1,(PRICING[SKU]=A17)*(PRICING[Set]=1),PRICING[Standard Use Rate (oz/M)]),2),ROUND( _xlfn.XLOOKUP( 1, (PRICING[SKU]=A17)* (PRICING[Set]=IF( _xlfn.XLOOKUP(A17,Rebate_Lookup[SKU CODE],Rebate_Lookup[MOQ_2])=0, 1, IF( AND( _xlfn.XLOOKUP(A17,Rebate_Lookup[SKU CODE],Rebate_Lookup[MOQ_3])=0, H17>=_xlfn.XLOOKUP(A17,Rebate_Lookup[SKU CODE],Rebate_Lookup[MOQ_2]) ), 2, IF( AND( H17>=_xlfn.XLOOKUP(A17,Rebate_Lookup[SKU CODE],Rebate_Lookup[MOQ_1]), H17<_xlfn.XLOOKUP(A17,Rebate_Lookup[SKU CODE],Rebate_Lookup[MOQ_2]) ), 1, IF( AND( H17>=_xlfn.XLOOKUP(A17,Rebate_Lookup[SKU CODE],Rebate_Lookup[MOQ_2]), OR( _xlfn.XLOOKUP(A17,Rebate_Lookup[SKU CODE],Rebate_Lookup[MOQ_3])=0, H17<_xlfn.XLOOKUP(A17,Rebate_Lookup[SKU CODE],Rebate_Lookup[MOQ_3]) ) ), 2, IF( OR( AND( _xlfn.XLOOKUP(A17,Rebate_Lookup[SKU CODE],Rebate_Lookup[MOQ_4])=0, H17>=_xlfn.XLOOKUP(A17,Rebate_Lookup[SKU CODE],Rebate_Lookup[MOQ_3]) ), AND( _xlfn.XLOOKUP(A17,Rebate_Lookup[SKU CODE],Rebate_Lookup[MOQ_4])>0, H17>=_xlfn.XLOOKUP(A17,Rebate_Lookup[SKU CODE],Rebate_Lookup[MOQ_3]), H17<_xlfn.XLOOKUP(A17,Rebate_Lookup[SKU CODE],Rebate_Lookup[MOQ_4]) ) ), 3, IF( AND( _xlfn.XLOOKUP(A17,Rebate_Lookup[SKU CODE],Rebate_Lookup[MOQ_4])>0, H17>=_xlfn.XLOOKUP(A17,Rebate_Lookup[SKU CODE],Rebate_Lookup[MOQ_4]) ), 4, 1 ) ) ) ) ) )), PRICING[Standard Use Rate (oz/M)] ), 2 ))} -> 0.32 | U17: =ROUND(T17*43.56,2) -> 13.94 | V17: =IF(AND(TRIM(U17)<>"",TRIM(H17)<>""),ROUND(H17*INDEX(PRICING[Package Ounces],MATCH(A17,PRICING[SKU],0))/U17,2),"") | W17: =IF(H17<>0,ROUND(S17/V17,2),0) -> 0 | X17: =ROUND(W17/43.56,2) -> 0
A18: D00000907 | B18: =H18>0 -> FALSE | D18: {=IFERROR( _xlfn.TEXTJOIN( "; ", TRUE, _xlfn._xlws.FILTER( IF( ISNUMBER(SEARCH("*Ronstar*FLO*",PRICING[Product]))+ ISNUMBER(SEARCH("Altus*",PRICING[Product]))+ ISNUMBER(SEARCH("Kontos*",PRICING[Product])), IF( (PRICING[Min Qty]="")+(PRICING[Min Qty]=0), "1 unit", PRICING[Min Qty]&" units" ), TEXT(PRICING[Rebate $],"$#,##0.00")& " off on "& IF( (PRICING[Min Qty]="")+(PRICING[Min Qty]=0), "1 unit", PRICING[Min Qty]&" units" ) ), (PRICING[SKU]=$A18)* ( ((PRICING[Rebate $]<>"")*(PRICING[Rebate $]<>0)) + ( ( ISNUMBER(SEARCH("*Ronstar*FLO*",PRICING[Product]))+ ISNUMBER(SEARCH("Altus*",PRICING[Product]))+ ISNUMBER(SEARCH("Kontos*",PRICING[Product])) )* (PRICING[Min Qty]<>0) ) ) ) ), "" )} -> $75.00 off on 2+ units | E18: =_xlfn.XLOOKUP(A18, PRICING[SKU], PRICING[Product], "") -> Banol® | F18: =_xlfn.XLOOKUP(A18, PRICING[SKU], PRICING[Size], "") -> 2.5 gal | G18: =IF(_xlfn.XLOOKUP(A18,PRICING[SKU],PRICING[Indication])="I","Insecticide", IF(_xlfn.XLOOKUP(A18,PRICING[SKU],PRICING[Indication])="H","Herbicide", IF(_xlfn.XLOOKUP(A18,PRICING[SKU],PRICING[Indication])="F","Fungicide", IF(_xlfn.XLOOKUP(A18,PRICING[SKU],PRICING[Indication])="PGR","PGR","")))) -> Fungicide | I18: =INDEX(PRICING[2026 In-Season Price],MATCH(A18,PRICING[SKU],0)) -> 1363.2 | J18: =IF(H18*I18= 0,"",H18*I18) | K18: =INDEX(PRICING[NOW Price],MATCH(A18,PRICING[SKU],0)) -> 1363.2 | L18: =IF(H18*K18= 0,"",ROUND(H18*K18,2)) | M18: =INDEX(Rebate_Lookup[Instances],MATCH(A18,Rebate_Lookup[SKU CODE],0)) -> 2 | N18: =IF(H18="","",INDEX(Rebate_Lookup[Qualified Rebate Tier],MATCH(A18,Rebate_Lookup[SKU CODE],0))) | O18: =IF(OR(H18="",N18=""),"", IF(N18=1,INDEX(Rebate_Lookup[REB_MOQ_1],MATCH(A18,Rebate_Lookup[SKU CODE],0)), IF(N18=2,INDEX(Rebate_Lookup[REB_MOQ_2],MATCH(A18,Rebate_Lookup[SKU CODE],0)), IF(N18=3,INDEX(Rebate_Lookup[REB_MOQ_3],MATCH(A18,Rebate_Lookup[SKU CODE],0)), IF(N18=4,INDEX(Rebate_Lookup[REB_MOQ_4],MATCH(A18,Rebate_Lookup[SKU CODE],0)), "#err"))))) | P18: =IF(L68>5000,IF(OR(O18=0,O18=""),"",H18*O18),"") | Q18: =IF( H18>0, IF( OR( AND(ISNUMBER(SEARCH("Specticle",E18)),ISNUMBER(SEARCH("FLO",E18))), AND(ISNUMBER(SEARCH("Ronstar",E18)),ISNUMBER(SEARCH("FLO",E18))) ), IF( AND(_xlfn.XLOOKUP(A18,PRICING[SKU],PRICING[October Bonus],FALSE),$R$10="YES"), ROUND(L18*$G$113,2), "N/A" ), IFERROR( IF( _xlfn.XLOOKUP(A18,PRICING[SKU],PRICING[October Bonus],FALSE), ROUND(L18*SUM($G$109:$G$113),2), ROUND(L18*SUM($G$109:$G$112),2) ), "" ) ), "" ) | R18: =IFERROR(ROUND((L18-SUM(P18:Q18))/H18,2),"") | S18: =IF(AND(H18<>"",H18>0), ROUND(H18*R18,2),"") | T18: {=IF(OR(H18="",H18=0), ROUND(_xlfn.XLOOKUP(1,(PRICING[SKU]=A18)*(PRICING[Set]=1),PRICING[Standard Use Rate (oz/M)]),2),ROUND( _xlfn.XLOOKUP( 1, (PRICING[SKU]=A18)* (PRICING[Set]=IF( _xlfn.XLOOKUP(A18,Rebate_Lookup[SKU CODE],Rebate_Lookup[MOQ_2])=0, 1, IF( AND( _xlfn.XLOOKUP(A18,Rebate_Lookup[SKU CODE],Rebate_Lookup[MOQ_3])=0, H18>=_xlfn.XLOOKUP(A18,Rebate_Lookup[SKU CODE],Rebate_Lookup[MOQ_2]) ), 2, IF( AND( H18>=_xlfn.XLOOKUP(A18,Rebate_Lookup[SKU CODE],Rebate_Lookup[MOQ_1]), H18<_xlfn.XLOOKUP(A18,Rebate_Lookup[SKU CODE],Rebate_Lookup[MOQ_2]) ), 1, IF( AND( H18>=_xlfn.XLOOKUP(A18,Rebate_Lookup[SKU CODE],Rebate_Lookup[MOQ_2]), OR( _xlfn.XLOOKUP(A18,Rebate_Lookup[SKU CODE],Rebate_Lookup[MOQ_3])=0, H18<_xlfn.XLOOKUP(A18,Rebate_Lookup[SKU CODE],Rebate_Lookup[MOQ_3]) ) ), 2, IF( OR( AND( _xlfn.XLOOKUP(A18,Rebate_Lookup[SKU CODE],Rebate_Lookup[MOQ_4])=0, H18>=_xlfn.XLOOKUP(A18,Rebate_Lookup[SKU CODE],Rebate_Lookup[MOQ_3]) ), AND( _xlfn.XLOOKUP(A18,Rebate_Lookup[SKU CODE],Rebate_Lookup[MOQ_4])>0, H18>=_xlfn.XLOOKUP(A18,Rebate_Lookup[SKU CODE],Rebate_Lookup[MOQ_3]), H18<_xlfn.XLOOKUP(A18,Rebate_Lookup[SKU CODE],Rebate_Lookup[MOQ_4]) ) ), 3, IF( AND( _xlfn.XLOOKUP(A18,Rebate_Lookup[SKU CODE],Rebate_Lookup[MOQ_4])>0, H18>=_xlfn.XLOOKUP(A18,Rebate_Lookup[SKU CODE],Rebate_Lookup[MOQ_4]) ), 4, 1 ) ) ) ) ) )), PRICING[Standard Use Rate (oz/M)] ), 2 ))} -> 2 | U18: =ROUND(T18*43.56,2) -> 87.12 | V18: =IF(AND(TRIM(U18)<>"",TRIM(H18)<>""),ROUND(H18*INDEX(PRICING[Package Ounces],MATCH(A18,PRICING[SKU],0))/U18,2),"") | W18: =IF(H18<>0,ROUND(S18/V18,2),0) -> 0 | X18: =ROUND(W18/43.56,2) -> 0
A19: D00000624 | B19: =H19>0 -> FALSE | D19: {=IFERROR( _xlfn.TEXTJOIN( "; ", TRUE, _xlfn._xlws.FILTER( IF( ISNUMBER(SEARCH("*Ronstar*FLO*",PRICING[Product]))+ ISNUMBER(SEARCH("Altus*",PRICING[Product]))+ ISNUMBER(SEARCH("Kontos*",PRICING[Product])), IF( (PRICING[Min Qty]="")+(PRICING[Min Qty]=0), "1 unit", PRICING[Min Qty]&" units" ), TEXT(PRICING[Rebate $],"$#,##0.00")& " off on "& IF( (PRICING[Min Qty]="")+(PRICING[Min Qty]=0), "1 unit", PRICING[Min Qty]&" units" ) ), (PRICING[SKU]=$A19)* ( ((PRICING[Rebate $]<>"")*(PRICING[Rebate $]<>0)) + ( ( ISNUMBER(SEARCH("*Ronstar*FLO*",PRICING[Product]))+ ISNUMBER(SEARCH("Altus*",PRICING[Product]))+ ISNUMBER(SEARCH("Kontos*",PRICING[Product])) )* (PRICING[Min Qty]<>0) ) ) ) ), "" )} -> $28.00 off on 1 unit | E19: =_xlfn.XLOOKUP(A19, PRICING[SKU], PRICING[Product], "") -> Castlon® | F19: =_xlfn.XLOOKUP(A19, PRICING[SKU], PRICING[Size], "") -> 16 oz | G19: =IF(_xlfn.XLOOKUP(A19,PRICING[SKU],PRICING[Indication])="I","Insecticide", IF(_xlfn.XLOOKUP(A19,PRICING[SKU],PRICING[Indication])="H","Herbicide", IF(_xlfn.XLOOKUP(A19,PRICING[SKU],PRICING[Indication])="F","Fungicide", IF(_xlfn.XLOOKUP(A19,PRICING[SKU],PRICING[Indication])="PGR","PGR","")))) -> Fungicide | I19: =INDEX(PRICING[2026 In-Season Price],MATCH(A19,PRICING[SKU],0)) -> 357.92 | J19: =IF(H19*I19= 0,"",H19*I19) | K19: =INDEX(PRICING[NOW Price],MATCH(A19,PRICING[SKU],0)) -> 305.6 | L19: =IF(H19*K19= 0,"",ROUND(H19*K19,2)) | M19: =INDEX(Rebate_Lookup[Instances],MATCH(A19,Rebate_Lookup[SKU CODE],0)) -> 1 | N19: =IF(H19="","",INDEX(Rebate_Lookup[Qualified Rebate Tier],MATCH(A19,Rebate_Lookup[SKU CODE],0))) | O19: =IF(OR(H19="",N19=""),"", IF(N19=1,INDEX(Rebate_Lookup[REB_MOQ_1],MATCH(A19,Rebate_Lookup[SKU CODE],0)), IF(N19=2,INDEX(Rebate_Lookup[REB_MOQ_2],MATCH(A19,Rebate_Lookup[SKU CODE],0)), IF(N19=3,INDEX(Rebate_Lookup[REB_MOQ_3],MATCH(A19,Rebate_Lookup[SKU CODE],0)), IF(N19=4,INDEX(Rebate_Lookup[REB_MOQ_4],MATCH(A19,Rebate_Lookup[SKU CODE],0)), "#err"))))) | P19: =IF(L68>5000,IF(OR(O19=0,O19=""),"",H19*O19),"") | Q19: =IF( H19>0, IF( OR( AND(ISNUMBER(SEARCH("Specticle",E19)),ISNUMBER(SEARCH("FLO",E19))), AND(ISNUMBER(SEARCH("Ronstar",E19)),ISNUMBER(SEARCH("FLO",E19))) ), IF( AND(_xlfn.XLOOKUP(A19,PRICING[SKU],PRICING[October Bonus],FALSE),$R$10="YES"), ROUND(L19*$G$113,2), "N/A" ), IFERROR( IF( _xlfn.XLOOKUP(A19,PRICING[SKU],PRICING[October Bonus],FALSE), ROUND(L19*SUM($G$109:$G$113),2), ROUND(L19*SUM($G$109:$G$112),2) ), "" ) ), "" ) | R19: =IFERROR(ROUND((L19-SUM(P19:Q19))/H19,2),"") | S19: =IF(AND(H19<>"",H19>0), ROUND(H19*R19,2),"") | T19: {=IF(OR(H19="",H19=0), ROUND(_xlfn.XLOOKUP(1,(PRICING[SKU]=A19)*(PRICING[Set]=1),PRICING[Standard Use Rate (oz/M)]),2),ROUND( _xlfn.XLOOKUP( 1, (PRICING[SKU]=A19)* (PRICING[Set]=IF( _xlfn.XLOOKUP(A19,Rebate_Lookup[SKU CODE],Rebate_Lookup[MOQ_2])=0, 1, IF( AND( _xlfn.XLOOKUP(A19,Rebate_Lookup[SKU CODE],Rebate_Lookup[MOQ_3])=0, H19>=_xlfn.XLOOKUP(A19,Rebate_Lookup[SKU CODE],Rebate_Lookup[MOQ_2]) ), 2, IF( AND( H19>=_xlfn.XLOOKUP(A19,Rebate_Lookup[SKU CODE],Rebate_Lookup[MOQ_1]), H19<_xlfn.XLOOKUP(A19,Rebate_Lookup[SKU CODE],Rebate_Lookup[MOQ_2]) ), 1, IF( AND( H19>=_xlfn.XLOOKUP(A19,Rebate_Lookup[SKU CODE],Rebate_Lookup[MOQ_2]), OR( _xlfn.XLOOKUP(A19,Rebate_Lookup[SKU CODE],Rebate_Lookup[MOQ_3])=0, H19<_xlfn.XLOOKUP(A19,Rebate_Lookup[SKU CODE],Rebate_Lookup[MOQ_3]) ) ), 2, IF( OR( AND( _xlfn.XLOOKUP(A19,Rebate_Lookup[SKU CODE],Rebate_Lookup[MOQ_4])=0, H19>=_xlfn.XLOOKUP(A19,Rebate_Lookup[SKU CODE],Rebate_Lookup[MOQ_3]) ), AND( _xlfn.XLOOKUP(A19,Rebate_Lookup[SKU CODE],Rebate_Lookup[MOQ_4])>0, H19>=_xlfn.XLOOKUP(A19,Rebate_Lookup[SKU CODE],Rebate_Lookup[MOQ_3]), H19<_xlfn.XLOOKUP(A19,Rebate_Lookup[SKU CODE],Rebate_Lookup[MOQ_4]) ) ), 3, IF( AND( _xlfn.XLOOKUP(A19,Rebate_Lookup[SKU CODE],Rebate_Lookup[MOQ_4])>0, H19>=_xlfn.XLOOKUP(A19,Rebate_Lookup[SKU CODE],Rebate_Lookup[MOQ_4]) ), 4, 1 ) ) ) ) ) )), PRICING[Standard Use Rate (oz/M)] ), 2 ))} -> 0.36 | U19: =ROUND(T19*43.56,2) -> 15.68 | V19: =IF(AND(TRIM(U19)<>"",TRIM(H19)<>""),ROUND(H19*INDEX(PRICING[Package Ounces],MATCH(A19,PRICING[SKU],0))/U19,2),"") | W19: =IF(H19<>0,ROUND(S19/V19,2),0) -> 0 | X19: =ROUND(W19/43.56,2) -> 0
A20: D00000623 | B20: =H20>0 -> FALSE | D20: {=IFERROR( _xlfn.TEXTJOIN( "; ", TRUE, _xlfn._xlws.FILTER( IF( ISNUMBER(SEARCH("*Ronstar*FLO*",PRICING[Product]))+ ISNUMBER(SEARCH("Altus*",PRICING[Product]))+ ISNUMBER(SEARCH("Kontos*",PRICING[Product])), IF( (PRICING[Min Qty]="")+(PRICING[Min Qty]=0), "1 unit", PRICING[Min Qty]&" units" ), TEXT(PRICING[Rebate $],"$#,##0.00")& " off on "& IF( (PRICING[Min Qty]="")+(PRICING[Min Qty]=0), "1 unit", PRICING[Min Qty]&" units" ) ), (PRICING[SKU]=$A20)* ( ((PRICING[Rebate $]<>"")*(PRICING[Rebate $]<>0)) + ( ( ISNUMBER(SEARCH("*Ronstar*FLO*",PRICING[Product]))+ ISNUMBER(SEARCH("Altus*",PRICING[Product]))+ ISNUMBER(SEARCH("Kontos*",PRICING[Product])) )* (PRICING[Min Qty]<>0) ) ) ) ), "" )} -> $100.00 off on 1+ units | E20: =_xlfn.XLOOKUP(A20, PRICING[SKU], PRICING[Product], "") -> Castlon® | F20: =_xlfn.XLOOKUP(A20, PRICING[SKU], PRICING[Size], "") -> 1 gal | G20: =IF(_xlfn.XLOOKUP(A20,PRICING[SKU],PRICING[Indication])="I","Insecticide", IF(_xlfn.XLOOKUP(A20,PRICING[SKU],PRICING[Indication])="H","Herbicide", IF(_xlfn.XLOOKUP(A20,PRICING[SKU],PRICING[Indication])="F","Fungicide", IF(_xlfn.XLOOKUP(A20,PRICING[SKU],PRICING[Indication])="PGR","PGR","")))) -> Fungicide | I20: =INDEX(PRICING[2026 In-Season Price],MATCH(A20,PRICING[SKU],0)) -> 2298.88 | J20: =IF(H20*I20= 0,"",H20*I20) | K20: =INDEX(PRICING[NOW Price],MATCH(A20,PRICING[SKU],0)) -> 2298.88 | L20: =IF(H20*K20= 0,"",ROUND(H20*K20,2)) | M20: =INDEX(Rebate_Lookup[Instances],MATCH(A20,Rebate_Lookup[SKU CODE],0)) -> 1 | N20: =IF(H20="","",INDEX(Rebate_Lookup[Qualified Rebate Tier],MATCH(A20,Rebate_Lookup[SKU CODE],0))) | O20: =IF(OR(H20="",N20=""),"", IF(N20=1,INDEX(Rebate_Lookup[REB_MOQ_1],MATCH(A20,Rebate_Lookup[SKU CODE],0)), IF(N20=2,INDEX(Rebate_Lookup[REB_MOQ_2],MATCH(A20,Rebate_Lookup[SKU CODE],0)), IF(N20=3,INDEX(Rebate_Lookup[REB_MOQ_3],MATCH(A20,Rebate_Lookup[SKU CODE],0)), IF(N20=4,INDEX(Rebate_Lookup[REB_MOQ_4],MATCH(A20,Rebate_Lookup[SKU CODE],0)), "#err"))))) | P20: =IF(L68>5000,IF(OR(O20=0,O20=""),"",H20*O20),"") | Q20: =IF( H20>0, IF( OR( AND(ISNUMBER(SEARCH("Specticle",E20)),ISNUMBER(SEARCH("FLO",E20))), AND(ISNUMBER(SEARCH("Ronstar",E20)),ISNUMBER(SEARCH("FLO",E20))) ), IF( AND(_xlfn.XLOOKUP(A20,PRICING[SKU],PRICING[October Bonus],FALSE),$R$10="YES"), ROUND(L20*$G$113,2), "N/A" ), IFERROR( IF( _xlfn.XLOOKUP(A20,PRICING[SKU],PRICING[October Bonus],FALSE), ROUND(L20*SUM($G$109:$G$113),2), ROUND(L20*SUM($G$109:$G$112),2) ), "" ) ), "" ) | R20: =IFERROR(ROUND((L20-SUM(P20:Q20))/H20,2),"") | S20: =IF(AND(H20<>"",H20>0), ROUND(H20*R20,2),"") | T20: {=IF(OR(H20="",H20=0), ROUND(_xlfn.XLOOKUP(1,(PRICING[SKU]=A20)*(PRICING[Set]=1),PRICING[Standard Use Rate (oz/M)]),2),ROUND( _xlfn.XLOOKUP( 1, (PRICING[SKU]=A20)* (PRICING[Set]=IF( _xlfn.XLOOKUP(A20,Rebate_Lookup[SKU CODE],Rebate_Lookup[MOQ_2])=0, 1, IF( AND( _xlfn.XLOOKUP(A20,Rebate_Lookup[SKU CODE],Rebate_Lookup[MOQ_3])=0, H20>=_xlfn.XLOOKUP(A20,Rebate_Lookup[SKU CODE],Rebate_Lookup[MOQ_2]) ), 2, IF( AND( H20>=_xlfn.XLOOKUP(A20,Rebate_Lookup[SKU CODE],Rebate_Lookup[MOQ_1]), H20<_xlfn.XLOOKUP(A20,Rebate_Lookup[SKU CODE],Rebate_Lookup[MOQ_2]) ), 1, IF( AND( H20>=_xlfn.XLOOKUP(A20,Rebate_Lookup[SKU CODE],Rebate_Lookup[MOQ_2]), OR( _xlfn.XLOOKUP(A20,Rebate_Lookup[SKU CODE],Rebate_Lookup[MOQ_3])=0, H20<_xlfn.XLOOKUP(A20,Rebate_Lookup[SKU CODE],Rebate_Lookup[MOQ_3]) ) ), 2, IF( OR( AND( _xlfn.XLOOKUP(A20,Rebate_Lookup[SKU CODE],Rebate_Lookup[MOQ_4])=0, H20>=_xlfn.XLOOKUP(A20,Rebate_Lookup[SKU CODE],Rebate_Lookup[MOQ_3]) ), AND( _xlfn.XLOOKUP(A20,Rebate_Lookup[SKU CODE],Rebate_Lookup[MOQ_4])>0, H20>=_xlfn.XLOOKUP(A20,Rebate_Lookup[SKU CODE],Rebate_Lookup[MOQ_3]), H20<_xlfn.XLOOKUP(A20,Rebate_Lookup[SKU CODE],Rebate_Lookup[MOQ_4]) ) ), 3, IF( AND( _xlfn.XLOOKUP(A20,Rebate_Lookup[SKU CODE],Rebate_Lookup[MOQ_4])>0, H20>=_xlfn.XLOOKUP(A20,Rebate_Lookup[SKU CODE],Rebate_Lookup[MOQ_4]) ), 4, 1 ) ) ) ) ) )), PRICING[Standard Use Rate (oz/M)] ), 2 ))} -> 0.36 | U20: =ROUND(T20*43.56,2) -> 15.68 | V20: =IF(AND(TRIM(U20)<>"",TRIM(H20)<>""),ROUND(H20*INDEX(PRICING[Package Ounces],MATCH(A20,PRICING[SKU],0))/U20,2),"") | W20: =IF(H20<>0,ROUND(S20/V20,2),0) -> 0 | X20: =ROUND(W20/43.56,2) -> 0
A21: D00001204 | B21: =H21>0 -> FALSE | D21: {=IFERROR( _xlfn.TEXTJOIN( "; ", TRUE, _xlfn._xlws.FILTER( IF( ISNUMBER(SEARCH("*Ronstar*FLO*",PRICING[Product]))+ ISNUMBER(SEARCH("Altus*",PRICING[Product]))+ ISNUMBER(SEARCH("Kontos*",PRICING[Product])), IF( (PRICING[Min Qty]="")+(PRICING[Min Qty]=0), "1 unit", PRICING[Min Qty]&" units" ), TEXT(PRICING[Rebate $],"$#,##0.00")& " off on "& IF( (PRICING[Min Qty]="")+(PRICING[Min Qty]=0), "1 unit", PRICING[Min Qty]&" units" ) ), (PRICING[SKU]=$A21)* ( ((PRICING[Rebate $]<>"")*(PRICING[Rebate $]<>0)) + ( ( ISNUMBER(SEARCH("*Ronstar*FLO*",PRICING[Product]))+ ISNUMBER(SEARCH("Altus*",PRICING[Product]))+ ISNUMBER(SEARCH("Kontos*",PRICING[Product])) )* (PRICING[Min Qty]<>0) ) ) ) ), "" )} -> $5.00 off on 16+ units | E21: =_xlfn.XLOOKUP(A21, PRICING[SKU], PRICING[Product], "") -> Celsius® WG | F21: =_xlfn.XLOOKUP(A21, PRICING[SKU], PRICING[Size], "") -> 10 oz | G21: =IF(_xlfn.XLOOKUP(A21,PRICING[SKU],PRICING[Indication])="I","Insecticide", IF(_xlfn.XLOOKUP(A21,PRICING[SKU],PRICING[Indication])="H","Herbicide", IF(_xlfn.XLOOKUP(A21,PRICING[SKU],PRICING[Indication])="F","Fungicide", IF(_xlfn.XLOOKUP(A21,PRICING[SKU],PRICING[Indication])="PGR","PGR","")))) -> Herbicide | I21: =INDEX(PRICING[2026 In-Season Price],MATCH(A21,PRICING[SKU],0)) -> 137.2 | J21: =IF(H21*I21= 0,"",H21*I21) | K21: =INDEX(PRICING[NOW Price],MATCH(A21,PRICING[SKU],0)) -> 133.2 | L21: =IF(H21*K21= 0,"",ROUND(H21*K21,2)) | M21: =INDEX(Rebate_Lookup[Instances],MATCH(A21,Rebate_Lookup[SKU CODE],0)) -> 2 | N21: =IF(H21="","",INDEX(Rebate_Lookup[Qualified Rebate Tier],MATCH(A21,Rebate_Lookup[SKU CODE],0))) | O21: =IF(OR(H21="",N21=""),"", IF(N21=1,INDEX(Rebate_Lookup[REB_MOQ_1],MATCH(A21,Rebate_Lookup[SKU CODE],0)), IF(N21=2,INDEX(Rebate_Lookup[REB_MOQ_2],MATCH(A21,Rebate_Lookup[SKU CODE],0)), IF(N21=3,INDEX(Rebate_Lookup[REB_MOQ_3],MATCH(A21,Rebate_Lookup[SKU CODE],0)), IF(N21=4,INDEX(Rebate_Lookup[REB_MOQ_4],MATCH(A21,Rebate_Lookup[SKU CODE],0)), "#err"))))) | P21: =IF(L68>5000,IF(OR(O21=0,O21=""),"",H21*O21),"") | Q21: =IF( H21>0, IF( OR( AND(ISNUMBER(SEARCH("Specticle",E21)),ISNUMBER(SEARCH("FLO",E21))), AND(ISNUMBER(SEARCH("Ronstar",E21)),ISNUMBER(SEARCH("FLO",E21))) ), IF( AND(_xlfn.XLOOKUP(A21,PRICING[SKU],PRICING[October Bonus],FALSE),$R$10="YES"), ROUND(L21*$G$113,2), "N/A" ), IFERROR( IF( _xlfn.XLOOKUP(A21,PRICING[SKU],PRICING[October Bonus],FALSE), ROUND(L21*SUM($G$109:$G$113),2), ROUND(L21*SUM($G$109:$G$112),2) ), "" ) ), "" ) | R21: =IFERROR(ROUND((L21-SUM(P21:Q21))/H21,2),"") | S21: =IF(AND(H21<>"",H21>0), ROUND(H21*R21,2),"") | T21: {=IF(OR(H21="",H21=0), ROUND(_xlfn.XLOOKUP(1,(PRICING[SKU]=A21)*(PRICING[Set]=1),PRICING[Standard Use Rate (oz/M)]),2),ROUND( _xlfn.XLOOKUP( 1, (PRICING[SKU]=A21)* (PRICING[Set]=IF( _xlfn.XLOOKUP(A21,Rebate_Lookup[SKU CODE],Rebate_Lookup[MOQ_2])=0, 1, IF( AND( _xlfn.XLOOKUP(A21,Rebate_Lookup[SKU CODE],Rebate_Lookup[MOQ_3])=0, H21>=_xlfn.XLOOKUP(A21,Rebate_Lookup[SKU CODE],Rebate_Lookup[MOQ_2]) ), 2, IF( AND( H21>=_xlfn.XLOOKUP(A21,Rebate_Lookup[SKU CODE],Rebate_Lookup[MOQ_1]), H21<_xlfn.XLOOKUP(A21,Rebate_Lookup[SKU CODE],Rebate_Lookup[MOQ_2]) ), 1, IF( AND( H21>=_xlfn.XLOOKUP(A21,Rebate_Lookup[SKU CODE],Rebate_Lookup[MOQ_2]), OR( _xlfn.XLOOKUP(A21,Rebate_Lookup[SKU CODE],Rebate_Lookup[MOQ_3])=0, H21<_xlfn.XLOOKUP(A21,Rebate_Lookup[SKU CODE],Rebate_Lookup[MOQ_3]) ) ), 2, IF( OR( AND( _xlfn.XLOOKUP(A21,Rebate_Lookup[SKU CODE],Rebate_Lookup[MOQ_4])=0, H21>=_xlfn.XLOOKUP(A21,Rebate_Lookup[SKU CODE],Rebate_Lookup[MOQ_3]) ), AND( _xlfn.XLOOKUP(A21,Rebate_Lookup[SKU CODE],Rebate_Lookup[MOQ_4])>0, H21>=_xlfn.XLOOKUP(A21,Rebate_Lookup[SKU CODE],Rebate_Lookup[MOQ_3]), H21<_xlfn.XLOOKUP(A21,Rebate_Lookup[SKU CODE],Rebate_Lookup[MOQ_4]) ) ), 3, IF( AND( _xlfn.XLOOKUP(A21,Rebate_Lookup[SKU CODE],Rebate_Lookup[MOQ_4])>0, H21>=_xlfn.XLOOKUP(A21,Rebate_Lookup[SKU CODE],Rebate_Lookup[MOQ_4]) ), 4, 1 ) ) ) ) ) )), PRICING[Standard Use Rate (oz/M)] ), 2 ))} -> 0.08 | U21: =ROUND(T21*43.56,2) -> 3.48 | V21: =IF(AND(TRIM(U21)<>"",TRIM(H21)<>""),ROUND(H21*INDEX(PRICING[Package Ounces],MATCH(A21,PRICING[SKU],0))/U21,2),"") | W21: =IF(H21<>0,ROUND(S21/V21,2),0) -> 0 | X21: =ROUND(W21/43.56,2) -> 0
A22: D00000911 | B22: =H22>0 -> FALSE | D22: {=IFERROR( _xlfn.TEXTJOIN( "; ", TRUE, _xlfn._xlws.FILTER( IF( ISNUMBER(SEARCH("*Ronstar*FLO*",PRICING[Product]))+ ISNUMBER(SEARCH("Altus*",PRICING[Product]))+ ISNUMBER(SEARCH("Kontos*",PRICING[Product])), IF( (PRICING[Min Qty]="")+(PRICING[Min Qty]=0), "1 unit", PRICING[Min Qty]&" units" ), TEXT(PRICING[Rebate $],"$#,##0.00")& " off on "& IF( (PRICING[Min Qty]="")+(PRICING[Min Qty]=0), "1 unit", PRICING[Min Qty]&" units" ) ), (PRICING[SKU]=$A22)* ( ((PRICING[Rebate $]<>"")*(PRICING[Rebate $]<>0)) + ( ( ISNUMBER(SEARCH("*Ronstar*FLO*",PRICING[Product]))+ ISNUMBER(SEARCH("Altus*",PRICING[Product]))+ ISNUMBER(SEARCH("Kontos*",PRICING[Product])) )* (PRICING[Min Qty]<>0) ) ) ) ), "" )} -> $7.00 off on 16+ units | E22: =_xlfn.XLOOKUP(A22, PRICING[SKU], PRICING[Product], "") -> Celsius® XTRA | F22: =_xlfn.XLOOKUP(A22, PRICING[SKU], PRICING[Size], "") -> 10 oz | G22: =IF(_xlfn.XLOOKUP(A22,PRICING[SKU],PRICING[Indication])="I","Insecticide", IF(_xlfn.XLOOKUP(A22,PRICING[SKU],PRICING[Indication])="H","Herbicide", IF(_xlfn.XLOOKUP(A22,PRICING[SKU],PRICING[Indication])="F","Fungicide", IF(_xlfn.XLOOKUP(A22,PRICING[SKU],PRICING[Indication])="PGR","PGR","")))) -> Herbicide | I22: =INDEX(PRICING[2026 In-Season Price],MATCH(A22,PRICING[SKU],0)) -> 165.3 | J22: =IF(H22*I22= 0,"",H22*I22) | K22: =INDEX(PRICING[NOW Price],MATCH(A22,PRICING[SKU],0)) -> 165.3 | L22: =IF(H22*K22= 0,"",ROUND(H22*K22,2)) | M22: =INDEX(Rebate_Lookup[Instances],MATCH(A22,Rebate_Lookup[SKU CODE],0)) -> 2 | N22: =IF(H22="","",INDEX(Rebate_Lookup[Qualified Rebate Tier],MATCH(A22,Rebate_Lookup[SKU CODE],0))) | O22: =IF(OR(H22="",N22=""),"", IF(N22=1,INDEX(Rebate_Lookup[REB_MOQ_1],MATCH(A22,Rebate_Lookup[SKU CODE],0)), IF(N22=2,INDEX(Rebate_Lookup[REB_MOQ_2],MATCH(A22,Rebate_Lookup[SKU CODE],0)), IF(N22=3,INDEX(Rebate_Lookup[REB_MOQ_3],MATCH(A22,Rebate_Lookup[SKU CODE],0)), IF(N22=4,INDEX(Rebate_Lookup[REB_MOQ_4],MATCH(A22,Rebate_Lookup[SKU CODE],0)), "#err"))))) | P22: =IF(L68>5000,IF(OR(O22=0,O22=""),"",H22*O22),"") | Q22: =IF( H22>0, IF( OR( AND(ISNUMBER(SEARCH("Specticle",E22)),ISNUMBER(SEARCH("FLO",E22))), AND(ISNUMBER(SEARCH("Ronstar",E22)),ISNUMBER(SEARCH("FLO",E22))) ), IF( AND(_xlfn.XLOOKUP(A22,PRICING[SKU],PRICING[October Bonus],FALSE),$R$10="YES"), ROUND(L22*$G$113,2), "N/A" ), IFERROR( IF( _xlfn.XLOOKUP(A22,PRICING[SKU],PRICING[October Bonus],FALSE), ROUND(L22*SUM($G$109:$G$113),2), ROUND(L22*SUM($G$109:$G$112),2) ), "" ) ), "" ) | R22: =IFERROR(ROUND((L22-SUM(P22:Q22))/H22,2),"") | S22: =IF(AND(H22<>"",H22>0), ROUND(H22*R22,2),"") | T22: {=IF(OR(H22="",H22=0), ROUND(_xlfn.XLOOKUP(1,(PRICING[SKU]=A22)*(PRICING[Set]=1),PRICING[Standard Use Rate (oz/M)]),2),ROUND( _xlfn.XLOOKUP( 1, (PRICING[SKU]=A22)* (PRICING[Set]=IF( _xlfn.XLOOKUP(A22,Rebate_Lookup[SKU CODE],Rebate_Lookup[MOQ_2])=0, 1, IF( AND( _xlfn.XLOOKUP(A22,Rebate_Lookup[SKU CODE],Rebate_Lookup[MOQ_3])=0, H22>=_xlfn.XLOOKUP(A22,Rebate_Lookup[SKU CODE],Rebate_Lookup[MOQ_2]) ), 2, IF( AND( H22>=_xlfn.XLOOKUP(A22,Rebate_Lookup[SKU CODE],Rebate_Lookup[MOQ_1]), H22<_xlfn.XLOOKUP(A22,Rebate_Lookup[SKU CODE],Rebate_Lookup[MOQ_2]) ), 1, IF( AND( H22>=_xlfn.XLOOKUP(A22,Rebate_Lookup[SKU CODE],Rebate_Lookup[MOQ_2]), OR( _xlfn.XLOOKUP(A22,Rebate_Lookup[SKU CODE],Rebate_Lookup[MOQ_3])=0, H22<_xlfn.XLOOKUP(A22,Rebate_Lookup[SKU CODE],Rebate_Lookup[MOQ_3]) ) ), 2, IF( OR( AND( _xlfn.XLOOKUP(A22,Rebate_Lookup[SKU CODE],Rebate_Lookup[MOQ_4])=0, H22>=_xlfn.XLOOKUP(A22,Rebate_Lookup[SKU CODE],Rebate_Lookup[MOQ_3]) ), AND( _xlfn.XLOOKUP(A22,Rebate_Lookup[SKU CODE],Rebate_Lookup[MOQ_4])>0, H22>=_xlfn.XLOOKUP(A22,Rebate_Lookup[SKU CODE],Rebate_Lookup[MOQ_3]), H22<_xlfn.XLOOKUP(A22,Rebate_Lookup[SKU CODE],Rebate_Lookup[MOQ_4]) ) ), 3, IF( AND( _xlfn.XLOOKUP(A22,Rebate_Lookup[SKU CODE],Rebate_Lookup[MOQ_4])>0, H22>=_xlfn.XLOOKUP(A22,Rebate_Lookup[SKU CODE],Rebate_Lookup[MOQ_4]) ), 4, 1 ) ) ) ) ) )), PRICING[Standard Use Rate (oz/M)] ), 2 ))} -> 0.17 | U22: =ROUND(T22*43.56,2) -> 7.41 | V22: =IF(AND(TRIM(U22)<>"",TRIM(H22)<>""),ROUND(H22*INDEX(PRICING[Package Ounces],MATCH(A22,PRICING[SKU],0))/U22,2),"") | W22: =IF(H22<>0,ROUND(S22/V22,2),0) -> 0 | X22: =ROUND(W22/43.56,2) -> 0
A23: D00000914 | B23: =H23>0 -> FALSE | D23: {=IFERROR( _xlfn.TEXTJOIN( "; ", TRUE, _xlfn._xlws.FILTER( IF( ISNUMBER(SEARCH("*Ronstar*FLO*",PRICING[Product]))+ ISNUMBER(SEARCH("Altus*",PRICING[Product]))+ ISNUMBER(SEARCH("Kontos*",PRICING[Product])), IF( (PRICING[Min Qty]="")+(PRICING[Min Qty]=0), "1 unit", PRICING[Min Qty]&" units" ), TEXT(PRICING[Rebate $],"$#,##0.00")& " off on "& IF( (PRICING[Min Qty]="")+(PRICING[Min Qty]=0), "1 unit", PRICING[Min Qty]&" units" ) ), (PRICING[SKU]=$A23)* ( ((PRICING[Rebate $]<>"")*(PRICING[Rebate $]<>0)) + ( ( ISNUMBER(SEARCH("*Ronstar*FLO*",PRICING[Product]))+ ISNUMBER(SEARCH("Altus*",PRICING[Product]))+ ISNUMBER(SEARCH("Kontos*",PRICING[Product])) )* (PRICING[Min Qty]<>0) ) ) ) ), "" )} -> $8.00 off on 1-11 units; $24.00 off on 12+ units | E23: =_xlfn.XLOOKUP(A23, PRICING[SKU], PRICING[Product], "") -> Chipco® Signature™ | F23: =_xlfn.XLOOKUP(A23, PRICING[SKU], PRICING[Size], "") -> 11 lb | G23: =IF(_xlfn.XLOOKUP(A23,PRICING[SKU],PRICING[Indication])="I","Insecticide", IF(_xlfn.XLOOKUP(A23,PRICING[SKU],PRICING[Indication])="H","Herbicide", IF(_xlfn.XLOOKUP(A23,PRICING[SKU],PRICING[Indication])="F","Fungicide", IF(_xlfn.XLOOKUP(A23,PRICING[SKU],PRICING[Indication])="PGR","PGR","")))) -> Fungicide | I23: =INDEX(PRICING[2026 In-Season Price],MATCH(A23,PRICING[SKU],0)) -> 431.64 | J23: =IF(H23*I23= 0,"",H23*I23) | K23: =INDEX(PRICING[NOW Price],MATCH(A23,PRICING[SKU],0)) -> 431.64 | L23: =IF(H23*K23= 0,"",ROUND(H23*K23,2)) | M23: =INDEX(Rebate_Lookup[Instances],MATCH(A23,Rebate_Lookup[SKU CODE],0)) -> 2 | N23: =IF(H23="","",INDEX(Rebate_Lookup[Qualified Rebate Tier],MATCH(A23,Rebate_Lookup[SKU CODE],0))) | O23: =IF(OR(H23="",N23=""),"", IF(N23=1,INDEX(Rebate_Lookup[REB_MOQ_1],MATCH(A23,Rebate_Lookup[SKU CODE],0)), IF(N23=2,INDEX(Rebate_Lookup[REB_MOQ_2],MATCH(A23,Rebate_Lookup[SKU CODE],0)), IF(N23=3,INDEX(Rebate_Lookup[REB_MOQ_3],MATCH(A23,Rebate_Lookup[SKU CODE],0)), IF(N23=4,INDEX(Rebate_Lookup[REB_MOQ_4],MATCH(A23,Rebate_Lookup[SKU CODE],0)), "#err"))))) | P23: =IF(L68>5000,IF(OR(O23=0,O23=""),"",H23*O23),"") | Q23: =IF( H23>0, IF( OR( AND(ISNUMBER(SEARCH("Specticle",E23)),ISNUMBER(SEARCH("FLO",E23))), AND(ISNUMBER(SEARCH("Ronstar",E23)),ISNUMBER(SEARCH("FLO",E23))) ), IF( AND(_xlfn.XLOOKUP(A23,PRICING[SKU],PRICING[October Bonus],FALSE),$R$10="YES"), ROUND(L23*$G$113,2), "N/A" ), IFERROR( IF( _xlfn.XLOOKUP(A23,PRICING[SKU],PRICING[October Bonus],FALSE), ROUND(L23*SUM($G$109:$G$113),2), ROUND(L23*SUM($G$109:$G$112),2) ), "" ) ), "" ) | R23: =IFERROR(ROUND((L23-SUM(P23:Q23))/H23,2),"") | S23: =IF(AND(H23<>"",H23>0), ROUND(H23*R23,2),"") | T23: {=IF(OR(H23="",H23=0), ROUND(_xlfn.XLOOKUP(1,(PRICING[SKU]=A23)*(PRICING[Set]=1),PRICING[Standard Use Rate (oz/M)]),2),ROUND( _xlfn.XLOOKUP( 1, (PRICING[SKU]=A23)* (PRICING[Set]=IF( _xlfn.XLOOKUP(A23,Rebate_Lookup[SKU CODE],Rebate_Lookup[MOQ_2])=0, 1, IF( AND( _xlfn.XLOOKUP(A23,Rebate_Lookup[SKU CODE],Rebate_Lookup[MOQ_3])=0, H23>=_xlfn.XLOOKUP(A23,Rebate_Lookup[SKU CODE],Rebate_Lookup[MOQ_2]) ), 2, IF( AND( H23>=_xlfn.XLOOKUP(A23,Rebate_Lookup[SKU CODE],Rebate_Lookup[MOQ_1]), H23<_xlfn.XLOOKUP(A23,Rebate_Lookup[SKU CODE],Rebate_Lookup[MOQ_2]) ), 1, IF( AND( H23>=_xlfn.XLOOKUP(A23,Rebate_Lookup[SKU CODE],Rebate_Lookup[MOQ_2]), OR( _xlfn.XLOOKUP(A23,Rebate_Lookup[SKU CODE],Rebate_Lookup[MOQ_3])=0, H23<_xlfn.XLOOKUP(A23,Rebate_Lookup[SKU CODE],Rebate_Lookup[MOQ_3]) ) ), 2, IF( OR( AND( _xlfn.XLOOKUP(A23,Rebate_Lookup[SKU CODE],Rebate_Lookup[MOQ_4])=0, H23>=_xlfn.XLOOKUP(A23,Rebate_Lookup[SKU CODE],Rebate_Lookup[MOQ_3]) ), AND( _xlfn.XLOOKUP(A23,Rebate_Lookup[SKU CODE],Rebate_Lookup[MOQ_4])>0, H23>=_xlfn.XLOOKUP(A23,Rebate_Lookup[SKU CODE],Rebate_Lookup[MOQ_3]), H23<_xlfn.XLOOKUP(A23,Rebate_Lookup[SKU CODE],Rebate_Lookup[MOQ_4]) ) ), 3, IF( AND( _xlfn.XLOOKUP(A23,Rebate_Lookup[SKU CODE],Rebate_Lookup[MOQ_4])>0, H23>=_xlfn.XLOOKUP(A23,Rebate_Lookup[SKU CODE],Rebate_Lookup[MOQ_4]) ), 4, 1 ) ) ) ) ) )), PRICING[Standard Use Rate (oz/M)] ), 2 ))} -> 4 | U23: =ROUND(T23*43.56,2) -> 174.24 | V23: =IF(AND(TRIM(U23)<>"",TRIM(H23)<>""),ROUND(H23*INDEX(PRICING[Package Ounces],MATCH(A23,PRICING[SKU],0))/U23,2),"") | W23: =IF(H23<>0,ROUND(S23/V23,2),0) -> 0 | X23: =ROUND(W23/43.56,2) -> 0
A24: D00001373 | B24: =H24>0 -> FALSE | D24: {=IFERROR( _xlfn.TEXTJOIN( "; ", TRUE, _xlfn._xlws.FILTER( IF( ISNUMBER(SEARCH("*Ronstar*FLO*",PRICING[Product]))+ ISNUMBER(SEARCH("Altus*",PRICING[Product]))+ ISNUMBER(SEARCH("Kontos*",PRICING[Product])), IF( (PRICING[Min Qty]="")+(PRICING[Min Qty]=0), "1 unit", PRICING[Min Qty]&" units" ), TEXT(PRICING[Rebate $],"$#,##0.00")& " off on "& IF( (PRICING[Min Qty]="")+(PRICING[Min Qty]=0), "1 unit", PRICING[Min Qty]&" units" ) ), (PRICING[SKU]=$A24)* ( ((PRICING[Rebate $]<>"")*(PRICING[Rebate $]<>0)) + ( ( ISNUMBER(SEARCH("*Ronstar*FLO*",PRICING[Product]))+ ISNUMBER(SEARCH("Altus*",PRICING[Product]))+ ISNUMBER(SEARCH("Kontos*",PRICING[Product])) )* (PRICING[Min Qty]<>0) ) ) ) ), "" )} -> $100.00 off on 1-2 units; $150.00 off on 3+ units | E24: =_xlfn.XLOOKUP(A24, PRICING[SKU], PRICING[Product], "") -> Densicor® | F24: =_xlfn.XLOOKUP(A24, PRICING[SKU], PRICING[Size], "") -> 51 oz | G24: =IF(_xlfn.XLOOKUP(A24,PRICING[SKU],PRICING[Indication])="I","Insecticide", IF(_xlfn.XLOOKUP(A24,PRICING[SKU],PRICING[Indication])="H","Herbicide", IF(_xlfn.XLOOKUP(A24,PRICING[SKU],PRICING[Indication])="F","Fungicide", IF(_xlfn.XLOOKUP(A24,PRICING[SKU],PRICING[Indication])="PGR","PGR","")))) -> Fungicide | I24: =INDEX(PRICING[2026 In-Season Price],MATCH(A24,PRICING[SKU],0)) -> 712.98 | J24: =IF(H24*I24= 0,"",H24*I24) | K24: =INDEX(PRICING[NOW Price],MATCH(A24,PRICING[SKU],0)) -> 712.98 | L24: =IF(H24*K24= 0,"",ROUND(H24*K24,2)) | M24: =INDEX(Rebate_Lookup[Instances],MATCH(A24,Rebate_Lookup[SKU CODE],0)) -> 2 | N24: =IF(H24="","",INDEX(Rebate_Lookup[Qualified Rebate Tier],MATCH(A24,Rebate_Lookup[SKU CODE],0))) | O24: =IF(OR(H24="",N24=""),"", IF(N24=1,INDEX(Rebate_Lookup[REB_MOQ_1],MATCH(A24,Rebate_Lookup[SKU CODE],0)), IF(N24=2,INDEX(Rebate_Lookup[REB_MOQ_2],MATCH(A24,Rebate_Lookup[SKU CODE],0)), IF(N24=3,INDEX(Rebate_Lookup[REB_MOQ_3],MATCH(A24,Rebate_Lookup[SKU CODE],0)), IF(N24=4,INDEX(Rebate_Lookup[REB_MOQ_4],MATCH(A24,Rebate_Lookup[SKU CODE],0)), "#err"))))) | P24: =IF(L68>5000,IF(OR(O24=0,O24=""),"",H24*O24),"") | Q24: =IF( H24>0, IF( OR( AND(ISNUMBER(SEARCH("Specticle",E24)),ISNUMBER(SEARCH("FLO",E24))), AND(ISNUMBER(SEARCH("Ronstar",E24)),ISNUMBER(SEARCH("FLO",E24))) ), IF( AND(_xlfn.XLOOKUP(A24,PRICING[SKU],PRICING[October Bonus],FALSE),$R$10="YES"), ROUND(L24*$G$113,2), "N/A" ), IFERROR( IF( _xlfn.XLOOKUP(A24,PRICING[SKU],PRICING[October Bonus],FALSE), ROUND(L24*SUM($G$109:$G$113),2), ROUND(L24*SUM($G$109:$G$112),2) ), "" ) ), "" ) | R24: =IFERROR(ROUND((L24-SUM(P24:Q24))/H24,2),"") | S24: =IF(AND(H24<>"",H24>0), ROUND(H24*R24,2),"") | T24: {=IF(OR(H24="",H24=0), ROUND(_xlfn.XLOOKUP(1,(PRICING[SKU]=A24)*(PRICING[Set]=1),PRICING[Standard Use Rate (oz/M)]),2),ROUND( _xlfn.XLOOKUP( 1, (PRICING[SKU]=A24)* (PRICING[Set]=IF( _xlfn.XLOOKUP(A24,Rebate_Lookup[SKU CODE],Rebate_Lookup[MOQ_2])=0, 1, IF( AND( _xlfn.XLOOKUP(A24,Rebate_Lookup[SKU CODE],Rebate_Lookup[MOQ_3])=0, H24>=_xlfn.XLOOKUP(A24,Rebate_Lookup[SKU CODE],Rebate_Lookup[MOQ_2]) ), 2, IF( AND( H24>=_xlfn.XLOOKUP(A24,Rebate_Lookup[SKU CODE],Rebate_Lookup[MOQ_1]), H24<_xlfn.XLOOKUP(A24,Rebate_Lookup[SKU CODE],Rebate_Lookup[MOQ_2]) ), 1, IF( AND( H24>=_xlfn.XLOOKUP(A24,Rebate_Lookup[SKU CODE],Rebate_Lookup[MOQ_2]), OR( _xlfn.XLOOKUP(A24,Rebate_Lookup[SKU CODE],Rebate_Lookup[MOQ_3])=0, H24<_xlfn.XLOOKUP(A24,Rebate_Lookup[SKU CODE],Rebate_Lookup[MOQ_3]) ) ), 2, IF( OR( AND( _xlfn.XLOOKUP(A24,Rebate_Lookup[SKU CODE],Rebate_Lookup[MOQ_4])=0, H24>=_xlfn.XLOOKUP(A24,Rebate_Lookup[SKU CODE],Rebate_Lookup[MOQ_3]) ), AND( _xlfn.XLOOKUP(A24,Rebate_Lookup[SKU CODE],Rebate_Lookup[MOQ_4])>0, H24>=_xlfn.XLOOKUP(A24,Rebate_Lookup[SKU CODE],Rebate_Lookup[MOQ_3]), H24<_xlfn.XLOOKUP(A24,Rebate_Lookup[SKU CODE],Rebate_Lookup[MOQ_4]) ) ), 3, IF( AND( _xlfn.XLOOKUP(A24,Rebate_Lookup[SKU CODE],Rebate_Lookup[MOQ_4])>0, H24>=_xlfn.XLOOKUP(A24,Rebate_Lookup[SKU CODE],Rebate_Lookup[MOQ_4]) ), 4, 1 ) ) ) ) ) )), PRICING[Standard Use Rate (oz/M)] ), 2 ))} -> 0.2 | U24: =ROUND(T24*43.56,2) -> 8.71 | V24: =IF(AND(TRIM(U24)<>"",TRIM(H24)<>""),ROUND(H24*INDEX(PRICING[Package Ounces],MATCH(A24,PRICING[SKU],0))/U24,2),"") | W24: =IF(H24<>0,ROUND(S24/V24,2),0) -> 0 | X24: =ROUND(W24/43.56,2) -> 0
A25: 11008409 | B25: =H25>0 -> FALSE | D25: {=IFERROR( _xlfn.TEXTJOIN( "; ", TRUE, _xlfn._xlws.FILTER( IF( ISNUMBER(SEARCH("*Ronstar*FLO*",PRICING[Product]))+ ISNUMBER(SEARCH("Altus*",PRICING[Product]))+ ISNUMBER(SEARCH("Kontos*",PRICING[Product])), IF( (PRICING[Min Qty]="")+(PRICING[Min Qty]=0), "1 unit", PRICING[Min Qty]&" units" ), TEXT(PRICING[Rebate $],"$#,##0.00")& " off on "& IF( (PRICING[Min Qty]="")+(PRICING[Min Qty]=0), "1 unit", PRICING[Min Qty]&" units" ) ), (PRICING[SKU]=$A25)* ( ((PRICING[Rebate $]<>"")*(PRICING[Rebate $]<>0)) + ( ( ISNUMBER(SEARCH("*Ronstar*FLO*",PRICING[Product]))+ ISNUMBER(SEARCH("Altus*",PRICING[Product]))+ ISNUMBER(SEARCH("Kontos*",PRICING[Product])) )* (PRICING[Min Qty]<>0) ) ) ) ), "" )} -> $5.00 off on 1 unit | E25: =_xlfn.XLOOKUP(A25, PRICING[SKU], PRICING[Product], "") -> Dismiss® NXT Herbicide | F25: =_xlfn.XLOOKUP(A25, PRICING[SKU], PRICING[Size], "") -> 10 oz | G25: =IF(_xlfn.XLOOKUP(A25,PRICING[SKU],PRICING[Indication])="I","Insecticide", IF(_xlfn.XLOOKUP(A25,PRICING[SKU],PRICING[Indication])="H","Herbicide", IF(_xlfn.XLOOKUP(A25,PRICING[SKU],PRICING[Indication])="F","Fungicide", IF(_xlfn.XLOOKUP(A25,PRICING[SKU],PRICING[Indication])="PGR","PGR","")))) -> Herbicide | I25: =INDEX(PRICING[2026 In-Season Price],MATCH(A25,PRICING[SKU],0)) -> 99.1 | J25: =IF(H25*I25= 0,"",H25*I25) | K25: =INDEX(PRICING[NOW Price],MATCH(A25,PRICING[SKU],0)) -> 94.3 | L25: =IF(H25*K25= 0,"",ROUND(H25*K25,2)) | M25: =INDEX(Rebate_Lookup[Instances],MATCH(A25,Rebate_Lookup[SKU CODE],0)) -> 1 | N25: =IF(H25="","",INDEX(Rebate_Lookup[Qualified Rebate Tier],MATCH(A25,Rebate_Lookup[SKU CODE],0))) | O25: =IF(OR(H25="",N25=""),"", IF(N25=1,INDEX(Rebate_Lookup[REB_MOQ_1],MATCH(A25,Rebate_Lookup[SKU CODE],0)), IF(N25=2,INDEX(Rebate_Lookup[REB_MOQ_2],MATCH(A25,Rebate_Lookup[SKU CODE],0)), IF(N25=3,INDEX(Rebate_Lookup[REB_MOQ_3],MATCH(A25,Rebate_Lookup[SKU CODE],0)), IF(N25=4,INDEX(Rebate_Lookup[REB_MOQ_4],MATCH(A25,Rebate_Lookup[SKU CODE],0)), "#err"))))) | P25: =IF(L68>5000,IF(OR(O25=0,O25=""),"",H25*O25),"") | Q25: =IF( H25>0, IF( OR( AND(ISNUMBER(SEARCH("Specticle",E25)),ISNUMBER(SEARCH("FLO",E25))), AND(ISNUMBER(SEARCH("Ronstar",E25)),ISNUMBER(SEARCH("FLO",E25))) ), IF( AND(_xlfn.XLOOKUP(A25,PRICING[SKU],PRICING[October Bonus],FALSE),$R$10="YES"), ROUND(L25*$G$113,2), "N/A" ), IFERROR( IF( _xlfn.XLOOKUP(A25,PRICING[SKU],PRICING[October Bonus],FALSE), ROUND(L25*SUM($G$109:$G$113),2), ROUND(L25*SUM($G$109:$G$112),2) ), "" ) ), "" ) | R25: =IFERROR(ROUND((L25-SUM(P25:Q25))/H25,2),"") | S25: =IF(AND(H25<>"",H25>0), ROUND(H25*R25,2),"") | T25: {=IF(OR(H25="",H25=0), ROUND(_xlfn.XLOOKUP(1,(PRICING[SKU]=A25)*(PRICING[Set]=1),PRICING[Standard Use Rate (oz/M)]),2),ROUND( _xlfn.XLOOKUP( 1, (PRICING[SKU]=A25)* (PRICING[Set]=IF( _xlfn.XLOOKUP(A25,Rebate_Lookup[SKU CODE],Rebate_Lookup[MOQ_2])=0, 1, IF( AND( _xlfn.XLOOKUP(A25,Rebate_Lookup[SKU CODE],Rebate_Lookup[MOQ_3])=0, H25>=_xlfn.XLOOKUP(A25,Rebate_Lookup[SKU CODE],Rebate_Lookup[MOQ_2]) ), 2, IF( AND( H25>=_xlfn.XLOOKUP(A25,Rebate_Lookup[SKU CODE],Rebate_Lookup[MOQ_1]), H25<_xlfn.XLOOKUP(A25,Rebate_Lookup[SKU CODE],Rebate_Lookup[MOQ_2]) ), 1, IF( AND( H25>=_xlfn.XLOOKUP(A25,Rebate_Lookup[SKU CODE],Rebate_Lookup[MOQ_2]), OR( _xlfn.XLOOKUP(A25,Rebate_Lookup[SKU CODE],Rebate_Lookup[MOQ_3])=0, H25<_xlfn.XLOOKUP(A25,Rebate_Lookup[SKU CODE],Rebate_Lookup[MOQ_3]) ) ), 2, IF( OR( AND( _xlfn.XLOOKUP(A25,Rebate_Lookup[SKU CODE],Rebate_Lookup[MOQ_4])=0, H25>=_xlfn.XLOOKUP(A25,Rebate_Lookup[SKU CODE],Rebate_Lookup[MOQ_3]) ), AND( _xlfn.XLOOKUP(A25,Rebate_Lookup[SKU CODE],Rebate_Lookup[MOQ_4])>0, H25>=_xlfn.XLOOKUP(A25,Rebate_Lookup[SKU CODE],Rebate_Lookup[MOQ_3]), H25<_xlfn.XLOOKUP(A25,Rebate_Lookup[SKU CODE],Rebate_Lookup[MOQ_4]) ) ), 3, IF( AND( _xlfn.XLOOKUP(A25,Rebate_Lookup[SKU CODE],Rebate_Lookup[MOQ_4])>0, H25>=_xlfn.XLOOKUP(A25,Rebate_Lookup[SKU CODE],Rebate_Lookup[MOQ_4]) ), 4, 1 ) ) ) ) ) )), PRICING[Standard Use Rate (oz/M)] ), 2 ))} -> 0.23 | U25: =ROUND(T25*43.56,2) -> 10.02 | V25: =IF(AND(TRIM(U25)<>"",TRIM(H25)<>""),ROUND(H25*INDEX(PRICING[Package Ounces],MATCH(A25,PRICING[SKU],0))/U25,2),"") | W25: =IF(H25<>0,ROUND(S25/V25,2),0) -> 0 | X25: =ROUND(W25/43.56,2) -> 0
A26: 11008589 | B26: =H26>0 -> FALSE | D26: {=IFERROR( _xlfn.TEXTJOIN( "; ", TRUE, _xlfn._xlws.FILTER( IF( ISNUMBER(SEARCH("*Ronstar*FLO*",PRICING[Product]))+ ISNUMBER(SEARCH("Altus*",PRICING[Product]))+ ISNUMBER(SEARCH("Kontos*",PRICING[Product])), IF( (PRICING[Min Qty]="")+(PRICING[Min Qty]=0), "1 unit", PRICING[Min Qty]&" units" ), TEXT(PRICING[Rebate $],"$#,##0.00")& " off on "& IF( (PRICING[Min Qty]="")+(PRICING[Min Qty]=0), "1 unit", PRICING[Min Qty]&" units" ) ), (PRICING[SKU]=$A26)* ( ((PRICING[Rebate $]<>"")*(PRICING[Rebate $]<>0)) + ( ( ISNUMBER(SEARCH("*Ronstar*FLO*",PRICING[Product]))+ ISNUMBER(SEARCH("Altus*",PRICING[Product]))+ ISNUMBER(SEARCH("Kontos*",PRICING[Product])) )* (PRICING[Min Qty]<>0) ) ) ) ), "" )} -> $24.00 off on 1-3 units; $58.00 off on 4+ units | E26: =_xlfn.XLOOKUP(A26, PRICING[SKU], PRICING[Product], "") -> Dismiss® NXT Herbicide | F26: =_xlfn.XLOOKUP(A26, PRICING[SKU], PRICING[Size], "") -> 60 oz | G26: =IF(_xlfn.XLOOKUP(A26,PRICING[SKU],PRICING[Indication])="I","Insecticide", IF(_xlfn.XLOOKUP(A26,PRICING[SKU],PRICING[Indication])="H","Herbicide", IF(_xlfn.XLOOKUP(A26,PRICING[SKU],PRICING[Indication])="F","Fungicide", IF(_xlfn.XLOOKUP(A26,PRICING[SKU],PRICING[Indication])="PGR","PGR","")))) -> Herbicide | I26: =INDEX(PRICING[2026 In-Season Price],MATCH(A26,PRICING[SKU],0)) -> 528 | J26: =IF(H26*I26= 0,"",H26*I26) | K26: =INDEX(PRICING[NOW Price],MATCH(A26,PRICING[SKU],0)) -> 512.4 | L26: =IF(H26*K26= 0,"",ROUND(H26*K26,2)) | M26: =INDEX(Rebate_Lookup[Instances],MATCH(A26,Rebate_Lookup[SKU CODE],0)) -> 2 | N26: =IF(H26="","",INDEX(Rebate_Lookup[Qualified Rebate Tier],MATCH(A26,Rebate_Lookup[SKU CODE],0))) | O26: =IF(OR(H26="",N26=""),"", IF(N26=1,INDEX(Rebate_Lookup[REB_MOQ_1],MATCH(A26,Rebate_Lookup[SKU CODE],0)), IF(N26=2,INDEX(Rebate_Lookup[REB_MOQ_2],MATCH(A26,Rebate_Lookup[SKU CODE],0)), IF(N26=3,INDEX(Rebate_Lookup[REB_MOQ_3],MATCH(A26,Rebate_Lookup[SKU CODE],0)), IF(N26=4,INDEX(Rebate_Lookup[REB_MOQ_4],MATCH(A26,Rebate_Lookup[SKU CODE],0)), "#err"))))) | P26: =IF(L68>5000,IF(OR(O26=0,O26=""),"",H26*O26),"") | Q26: =IF( H26>0, IF( OR( AND(ISNUMBER(SEARCH("Specticle",E26)),ISNUMBER(SEARCH("FLO",E26))), AND(ISNUMBER(SEARCH("Ronstar",E26)),ISNUMBER(SEARCH("FLO",E26))) ), IF( AND(_xlfn.XLOOKUP(A26,PRICING[SKU],PRICING[October Bonus],FALSE),$R$10="YES"), ROUND(L26*$G$113,2), "N/A" ), IFERROR( IF( _xlfn.XLOOKUP(A26,PRICING[SKU],PRICING[October Bonus],FALSE), ROUND(L26*SUM($G$109:$G$113),2), ROUND(L26*SUM($G$109:$G$112),2) ), "" ) ), "" ) | R26: =IFERROR(ROUND((L26-SUM(P26:Q26))/H26,2),"") | S26: =IF(AND(H26<>"",H26>0), ROUND(H26*R26,2),"") | T26: {=IF(OR(H26="",H26=0), ROUND(_xlfn.XLOOKUP(1,(PRICING[SKU]=A26)*(PRICING[Set]=1),PRICING[Standard Use Rate (oz/M)]),2),ROUND( _xlfn.XLOOKUP( 1, (PRICING[SKU]=A26)* (PRICING[Set]=IF( _xlfn.XLOOKUP(A26,Rebate_Lookup[SKU CODE],Rebate_Lookup[MOQ_2])=0, 1, IF( AND( _xlfn.XLOOKUP(A26,Rebate_Lookup[SKU CODE],Rebate_Lookup[MOQ_3])=0, H26>=_xlfn.XLOOKUP(A26,Rebate_Lookup[SKU CODE],Rebate_Lookup[MOQ_2]) ), 2, IF( AND( H26>=_xlfn.XLOOKUP(A26,Rebate_Lookup[SKU CODE],Rebate_Lookup[MOQ_1]), H26<_xlfn.XLOOKUP(A26,Rebate_Lookup[SKU CODE],Rebate_Lookup[MOQ_2]) ), 1, IF( AND( H26>=_xlfn.XLOOKUP(A26,Rebate_Lookup[SKU CODE],Rebate_Lookup[MOQ_2]), OR( _xlfn.XLOOKUP(A26,Rebate_Lookup[SKU CODE],Rebate_Lookup[MOQ_3])=0, H26<_xlfn.XLOOKUP(A26,Rebate_Lookup[SKU CODE],Rebate_Lookup[MOQ_3]) ) ), 2, IF( OR( AND( _xlfn.XLOOKUP(A26,Rebate_Lookup[SKU CODE],Rebate_Lookup[MOQ_4])=0, H26>=_xlfn.XLOOKUP(A26,Rebate_Lookup[SKU CODE],Rebate_Lookup[MOQ_3]) ), AND( _xlfn.XLOOKUP(A26,Rebate_Lookup[SKU CODE],Rebate_Lookup[MOQ_4])>0, H26>=_xlfn.XLOOKUP(A26,Rebate_Lookup[SKU CODE],Rebate_Lookup[MOQ_3]), H26<_xlfn.XLOOKUP(A26,Rebate_Lookup[SKU CODE],Rebate_Lookup[MOQ_4]) ) ), 3, IF( AND( _xlfn.XLOOKUP(A26,Rebate_Lookup[SKU CODE],Rebate_Lookup[MOQ_4])>0, H26>=_xlfn.XLOOKUP(A26,Rebate_Lookup[SKU CODE],Rebate_Lookup[MOQ_4]) ), 4, 1 ) ) ) ) ) )), PRICING[Standard Use Rate (oz/M)] ), 2 ))} -> 0.23 | U26: =ROUND(T26*43.56,2) -> 10.02 | V26: =IF(AND(TRIM(U26)<>"",TRIM(H26)<>""),ROUND(H26*INDEX(PRICING[Package Ounces],MATCH(A26,PRICING[SKU],0))/U26,2),"") | W26: =IF(H26<>0,ROUND(S26/V26,2),0) -> 0 | X26: =ROUND(W26/43.56,2) -> 0
A27: 11015390 | B27: =H27>0 -> FALSE | D27: {=IFERROR( _xlfn.TEXTJOIN( "; ", TRUE, _xlfn._xlws.FILTER( IF( ISNUMBER(SEARCH("*Ronstar*FLO*",PRICING[Product]))+ ISNUMBER(SEARCH("Altus*",PRICING[Product]))+ ISNUMBER(SEARCH("Kontos*",PRICING[Product])), IF( (PRICING[Min Qty]="")+(PRICING[Min Qty]=0), "1 unit", PRICING[Min Qty]&" units" ), TEXT(PRICING[Rebate $],"$#,##0.00")& " off on "& IF( (PRICING[Min Qty]="")+(PRICING[Min Qty]=0), "1 unit", PRICING[Min Qty]&" units" ) ), (PRICING[SKU]=$A27)* ( ((PRICING[Rebate $]<>"")*(PRICING[Rebate $]<>0)) + ( ( ISNUMBER(SEARCH("*Ronstar*FLO*",PRICING[Product]))+ ISNUMBER(SEARCH("Altus*",PRICING[Product]))+ ISNUMBER(SEARCH("Kontos*",PRICING[Product])) )* (PRICING[Min Qty]<>0) ) ) ) ), "" )} -> $185.00 off on 4+ units | E27: =_xlfn.XLOOKUP(A27, PRICING[SKU], PRICING[Product], "") -> Durentis® Insecticide | F27: =_xlfn.XLOOKUP(A27, PRICING[SKU], PRICING[Size], "") -> 16 oz | G27: =IF(_xlfn.XLOOKUP(A27,PRICING[SKU],PRICING[Indication])="I","Insecticide", IF(_xlfn.XLOOKUP(A27,PRICING[SKU],PRICING[Indication])="H","Herbicide", IF(_xlfn.XLOOKUP(A27,PRICING[SKU],PRICING[Indication])="F","Fungicide", IF(_xlfn.XLOOKUP(A27,PRICING[SKU],PRICING[Indication])="PGR","PGR","")))) -> Insecticide | I27: =INDEX(PRICING[2026 In-Season Price],MATCH(A27,PRICING[SKU],0)) -> 658.72 | J27: =IF(H27*I27= 0,"",H27*I27) | K27: =INDEX(PRICING[NOW Price],MATCH(A27,PRICING[SKU],0)) -> 560.64 | L27: =IF(H27*K27= 0,"",ROUND(H27*K27,2)) | M27: =INDEX(Rebate_Lookup[Instances],MATCH(A27,Rebate_Lookup[SKU CODE],0)) -> 2 | N27: =IF(H27="","",INDEX(Rebate_Lookup[Qualified Rebate Tier],MATCH(A27,Rebate_Lookup[SKU CODE],0))) | O27: =IF(OR(H27="",N27=""),"", IF(N27=1,INDEX(Rebate_Lookup[REB_MOQ_1],MATCH(A27,Rebate_Lookup[SKU CODE],0)), IF(N27=2,INDEX(Rebate_Lookup[REB_MOQ_2],MATCH(A27,Rebate_Lookup[SKU CODE],0)), IF(N27=3,INDEX(Rebate_Lookup[REB_MOQ_3],MATCH(A27,Rebate_Lookup[SKU CODE],0)), IF(N27=4,INDEX(Rebate_Lookup[REB_MOQ_4],MATCH(A27,Rebate_Lookup[SKU CODE],0)), "#err"))))) | P27: =IF(L68>5000,IF(OR(O27=0,O27=""),"",H27*O27),"") | Q27: =IF( H27>0, IF( OR( AND(ISNUMBER(SEARCH("Specticle",E27)),ISNUMBER(SEARCH("FLO",E27))), AND(ISNUMBER(SEARCH("Ronstar",E27)),ISNUMBER(SEARCH("FLO",E27))) ), IF( AND(_xlfn.XLOOKUP(A27,PRICING[SKU],PRICING[October Bonus],FALSE),$R$10="YES"), ROUND(L27*$G$113,2), "N/A" ), IFERROR( IF( _xlfn.XLOOKUP(A27,PRICING[SKU],PRICING[October Bonus],FALSE), ROUND(L27*SUM($G$109:$G$113),2), ROUND(L27*SUM($G$109:$G$112),2) ), "" ) ), "" ) | R27: =IFERROR(ROUND((L27-SUM(P27:Q27))/H27,2),"") | S27: =IF(AND(H27<>"",H27>0), ROUND(H27*R27,2),"") | T27: {=IF(OR(H27="",H27=0), ROUND(_xlfn.XLOOKUP(1,(PRICING[SKU]=A27)*(PRICING[Set]=1),PRICING[Standard Use Rate (oz/M)]),2),ROUND( _xlfn.XLOOKUP( 1, (PRICING[SKU]=A27)* (PRICING[Set]=IF( _xlfn.XLOOKUP(A27,Rebate_Lookup[SKU CODE],Rebate_Lookup[MOQ_2])=0, 1, IF( AND( _xlfn.XLOOKUP(A27,Rebate_Lookup[SKU CODE],Rebate_Lookup[MOQ_3])=0, H27>=_xlfn.XLOOKUP(A27,Rebate_Lookup[SKU CODE],Rebate_Lookup[MOQ_2]) ), 2, IF( AND( H27>=_xlfn.XLOOKUP(A27,Rebate_Lookup[SKU CODE],Rebate_Lookup[MOQ_1]), H27<_xlfn.XLOOKUP(A27,Rebate_Lookup[SKU CODE],Rebate_Lookup[MOQ_2]) ), 1, IF( AND( H27>=_xlfn.XLOOKUP(A27,Rebate_Lookup[SKU CODE],Rebate_Lookup[MOQ_2]), OR( _xlfn.XLOOKUP(A27,Rebate_Lookup[SKU CODE],Rebate_Lookup[MOQ_3])=0, H27<_xlfn.XLOOKUP(A27,Rebate_Lookup[SKU CODE],Rebate_Lookup[MOQ_3]) ) ), 2, IF( OR( AND( _xlfn.XLOOKUP(A27,Rebate_Lookup[SKU CODE],Rebate_Lookup[MOQ_4])=0, H27>=_xlfn.XLOOKUP(A27,Rebate_Lookup[SKU CODE],Rebate_Lookup[MOQ_3]) ), AND( _xlfn.XLOOKUP(A27,Rebate_Lookup[SKU CODE],Rebate_Lookup[MOQ_4])>0, H27>=_xlfn.XLOOKUP(A27,Rebate_Lookup[SKU CODE],Rebate_Lookup[MOQ_3]), H27<_xlfn.XLOOKUP(A27,Rebate_Lookup[SKU CODE],Rebate_Lookup[MOQ_4]) ) ), 3, IF( AND( _xlfn.XLOOKUP(A27,Rebate_Lookup[SKU CODE],Rebate_Lookup[MOQ_4])>0, H27>=_xlfn.XLOOKUP(A27,Rebate_Lookup[SKU CODE],Rebate_Lookup[MOQ_4]) ), 4, 1 ) ) ) ) ) )), PRICING[Standard Use Rate (oz/M)] ), 2 ))} -> 0.06 | U27: =ROUND(T27*43.56,2) -> 2.61 | V27: =IF(AND(TRIM(U27)<>"",TRIM(H27)<>""),ROUND(H27*INDEX(PRICING[Package Ounces],MATCH(A27,PRICING[SKU],0))/U27,2),"") | W27: =IF(H27<>0,ROUND(S27/V27,2),0) -> 0 | X27: =ROUND(W27/43.56,2) -> 0
A28: 11015391 | B28: =H28>0 -> FALSE | D28: {=IFERROR( _xlfn.TEXTJOIN( "; ", TRUE, _xlfn._xlws.FILTER( IF( ISNUMBER(SEARCH("*Ronstar*FLO*",PRICING[Product]))+ ISNUMBER(SEARCH("Altus*",PRICING[Product]))+ ISNUMBER(SEARCH("Kontos*",PRICING[Product])), IF( (PRICING[Min Qty]="")+(PRICING[Min Qty]=0), "1 unit", PRICING[Min Qty]&" units" ), TEXT(PRICING[Rebate $],"$#,##0.00")& " off on "& IF( (PRICING[Min Qty]="")+(PRICING[Min Qty]=0), "1 unit", PRICING[Min Qty]&" units" ) ), (PRICING[SKU]=$A28)* ( ((PRICING[Rebate $]<>"")*(PRICING[Rebate $]<>0)) + ( ( ISNUMBER(SEARCH("*Ronstar*FLO*",PRICING[Product]))+ ISNUMBER(SEARCH("Altus*",PRICING[Product]))+ ISNUMBER(SEARCH("Kontos*",PRICING[Product])) )* (PRICING[Min Qty]<>0) ) ) ) ), "" )} -> $482.00 off on 2-3 units; $650.00 off on 4+ units | E28: =_xlfn.XLOOKUP(A28, PRICING[SKU], PRICING[Product], "") -> Durentis® Insecticide | F28: =_xlfn.XLOOKUP(A28, PRICING[SKU], PRICING[Size], "") -> 64 oz | G28: =IF(_xlfn.XLOOKUP(A28,PRICING[SKU],PRICING[Indication])="I","Insecticide", IF(_xlfn.XLOOKUP(A28,PRICING[SKU],PRICING[Indication])="H","Herbicide", IF(_xlfn.XLOOKUP(A28,PRICING[SKU],PRICING[Indication])="F","Fungicide", IF(_xlfn.XLOOKUP(A28,PRICING[SKU],PRICING[Indication])="PGR","PGR","")))) -> Insecticide | I28: =INDEX(PRICING[2026 In-Season Price],MATCH(A28,PRICING[SKU],0)) -> 2470.4 | J28: =IF(H28*I28= 0,"",H28*I28) | K28: =INDEX(PRICING[NOW Price],MATCH(A28,PRICING[SKU],0)) -> 2100.48 | L28: =IF(H28*K28= 0,"",ROUND(H28*K28,2)) | M28: =INDEX(Rebate_Lookup[Instances],MATCH(A28,Rebate_Lookup[SKU CODE],0)) -> 3 | N28: =IF(H28="","",INDEX(Rebate_Lookup[Qualified Rebate Tier],MATCH(A28,Rebate_Lookup[SKU CODE],0))) | O28: =IF(OR(H28="",N28=""),"", IF(N28=1,INDEX(Rebate_Lookup[REB_MOQ_1],MATCH(A28,Rebate_Lookup[SKU CODE],0)), IF(N28=2,INDEX(Rebate_Lookup[REB_MOQ_2],MATCH(A28,Rebate_Lookup[SKU CODE],0)), IF(N28=3,INDEX(Rebate_Lookup[REB_MOQ_3],MATCH(A28,Rebate_Lookup[SKU CODE],0)), IF(N28=4,INDEX(Rebate_Lookup[REB_MOQ_4],MATCH(A28,Rebate_Lookup[SKU CODE],0)), "#err"))))) | P28: =IF(L68>5000,IF(OR(O28=0,O28=""),"",H28*O28),"") | Q28: =IF( H28>0, IF( OR( AND(ISNUMBER(SEARCH("Specticle",E28)),ISNUMBER(SEARCH("FLO",E28))), AND(ISNUMBER(SEARCH("Ronstar",E28)),ISNUMBER(SEARCH("FLO",E28))) ), IF( AND(_xlfn.XLOOKUP(A28,PRICING[SKU],PRICING[October Bonus],FALSE),$R$10="YES"), ROUND(L28*$G$113,2), "N/A" ), IFERROR( IF( _xlfn.XLOOKUP(A28,PRICING[SKU],PRICING[October Bonus],FALSE), ROUND(L28*SUM($G$109:$G$113),2), ROUND(L28*SUM($G$109:$G$112),2) ), "" ) ), "" ) | R28: =IFERROR(ROUND((L28-SUM(P28:Q28))/H28,2),"") | S28: =IF(AND(H28<>"",H28>0), ROUND(H28*R28,2),"") | T28: {=IF(OR(H28="",H28=0), ROUND(_xlfn.XLOOKUP(1,(PRICING[SKU]=A28)*(PRICING[Set]=1),PRICING[Standard Use Rate (oz/M)]),2),ROUND( _xlfn.XLOOKUP( 1, (PRICING[SKU]=A28)* (PRICING[Set]=IF( _xlfn.XLOOKUP(A28,Rebate_Lookup[SKU CODE],Rebate_Lookup[MOQ_2])=0, 1, IF( AND( _xlfn.XLOOKUP(A28,Rebate_Lookup[SKU CODE],Rebate_Lookup[MOQ_3])=0, H28>=_xlfn.XLOOKUP(A28,Rebate_Lookup[SKU CODE],Rebate_Lookup[MOQ_2]) ), 2, IF( AND( H28>=_xlfn.XLOOKUP(A28,Rebate_Lookup[SKU CODE],Rebate_Lookup[MOQ_1]), H28<_xlfn.XLOOKUP(A28,Rebate_Lookup[SKU CODE],Rebate_Lookup[MOQ_2]) ), 1, IF( AND( H28>=_xlfn.XLOOKUP(A28,Rebate_Lookup[SKU CODE],Rebate_Lookup[MOQ_2]), OR( _xlfn.XLOOKUP(A28,Rebate_Lookup[SKU CODE],Rebate_Lookup[MOQ_3])=0, H28<_xlfn.XLOOKUP(A28,Rebate_Lookup[SKU CODE],Rebate_Lookup[MOQ_3]) ) ), 2, IF( OR( AND( _xlfn.XLOOKUP(A28,Rebate_Lookup[SKU CODE],Rebate_Lookup[MOQ_4])=0, H28>=_xlfn.XLOOKUP(A28,Rebate_Lookup[SKU CODE],Rebate_Lookup[MOQ_3]) ), AND( _xlfn.XLOOKUP(A28,Rebate_Lookup[SKU CODE],Rebate_Lookup[MOQ_4])>0, H28>=_xlfn.XLOOKUP(A28,Rebate_Lookup[SKU CODE],Rebate_Lookup[MOQ_3]), H28<_xlfn.XLOOKUP(A28,Rebate_Lookup[SKU CODE],Rebate_Lookup[MOQ_4]) ) ), 3, IF( AND( _xlfn.XLOOKUP(A28,Rebate_Lookup[SKU CODE],Rebate_Lookup[MOQ_4])>0, H28>=_xlfn.XLOOKUP(A28,Rebate_Lookup[SKU CODE],Rebate_Lookup[MOQ_4]) ), 4, 1 ) ) ) ) ) )), PRICING[Standard Use Rate (oz/M)] ), 2 ))} -> 0.06 | U28: =ROUND(T28*43.56,2) -> 2.61 | V28: =IF(AND(TRIM(U28)<>"",TRIM(H28)<>""),ROUND(H28*INDEX(PRICING[Package Ounces],MATCH(A28,PRICING[SKU],0))/U28,2),"") | W28: =IF(H28<>0,ROUND(S28/V28,2),0) -> 0 | X28: =ROUND(W28/43.56,2) -> 0
A29: 11008464 | B29: =H29>0 -> FALSE | D29: {=IFERROR( _xlfn.TEXTJOIN( "; ", TRUE, _xlfn._xlws.FILTER( IF( ISNUMBER(SEARCH("*Ronstar*FLO*",PRICING[Product]))+ ISNUMBER(SEARCH("Altus*",PRICING[Product]))+ ISNUMBER(SEARCH("Kontos*",PRICING[Product])), IF( (PRICING[Min Qty]="")+(PRICING[Min Qty]=0), "1 unit", PRICING[Min Qty]&" units" ), TEXT(PRICING[Rebate $],"$#,##0.00")& " off on "& IF( (PRICING[Min Qty]="")+(PRICING[Min Qty]=0), "1 unit", PRICING[Min Qty]&" units" ) ), (PRICING[SKU]=$A29)* ( ((PRICING[Rebate $]<>"")*(PRICING[Rebate $]<>0)) + ( ( ISNUMBER(SEARCH("*Ronstar*FLO*",PRICING[Product]))+ ISNUMBER(SEARCH("Altus*",PRICING[Product]))+ ISNUMBER(SEARCH("Kontos*",PRICING[Product])) )* (PRICING[Min Qty]<>0) ) ) ) ), "" )} -> $47.00 off on 8+ units | E29: =_xlfn.XLOOKUP(A29, PRICING[SKU], PRICING[Product], "") -> Echelon® 4SC Herbicide | F29: =_xlfn.XLOOKUP(A29, PRICING[SKU], PRICING[Size], "") -> 1 gal | G29: =IF(_xlfn.XLOOKUP(A29,PRICING[SKU],PRICING[Indication])="I","Insecticide", IF(_xlfn.XLOOKUP(A29,PRICING[SKU],PRICING[Indication])="H","Herbicide", IF(_xlfn.XLOOKUP(A29,PRICING[SKU],PRICING[Indication])="F","Fungicide", IF(_xlfn.XLOOKUP(A29,PRICING[SKU],PRICING[Indication])="PGR","PGR","")))) -> Herbicide | I29: =INDEX(PRICING[2026 In-Season Price],MATCH(A29,PRICING[SKU],0)) -> 464.64 | J29: =IF(H29*I29= 0,"",H29*I29) | K29: =INDEX(PRICING[NOW Price],MATCH(A29,PRICING[SKU],0)) -> 464.64 | L29: =IF(H29*K29= 0,"",ROUND(H29*K29,2)) | M29: =INDEX(Rebate_Lookup[Instances],MATCH(A29,Rebate_Lookup[SKU CODE],0)) -> 2 | N29: =IF(H29="","",INDEX(Rebate_Lookup[Qualified Rebate Tier],MATCH(A29,Rebate_Lookup[SKU CODE],0))) | O29: =IF(OR(H29="",N29=""),"", IF(N29=1,INDEX(Rebate_Lookup[REB_MOQ_1],MATCH(A29,Rebate_Lookup[SKU CODE],0)), IF(N29=2,INDEX(Rebate_Lookup[REB_MOQ_2],MATCH(A29,Rebate_Lookup[SKU CODE],0)), IF(N29=3,INDEX(Rebate_Lookup[REB_MOQ_3],MATCH(A29,Rebate_Lookup[SKU CODE],0)), IF(N29=4,INDEX(Rebate_Lookup[REB_MOQ_4],MATCH(A29,Rebate_Lookup[SKU CODE],0)), "#err"))))) | P29: =IF(L68>5000,IF(OR(O29=0,O29=""),"",H29*O29),"") | Q29: =IF( H29>0, IF( OR( AND(ISNUMBER(SEARCH("Specticle",E29)),ISNUMBER(SEARCH("FLO",E29))), AND(ISNUMBER(SEARCH("Ronstar",E29)),ISNUMBER(SEARCH("FLO",E29))) ), IF( AND(_xlfn.XLOOKUP(A29,PRICING[SKU],PRICING[October Bonus],FALSE),$R$10="YES"), ROUND(L29*$G$113,2), "N/A" ), IFERROR( IF( _xlfn.XLOOKUP(A29,PRICING[SKU],PRICING[October Bonus],FALSE), ROUND(L29*SUM($G$109:$G$113),2), ROUND(L29*SUM($G$109:$G$112),2) ), "" ) ), "" ) | R29: =IFERROR(ROUND((L29-SUM(P29:Q29))/H29,2),"") | S29: =IF(AND(H29<>"",H29>0), ROUND(H29*R29,2),"") | T29: {=IF(OR(H29="",H29=0), ROUND(_xlfn.XLOOKUP(1,(PRICING[SKU]=A29)*(PRICING[Set]=1),PRICING[Standard Use Rate (oz/M)]),2),ROUND( _xlfn.XLOOKUP( 1, (PRICING[SKU]=A29)* (PRICING[Set]=IF( _xlfn.XLOOKUP(A29,Rebate_Lookup[SKU CODE],Rebate_Lookup[MOQ_2])=0, 1, IF( AND( _xlfn.XLOOKUP(A29,Rebate_Lookup[SKU CODE],Rebate_Lookup[MOQ_3])=0, H29>=_xlfn.XLOOKUP(A29,Rebate_Lookup[SKU CODE],Rebate_Lookup[MOQ_2]) ), 2, IF( AND( H29>=_xlfn.XLOOKUP(A29,Rebate_Lookup[SKU CODE],Rebate_Lookup[MOQ_1]), H29<_xlfn.XLOOKUP(A29,Rebate_Lookup[SKU CODE],Rebate_Lookup[MOQ_2]) ), 1, IF( AND( H29>=_xlfn.XLOOKUP(A29,Rebate_Lookup[SKU CODE],Rebate_Lookup[MOQ_2]), OR( _xlfn.XLOOKUP(A29,Rebate_Lookup[SKU CODE],Rebate_Lookup[MOQ_3])=0, H29<_xlfn.XLOOKUP(A29,Rebate_Lookup[SKU CODE],Rebate_Lookup[MOQ_3]) ) ), 2, IF( OR( AND( _xlfn.XLOOKUP(A29,Rebate_Lookup[SKU CODE],Rebate_Lookup[MOQ_4])=0, H29>=_xlfn.XLOOKUP(A29,Rebate_Lookup[SKU CODE],Rebate_Lookup[MOQ_3]) ), AND( _xlfn.XLOOKUP(A29,Rebate_Lookup[SKU CODE],Rebate_Lookup[MOQ_4])>0, H29>=_xlfn.XLOOKUP(A29,Rebate_Lookup[SKU CODE],Rebate_Lookup[MOQ_3]), H29<_xlfn.XLOOKUP(A29,Rebate_Lookup[SKU CODE],Rebate_Lookup[MOQ_4]) ) ), 3, IF( AND( _xlfn.XLOOKUP(A29,Rebate_Lookup[SKU CODE],Rebate_Lookup[MOQ_4])>0, H29>=_xlfn.XLOOKUP(A29,Rebate_Lookup[SKU CODE],Rebate_Lookup[MOQ_4]) ), 4, 1 ) ) ) ) ) )), PRICING[Standard Use Rate (oz/M)] ), 2 ))} -> 0.55 | U29: =ROUND(T29*43.56,2) -> 23.96 | V29: =IF(AND(TRIM(U29)<>"",TRIM(H29)<>""),ROUND(H29*INDEX(PRICING[Package Ounces],MATCH(A29,PRICING[SKU],0))/U29,2),"") | W29: =IF(H29<>0,ROUND(S29/V29,2),0) -> 0 | X29: =ROUND(W29/43.56,2) -> 0
A30: D00000934 | B30: =H30>0 -> FALSE | D30: {=IFERROR( _xlfn.TEXTJOIN( "; ", TRUE, _xlfn._xlws.FILTER( IF( ISNUMBER(SEARCH("*Ronstar*FLO*",PRICING[Product]))+ ISNUMBER(SEARCH("Altus*",PRICING[Product]))+ ISNUMBER(SEARCH("Kontos*",PRICING[Product])), IF( (PRICING[Min Qty]="")+(PRICING[Min Qty]=0), "1 unit", PRICING[Min Qty]&" units" ), TEXT(PRICING[Rebate $],"$#,##0.00")& " off on "& IF( (PRICING[Min Qty]="")+(PRICING[Min Qty]=0), "1 unit", PRICING[Min Qty]&" units" ) ), (PRICING[SKU]=$A30)* ( ((PRICING[Rebate $]<>"")*(PRICING[Rebate $]<>0)) + ( ( ISNUMBER(SEARCH("*Ronstar*FLO*",PRICING[Product]))+ ISNUMBER(SEARCH("Altus*",PRICING[Product]))+ ISNUMBER(SEARCH("Kontos*",PRICING[Product])) )* (PRICING[Min Qty]<>0) ) ) ) ), "" )} -> $40.00 off on 6+ units | E30: =_xlfn.XLOOKUP(A30, PRICING[SKU], PRICING[Product], "") -> Exteris® Stressgard® | F30: =_xlfn.XLOOKUP(A30, PRICING[SKU], PRICING[Size], "") -> 2.5 gal | G30: =IF(_xlfn.XLOOKUP(A30,PRICING[SKU],PRICING[Indication])="I","Insecticide", IF(_xlfn.XLOOKUP(A30,PRICING[SKU],PRICING[Indication])="H","Herbicide", IF(_xlfn.XLOOKUP(A30,PRICING[SKU],PRICING[Indication])="F","Fungicide", IF(_xlfn.XLOOKUP(A30,PRICING[SKU],PRICING[Indication])="PGR","PGR","")))) -> Fungicide | I30: =INDEX(PRICING[2026 In-Season Price],MATCH(A30,PRICING[SKU],0)) -> 387.2 | J30: =IF(H30*I30= 0,"",H30*I30) | K30: =INDEX(PRICING[NOW Price],MATCH(A30,PRICING[SKU],0)) -> 387.2 | L30: =IF(H30*K30= 0,"",ROUND(H30*K30,2)) | M30: =INDEX(Rebate_Lookup[Instances],MATCH(A30,Rebate_Lookup[SKU CODE],0)) -> 2 | N30: =IF(H30="","",INDEX(Rebate_Lookup[Qualified Rebate Tier],MATCH(A30,Rebate_Lookup[SKU CODE],0))) | O30: =IF(OR(H30="",N30=""),"", IF(N30=1,INDEX(Rebate_Lookup[REB_MOQ_1],MATCH(A30,Rebate_Lookup[SKU CODE],0)), IF(N30=2,INDEX(Rebate_Lookup[REB_MOQ_2],MATCH(A30,Rebate_Lookup[SKU CODE],0)), IF(N30=3,INDEX(Rebate_Lookup[REB_MOQ_3],MATCH(A30,Rebate_Lookup[SKU CODE],0)), IF(N30=4,INDEX(Rebate_Lookup[REB_MOQ_4],MATCH(A30,Rebate_Lookup[SKU CODE],0)), "#err"))))) | P30: =IF(L68>5000,IF(OR(O30=0,O30=""),"",H30*O30),"") | Q30: =IF( H30>0, IF( OR( AND(ISNUMBER(SEARCH("Specticle",E30)),ISNUMBER(SEARCH("FLO",E30))), AND(ISNUMBER(SEARCH("Ronstar",E30)),ISNUMBER(SEARCH("FLO",E30))) ), IF( AND(_xlfn.XLOOKUP(A30,PRICING[SKU],PRICING[October Bonus],FALSE),$R$10="YES"), ROUND(L30*$G$113,2), "N/A" ), IFERROR( IF( _xlfn.XLOOKUP(A30,PRICING[SKU],PRICING[October Bonus],FALSE), ROUND(L30*SUM($G$109:$G$113),2), ROUND(L30*SUM($G$109:$G$112),2) ), "" ) ), "" ) | R30: =IFERROR(ROUND((L30-SUM(P30:Q30))/H30,2),"") | S30: =IF(AND(H30<>"",H30>0), ROUND(H30*R30,2),"") | T30: {=IF(OR(H30="",H30=0), ROUND(_xlfn.XLOOKUP(1,(PRICING[SKU]=A30)*(PRICING[Set]=1),PRICING[Standard Use Rate (oz/M)]),2),ROUND( _xlfn.XLOOKUP( 1, (PRICING[SKU]=A30)* (PRICING[Set]=IF( _xlfn.XLOOKUP(A30,Rebate_Lookup[SKU CODE],Rebate_Lookup[MOQ_2])=0, 1, IF( AND( _xlfn.XLOOKUP(A30,Rebate_Lookup[SKU CODE],Rebate_Lookup[MOQ_3])=0, H30>=_xlfn.XLOOKUP(A30,Rebate_Lookup[SKU CODE],Rebate_Lookup[MOQ_2]) ), 2, IF( AND( H30>=_xlfn.XLOOKUP(A30,Rebate_Lookup[SKU CODE],Rebate_Lookup[MOQ_1]), H30<_xlfn.XLOOKUP(A30,Rebate_Lookup[SKU CODE],Rebate_Lookup[MOQ_2]) ), 1, IF( AND( H30>=_xlfn.XLOOKUP(A30,Rebate_Lookup[SKU CODE],Rebate_Lookup[MOQ_2]), OR( _xlfn.XLOOKUP(A30,Rebate_Lookup[SKU CODE],Rebate_Lookup[MOQ_3])=0, H30<_xlfn.XLOOKUP(A30,Rebate_Lookup[SKU CODE],Rebate_Lookup[MOQ_3]) ) ), 2, IF( OR( AND( _xlfn.XLOOKUP(A30,Rebate_Lookup[SKU CODE],Rebate_Lookup[MOQ_4])=0, H30>=_xlfn.XLOOKUP(A30,Rebate_Lookup[SKU CODE],Rebate_Lookup[MOQ_3]) ), AND( _xlfn.XLOOKUP(A30,Rebate_Lookup[SKU CODE],Rebate_Lookup[MOQ_4])>0, H30>=_xlfn.XLOOKUP(A30,Rebate_Lookup[SKU CODE],Rebate_Lookup[MOQ_3]), H30<_xlfn.XLOOKUP(A30,Rebate_Lookup[SKU CODE],Rebate_Lookup[MOQ_4]) ) ), 3, IF( AND( _xlfn.XLOOKUP(A30,Rebate_Lookup[SKU CODE],Rebate_Lookup[MOQ_4])>0, H30>=_xlfn.XLOOKUP(A30,Rebate_Lookup[SKU CODE],Rebate_Lookup[MOQ_4]) ), 4, 1 ) ) ) ) ) )), PRICING[Standard Use Rate (oz/M)] ), 2 ))} -> 4 | U30: =ROUND(T30*43.56,2) -> 174.24 | V30: =IF(AND(TRIM(U30)<>"",TRIM(H30)<>""),ROUND(H30*INDEX(PRICING[Package Ounces],MATCH(A30,PRICING[SKU],0))/U30,2),"") | W30: =IF(H30<>0,ROUND(S30/V30,2),0) -> 0 | X30: =ROUND(W30/43.56,2) -> 0
A31: 11008377 | B31: =H31>0 -> FALSE | D31: {=IFERROR( _xlfn.TEXTJOIN( "; ", TRUE, _xlfn._xlws.FILTER( IF( ISNUMBER(SEARCH("*Ronstar*FLO*",PRICING[Product]))+ ISNUMBER(SEARCH("Altus*",PRICING[Product]))+ ISNUMBER(SEARCH("Kontos*",PRICING[Product])), IF( (PRICING[Min Qty]="")+(PRICING[Min Qty]=0), "1 unit", PRICING[Min Qty]&" units" ), TEXT(PRICING[Rebate $],"$#,##0.00")& " off on "& IF( (PRICING[Min Qty]="")+(PRICING[Min Qty]=0), "1 unit", PRICING[Min Qty]&" units" ) ), (PRICING[SKU]=$A31)* ( ((PRICING[Rebate $]<>"")*(PRICING[Rebate $]<>0)) + ( ( ISNUMBER(SEARCH("*Ronstar*FLO*",PRICING[Product]))+ ISNUMBER(SEARCH("Altus*",PRICING[Product]))+ ISNUMBER(SEARCH("Kontos*",PRICING[Product])) )* (PRICING[Min Qty]<>0) ) ) ) ), "" )} | E31: =_xlfn.XLOOKUP(A31, PRICING[SKU], PRICING[Product], "") -> Fame® +C Fungicide | F31: =_xlfn.XLOOKUP(A31, PRICING[SKU], PRICING[Size], "") -> 2.5 gal | G31: =IF(_xlfn.XLOOKUP(A31,PRICING[SKU],PRICING[Indication])="I","Insecticide", IF(_xlfn.XLOOKUP(A31,PRICING[SKU],PRICING[Indication])="H","Herbicide", IF(_xlfn.XLOOKUP(A31,PRICING[SKU],PRICING[Indication])="F","Fungicide", IF(_xlfn.XLOOKUP(A31,PRICING[SKU],PRICING[Indication])="PGR","PGR","")))) -> Fungicide | I31: =INDEX(PRICING[2026 In-Season Price],MATCH(A31,PRICING[SKU],0)) -> 630.4 | J31: =IF(H31*I31= 0,"",H31*I31) | K31: =INDEX(PRICING[NOW Price],MATCH(A31,PRICING[SKU],0)) -> 630.4 | L31: =IF(H31*K31= 0,"",ROUND(H31*K31,2)) | M31: =INDEX(Rebate_Lookup[Instances],MATCH(A31,Rebate_Lookup[SKU CODE],0)) -> 1 | N31: =IF(H31="","",INDEX(Rebate_Lookup[Qualified Rebate Tier],MATCH(A31,Rebate_Lookup[SKU CODE],0))) | O31: =IF(OR(H31="",N31=""),"", IF(N31=1,INDEX(Rebate_Lookup[REB_MOQ_1],MATCH(A31,Rebate_Lookup[SKU CODE],0)), IF(N31=2,INDEX(Rebate_Lookup[REB_MOQ_2],MATCH(A31,Rebate_Lookup[SKU CODE],0)), IF(N31=3,INDEX(Rebate_Lookup[REB_MOQ_3],MATCH(A31,Rebate_Lookup[SKU CODE],0)), IF(N31=4,INDEX(Rebate_Lookup[REB_MOQ_4],MATCH(A31,Rebate_Lookup[SKU CODE],0)), "#err"))))) | P31: =IF(L68>5000,IF(OR(O31=0,O31=""),"",H31*O31),"") | Q31: =IF( H31>0, IF( OR( AND(ISNUMBER(SEARCH("Specticle",E31)),ISNUMBER(SEARCH("FLO",E31))), AND(ISNUMBER(SEARCH("Ronstar",E31)),ISNUMBER(SEARCH("FLO",E31))) ), IF( AND(_xlfn.XLOOKUP(A31,PRICING[SKU],PRICING[October Bonus],FALSE),$R$10="YES"), ROUND(L31*$G$113,2), "N/A" ), IFERROR( IF( _xlfn.XLOOKUP(A31,PRICING[SKU],PRICING[October Bonus],FALSE), ROUND(L31*SUM($G$109:$G$113),2), ROUND(L31*SUM($G$109:$G$112),2) ), "" ) ), "" ) | R31: =IFERROR(ROUND((L31-SUM(P31:Q31))/H31,2),"") | S31: =IF(AND(H31<>"",H31>0), ROUND(H31*R31,2),"") | T31: {=IF(OR(H31="",H31=0), ROUND(_xlfn.XLOOKUP(1,(PRICING[SKU]=A31)*(PRICING[Set]=1),PRICING[Standard Use Rate (oz/M)]),2),ROUND( _xlfn.XLOOKUP( 1, (PRICING[SKU]=A31)* (PRICING[Set]=IF( _xlfn.XLOOKUP(A31,Rebate_Lookup[SKU CODE],Rebate_Lookup[MOQ_2])=0, 1, IF( AND( _xlfn.XLOOKUP(A31,Rebate_Lookup[SKU CODE],Rebate_Lookup[MOQ_3])=0, H31>=_xlfn.XLOOKUP(A31,Rebate_Lookup[SKU CODE],Rebate_Lookup[MOQ_2]) ), 2, IF( AND( H31>=_xlfn.XLOOKUP(A31,Rebate_Lookup[SKU CODE],Rebate_Lookup[MOQ_1]), H31<_xlfn.XLOOKUP(A31,Rebate_Lookup[SKU CODE],Rebate_Lookup[MOQ_2]) ), 1, IF( AND( H31>=_xlfn.XLOOKUP(A31,Rebate_Lookup[SKU CODE],Rebate_Lookup[MOQ_2]), OR( _xlfn.XLOOKUP(A31,Rebate_Lookup[SKU CODE],Rebate_Lookup[MOQ_3])=0, H31<_xlfn.XLOOKUP(A31,Rebate_Lookup[SKU CODE],Rebate_Lookup[MOQ_3]) ) ), 2, IF( OR( AND( _xlfn.XLOOKUP(A31,Rebate_Lookup[SKU CODE],Rebate_Lookup[MOQ_4])=0, H31>=_xlfn.XLOOKUP(A31,Rebate_Lookup[SKU CODE],Rebate_Lookup[MOQ_3]) ), AND( _xlfn.XLOOKUP(A31,Rebate_Lookup[SKU CODE],Rebate_Lookup[MOQ_4])>0, H31>=_xlfn.XLOOKUP(A31,Rebate_Lookup[SKU CODE],Rebate_Lookup[MOQ_3]), H31<_xlfn.XLOOKUP(A31,Rebate_Lookup[SKU CODE],Rebate_Lookup[MOQ_4]) ) ), 3, IF( AND( _xlfn.XLOOKUP(A31,Rebate_Lookup[SKU CODE],Rebate_Lookup[MOQ_4])>0, H31>=_xlfn.XLOOKUP(A31,Rebate_Lookup[SKU CODE],Rebate_Lookup[MOQ_4]) ), 4, 1 ) ) ) ) ) )), PRICING[Standard Use Rate (oz/M)] ), 2 ))} -> 4 | U31: =ROUND(T31*43.56,2) -> 174.24 | V31: =IF(AND(TRIM(U31)<>"",TRIM(H31)<>""),ROUND(H31*INDEX(PRICING[Package Ounces],MATCH(A31,PRICING[SKU],0))/U31,2),"") | W31: =IF(H31<>0,ROUND(S31/V31,2),0) -> 0 | X31: =ROUND(W31/43.56,2) -> 0
A32: 11008393 | B32: =H32>0 -> FALSE | D32: {=IFERROR( _xlfn.TEXTJOIN( "; ", TRUE, _xlfn._xlws.FILTER( IF( ISNUMBER(SEARCH("*Ronstar*FLO*",PRICING[Product]))+ ISNUMBER(SEARCH("Altus*",PRICING[Product]))+ ISNUMBER(SEARCH("Kontos*",PRICING[Product])), IF( (PRICING[Min Qty]="")+(PRICING[Min Qty]=0), "1 unit", PRICING[Min Qty]&" units" ), TEXT(PRICING[Rebate $],"$#,##0.00")& " off on "& IF( (PRICING[Min Qty]="")+(PRICING[Min Qty]=0), "1 unit", PRICING[Min Qty]&" units" ) ), (PRICING[SKU]=$A32)* ( ((PRICING[Rebate $]<>"")*(PRICING[Rebate $]<>0)) + ( ( ISNUMBER(SEARCH("*Ronstar*FLO*",PRICING[Product]))+ ISNUMBER(SEARCH("Altus*",PRICING[Product]))+ ISNUMBER(SEARCH("Kontos*",PRICING[Product])) )* (PRICING[Min Qty]<>0) ) ) ) ), "" )} -> $70.00 off on 4+ units | E32: =_xlfn.XLOOKUP(A32, PRICING[SKU], PRICING[Product], "") -> Fame® SC Fungicide | F32: =_xlfn.XLOOKUP(A32, PRICING[SKU], PRICING[Size], "") -> 16 oz | G32: =IF(_xlfn.XLOOKUP(A32,PRICING[SKU],PRICING[Indication])="I","Insecticide", IF(_xlfn.XLOOKUP(A32,PRICING[SKU],PRICING[Indication])="H","Herbicide", IF(_xlfn.XLOOKUP(A32,PRICING[SKU],PRICING[Indication])="F","Fungicide", IF(_xlfn.XLOOKUP(A32,PRICING[SKU],PRICING[Indication])="PGR","PGR","")))) -> Fungicide | I32: =INDEX(PRICING[2026 In-Season Price],MATCH(A32,PRICING[SKU],0)) -> 456.48 | J32: =IF(H32*I32= 0,"",H32*I32) | K32: =INDEX(PRICING[NOW Price],MATCH(A32,PRICING[SKU],0)) -> 456.48 | L32: =IF(H32*K32= 0,"",ROUND(H32*K32,2)) | M32: =INDEX(Rebate_Lookup[Instances],MATCH(A32,Rebate_Lookup[SKU CODE],0)) -> 2 | N32: =IF(H32="","",INDEX(Rebate_Lookup[Qualified Rebate Tier],MATCH(A32,Rebate_Lookup[SKU CODE],0))) | O32: =IF(OR(H32="",N32=""),"", IF(N32=1,INDEX(Rebate_Lookup[REB_MOQ_1],MATCH(A32,Rebate_Lookup[SKU CODE],0)), IF(N32=2,INDEX(Rebate_Lookup[REB_MOQ_2],MATCH(A32,Rebate_Lookup[SKU CODE],0)), IF(N32=3,INDEX(Rebate_Lookup[REB_MOQ_3],MATCH(A32,Rebate_Lookup[SKU CODE],0)), IF(N32=4,INDEX(Rebate_Lookup[REB_MOQ_4],MATCH(A32,Rebate_Lookup[SKU CODE],0)), "#err"))))) | P32: =IF(L68>5000,IF(OR(O32=0,O32=""),"",H32*O32),"") | Q32: =IF( H32>0, IF( OR( AND(ISNUMBER(SEARCH("Specticle",E32)),ISNUMBER(SEARCH("FLO",E32))), AND(ISNUMBER(SEARCH("Ronstar",E32)),ISNUMBER(SEARCH("FLO",E32))) ), IF( AND(_xlfn.XLOOKUP(A32,PRICING[SKU],PRICING[October Bonus],FALSE),$R$10="YES"), ROUND(L32*$G$113,2), "N/A" ), IFERROR( IF( _xlfn.XLOOKUP(A32,PRICING[SKU],PRICING[October Bonus],FALSE), ROUND(L32*SUM($G$109:$G$113),2), ROUND(L32*SUM($G$109:$G$112),2) ), "" ) ), "" ) | R32: =IFERROR(ROUND((L32-SUM(P32:Q32))/H32,2),"") | S32: =IF(AND(H32<>"",H32>0), ROUND(H32*R32,2),"") | T32: {=IF(OR(H32="",H32=0), ROUND(_xlfn.XLOOKUP(1,(PRICING[SKU]=A32)*(PRICING[Set]=1),PRICING[Standard Use Rate (oz/M)]),2),ROUND( _xlfn.XLOOKUP( 1, (PRICING[SKU]=A32)* (PRICING[Set]=IF( _xlfn.XLOOKUP(A32,Rebate_Lookup[SKU CODE],Rebate_Lookup[MOQ_2])=0, 1, IF( AND( _xlfn.XLOOKUP(A32,Rebate_Lookup[SKU CODE],Rebate_Lookup[MOQ_3])=0, H32>=_xlfn.XLOOKUP(A32,Rebate_Lookup[SKU CODE],Rebate_Lookup[MOQ_2]) ), 2, IF( AND( H32>=_xlfn.XLOOKUP(A32,Rebate_Lookup[SKU CODE],Rebate_Lookup[MOQ_1]), H32<_xlfn.XLOOKUP(A32,Rebate_Lookup[SKU CODE],Rebate_Lookup[MOQ_2]) ), 1, IF( AND( H32>=_xlfn.XLOOKUP(A32,Rebate_Lookup[SKU CODE],Rebate_Lookup[MOQ_2]), OR( _xlfn.XLOOKUP(A32,Rebate_Lookup[SKU CODE],Rebate_Lookup[MOQ_3])=0, H32<_xlfn.XLOOKUP(A32,Rebate_Lookup[SKU CODE],Rebate_Lookup[MOQ_3]) ) ), 2, IF( OR( AND( _xlfn.XLOOKUP(A32,Rebate_Lookup[SKU CODE],Rebate_Lookup[MOQ_4])=0, H32>=_xlfn.XLOOKUP(A32,Rebate_Lookup[SKU CODE],Rebate_Lookup[MOQ_3]) ), AND( _xlfn.XLOOKUP(A32,Rebate_Lookup[SKU CODE],Rebate_Lookup[MOQ_4])>0, H32>=_xlfn.XLOOKUP(A32,Rebate_Lookup[SKU CODE],Rebate_Lookup[MOQ_3]), H32<_xlfn.XLOOKUP(A32,Rebate_Lookup[SKU CODE],Rebate_Lookup[MOQ_4]) ) ), 3, IF( AND( _xlfn.XLOOKUP(A32,Rebate_Lookup[SKU CODE],Rebate_Lookup[MOQ_4])>0, H32>=_xlfn.XLOOKUP(A32,Rebate_Lookup[SKU CODE],Rebate_Lookup[MOQ_4]) ), 4, 1 ) ) ) ) ) )), PRICING[Standard Use Rate (oz/M)] ), 2 ))} -> 0.36 | U32: =ROUND(T32*43.56,2) -> 15.68 | V32: =IF(AND(TRIM(U32)<>"",TRIM(H32)<>""),ROUND(H32*INDEX(PRICING[Package Ounces],MATCH(A32,PRICING[SKU],0))/U32,2),"") | W32: =IF(H32<>0,ROUND(S32/V32,2),0) -> 0 | X32: =ROUND(W32/43.56,2) -> 0
A33: 11008557 | B33: =H33>0 -> FALSE | D33: {=IFERROR( _xlfn.TEXTJOIN( "; ", TRUE, _xlfn._xlws.FILTER( IF( ISNUMBER(SEARCH("*Ronstar*FLO*",PRICING[Product]))+ ISNUMBER(SEARCH("Altus*",PRICING[Product]))+ ISNUMBER(SEARCH("Kontos*",PRICING[Product])), IF( (PRICING[Min Qty]="")+(PRICING[Min Qty]=0), "1 unit", PRICING[Min Qty]&" units" ), TEXT(PRICING[Rebate $],"$#,##0.00")& " off on "& IF( (PRICING[Min Qty]="")+(PRICING[Min Qty]=0), "1 unit", PRICING[Min Qty]&" units" ) ), (PRICING[SKU]=$A33)* ( ((PRICING[Rebate $]<>"")*(PRICING[Rebate $]<>0)) + ( ( ISNUMBER(SEARCH("*Ronstar*FLO*",PRICING[Product]))+ ISNUMBER(SEARCH("Altus*",PRICING[Product]))+ ISNUMBER(SEARCH("Kontos*",PRICING[Product])) )* (PRICING[Min Qty]<>0) ) ) ) ), "" )} -> $395.00 off on 4+ units | E33: =_xlfn.XLOOKUP(A33, PRICING[SKU], PRICING[Product], "") -> Fame® SC Fungicide | F33: =_xlfn.XLOOKUP(A33, PRICING[SKU], PRICING[Size], "") -> 64 oz | G33: =IF(_xlfn.XLOOKUP(A33,PRICING[SKU],PRICING[Indication])="I","Insecticide", IF(_xlfn.XLOOKUP(A33,PRICING[SKU],PRICING[Indication])="H","Herbicide", IF(_xlfn.XLOOKUP(A33,PRICING[SKU],PRICING[Indication])="F","Fungicide", IF(_xlfn.XLOOKUP(A33,PRICING[SKU],PRICING[Indication])="PGR","PGR","")))) -> Fungicide | I33: =INDEX(PRICING[2026 In-Season Price],MATCH(A33,PRICING[SKU],0)) -> 1652.48 | J33: =IF(H33*I33= 0,"",H33*I33) | K33: =INDEX(PRICING[NOW Price],MATCH(A33,PRICING[SKU],0)) -> 1652.48 | L33: =IF(H33*K33= 0,"",ROUND(H33*K33,2)) | M33: =INDEX(Rebate_Lookup[Instances],MATCH(A33,Rebate_Lookup[SKU CODE],0)) -> 2 | N33: =IF(H33="","",INDEX(Rebate_Lookup[Qualified Rebate Tier],MATCH(A33,Rebate_Lookup[SKU CODE],0))) | O33: =IF(OR(H33="",N33=""),"", IF(N33=1,INDEX(Rebate_Lookup[REB_MOQ_1],MATCH(A33,Rebate_Lookup[SKU CODE],0)), IF(N33=2,INDEX(Rebate_Lookup[REB_MOQ_2],MATCH(A33,Rebate_Lookup[SKU CODE],0)), IF(N33=3,INDEX(Rebate_Lookup[REB_MOQ_3],MATCH(A33,Rebate_Lookup[SKU CODE],0)), IF(N33=4,INDEX(Rebate_Lookup[REB_MOQ_4],MATCH(A33,Rebate_Lookup[SKU CODE],0)), "#err"))))) | P33: =IF(L68>5000,IF(OR(O33=0,O33=""),"",H33*O33),"") | Q33: =IF( H33>0, IF( OR( AND(ISNUMBER(SEARCH("Specticle",E33)),ISNUMBER(SEARCH("FLO",E33))), AND(ISNUMBER(SEARCH("Ronstar",E33)),ISNUMBER(SEARCH("FLO",E33))) ), IF( AND(_xlfn.XLOOKUP(A33,PRICING[SKU],PRICING[October Bonus],FALSE),$R$10="YES"), ROUND(L33*$G$113,2), "N/A" ), IFERROR( IF( _xlfn.XLOOKUP(A33,PRICING[SKU],PRICING[October Bonus],FALSE), ROUND(L33*SUM($G$109:$G$113),2), ROUND(L33*SUM($G$109:$G$112),2) ), "" ) ), "" ) | R33: =IFERROR(ROUND((L33-SUM(P33:Q33))/H33,2),"") | S33: =IF(AND(H33<>"",H33>0), ROUND(H33*R33,2),"") | T33: {=IF(OR(H33="",H33=0), ROUND(_xlfn.XLOOKUP(1,(PRICING[SKU]=A33)*(PRICING[Set]=1),PRICING[Standard Use Rate (oz/M)]),2),ROUND( _xlfn.XLOOKUP( 1, (PRICING[SKU]=A33)* (PRICING[Set]=IF( _xlfn.XLOOKUP(A33,Rebate_Lookup[SKU CODE],Rebate_Lookup[MOQ_2])=0, 1, IF( AND( _xlfn.XLOOKUP(A33,Rebate_Lookup[SKU CODE],Rebate_Lookup[MOQ_3])=0, H33>=_xlfn.XLOOKUP(A33,Rebate_Lookup[SKU CODE],Rebate_Lookup[MOQ_2]) ), 2, IF( AND( H33>=_xlfn.XLOOKUP(A33,Rebate_Lookup[SKU CODE],Rebate_Lookup[MOQ_1]), H33<_xlfn.XLOOKUP(A33,Rebate_Lookup[SKU CODE],Rebate_Lookup[MOQ_2]) ), 1, IF( AND( H33>=_xlfn.XLOOKUP(A33,Rebate_Lookup[SKU CODE],Rebate_Lookup[MOQ_2]), OR( _xlfn.XLOOKUP(A33,Rebate_Lookup[SKU CODE],Rebate_Lookup[MOQ_3])=0, H33<_xlfn.XLOOKUP(A33,Rebate_Lookup[SKU CODE],Rebate_Lookup[MOQ_3]) ) ), 2, IF( OR( AND( _xlfn.XLOOKUP(A33,Rebate_Lookup[SKU CODE],Rebate_Lookup[MOQ_4])=0, H33>=_xlfn.XLOOKUP(A33,Rebate_Lookup[SKU CODE],Rebate_Lookup[MOQ_3]) ), AND( _xlfn.XLOOKUP(A33,Rebate_Lookup[SKU CODE],Rebate_Lookup[MOQ_4])>0, H33>=_xlfn.XLOOKUP(A33,Rebate_Lookup[SKU CODE],Rebate_Lookup[MOQ_3]), H33<_xlfn.XLOOKUP(A33,Rebate_Lookup[SKU CODE],Rebate_Lookup[MOQ_4]) ) ), 3, IF( AND( _xlfn.XLOOKUP(A33,Rebate_Lookup[SKU CODE],Rebate_Lookup[MOQ_4])>0, H33>=_xlfn.XLOOKUP(A33,Rebate_Lookup[SKU CODE],Rebate_Lookup[MOQ_4]) ), 4, 1 ) ) ) ) ) )), PRICING[Standard Use Rate (oz/M)] ), 2 ))} -> 0.36 | U33: =ROUND(T33*43.56,2) -> 15.68 | V33: =IF(AND(TRIM(U33)<>"",TRIM(H33)<>""),ROUND(H33*INDEX(PRICING[Package Ounces],MATCH(A33,PRICING[SKU],0))/U33,2),"") | W33: =IF(H33<>0,ROUND(S33/V33,2),0) -> 0 | X33: =ROUND(W33/43.56,2) -> 0
A34: 11009500 | B34: =H34>0 -> FALSE | D34: {=IFERROR( _xlfn.TEXTJOIN( "; ", TRUE, _xlfn._xlws.FILTER( IF( ISNUMBER(SEARCH("*Ronstar*FLO*",PRICING[Product]))+ ISNUMBER(SEARCH("Altus*",PRICING[Product]))+ ISNUMBER(SEARCH("Kontos*",PRICING[Product])), IF( (PRICING[Min Qty]="")+(PRICING[Min Qty]=0), "1 unit", PRICING[Min Qty]&" units" ), TEXT(PRICING[Rebate $],"$#,##0.00")& " off on "& IF( (PRICING[Min Qty]="")+(PRICING[Min Qty]=0), "1 unit", PRICING[Min Qty]&" units" ) ), (PRICING[SKU]=$A34)* ( ((PRICING[Rebate $]<>"")*(PRICING[Rebate $]<>0)) + ( ( ISNUMBER(SEARCH("*Ronstar*FLO*",PRICING[Product]))+ ISNUMBER(SEARCH("Altus*",PRICING[Product]))+ ISNUMBER(SEARCH("Kontos*",PRICING[Product])) )* (PRICING[Min Qty]<>0) ) ) ) ), "" )} -> $1,290.00 off on 1-3 units; $1,390.00 off on 4+ units | E34: =_xlfn.XLOOKUP(A34, PRICING[SKU], PRICING[Product], "") -> Fame® SC Fungicide | F34: =_xlfn.XLOOKUP(A34, PRICING[SKU], PRICING[Size], "") -> 2.5 gal | G34: =IF(_xlfn.XLOOKUP(A34,PRICING[SKU],PRICING[Indication])="I","Insecticide", IF(_xlfn.XLOOKUP(A34,PRICING[SKU],PRICING[Indication])="H","Herbicide", IF(_xlfn.XLOOKUP(A34,PRICING[SKU],PRICING[Indication])="F","Fungicide", IF(_xlfn.XLOOKUP(A34,PRICING[SKU],PRICING[Indication])="PGR","PGR","")))) -> Fungicide | I34: =INDEX(PRICING[2026 In-Season Price],MATCH(A34,PRICING[SKU],0)) -> 7462.4 | J34: =IF(H34*I34= 0,"",H34*I34) | K34: =INDEX(PRICING[NOW Price],MATCH(A34,PRICING[SKU],0)) -> 7462.4 | L34: =IF(H34*K34= 0,"",ROUND(H34*K34,2)) | M34: =INDEX(Rebate_Lookup[Instances],MATCH(A34,Rebate_Lookup[SKU CODE],0)) -> 2 | N34: =IF(H34="","",INDEX(Rebate_Lookup[Qualified Rebate Tier],MATCH(A34,Rebate_Lookup[SKU CODE],0))) | O34: =IF(OR(H34="",N34=""),"", IF(N34=1,INDEX(Rebate_Lookup[REB_MOQ_1],MATCH(A34,Rebate_Lookup[SKU CODE],0)), IF(N34=2,INDEX(Rebate_Lookup[REB_MOQ_2],MATCH(A34,Rebate_Lookup[SKU CODE],0)), IF(N34=3,INDEX(Rebate_Lookup[REB_MOQ_3],MATCH(A34,Rebate_Lookup[SKU CODE],0)), IF(N34=4,INDEX(Rebate_Lookup[REB_MOQ_4],MATCH(A34,Rebate_Lookup[SKU CODE],0)), "#err"))))) | P34: =IF(L68>5000,IF(OR(O34=0,O34=""),"",H34*O34),"") | Q34: =IF( H34>0, IF( OR( AND(ISNUMBER(SEARCH("Specticle",E34)),ISNUMBER(SEARCH("FLO",E34))), AND(ISNUMBER(SEARCH("Ronstar",E34)),ISNUMBER(SEARCH("FLO",E34))) ), IF( AND(_xlfn.XLOOKUP(A34,PRICING[SKU],PRICING[October Bonus],FALSE),$R$10="YES"), ROUND(L34*$G$113,2), "N/A" ), IFERROR( IF( _xlfn.XLOOKUP(A34,PRICING[SKU],PRICING[October Bonus],FALSE), ROUND(L34*SUM($G$109:$G$113),2), ROUND(L34*SUM($G$109:$G$112),2) ), "" ) ), "" ) | R34: =IFERROR(ROUND((L34-SUM(P34:Q34))/H34,2),"") | S34: =IF(AND(H34<>"",H34>0), ROUND(H34*R34,2),"") | T34: {=IF(OR(H34="",H34=0), ROUND(_xlfn.XLOOKUP(1,(PRICING[SKU]=A34)*(PRICING[Set]=1),PRICING[Standard Use Rate (oz/M)]),2),ROUND( _xlfn.XLOOKUP( 1, (PRICING[SKU]=A34)* (PRICING[Set]=IF( _xlfn.XLOOKUP(A34,Rebate_Lookup[SKU CODE],Rebate_Lookup[MOQ_2])=0, 1, IF( AND( _xlfn.XLOOKUP(A34,Rebate_Lookup[SKU CODE],Rebate_Lookup[MOQ_3])=0, H34>=_xlfn.XLOOKUP(A34,Rebate_Lookup[SKU CODE],Rebate_Lookup[MOQ_2]) ), 2, IF( AND( H34>=_xlfn.XLOOKUP(A34,Rebate_Lookup[SKU CODE],Rebate_Lookup[MOQ_1]), H34<_xlfn.XLOOKUP(A34,Rebate_Lookup[SKU CODE],Rebate_Lookup[MOQ_2]) ), 1, IF( AND( H34>=_xlfn.XLOOKUP(A34,Rebate_Lookup[SKU CODE],Rebate_Lookup[MOQ_2]), OR( _xlfn.XLOOKUP(A34,Rebate_Lookup[SKU CODE],Rebate_Lookup[MOQ_3])=0, H34<_xlfn.XLOOKUP(A34,Rebate_Lookup[SKU CODE],Rebate_Lookup[MOQ_3]) ) ), 2, IF( OR( AND( _xlfn.XLOOKUP(A34,Rebate_Lookup[SKU CODE],Rebate_Lookup[MOQ_4])=0, H34>=_xlfn.XLOOKUP(A34,Rebate_Lookup[SKU CODE],Rebate_Lookup[MOQ_3]) ), AND( _xlfn.XLOOKUP(A34,Rebate_Lookup[SKU CODE],Rebate_Lookup[MOQ_4])>0, H34>=_xlfn.XLOOKUP(A34,Rebate_Lookup[SKU CODE],Rebate_Lookup[MOQ_3]), H34<_xlfn.XLOOKUP(A34,Rebate_Lookup[SKU CODE],Rebate_Lookup[MOQ_4]) ) ), 3, IF( AND( _xlfn.XLOOKUP(A34,Rebate_Lookup[SKU CODE],Rebate_Lookup[MOQ_4])>0, H34>=_xlfn.XLOOKUP(A34,Rebate_Lookup[SKU CODE],Rebate_Lookup[MOQ_4]) ), 4, 1 ) ) ) ) ) )), PRICING[Standard Use Rate (oz/M)] ), 2 ))} -> 0.36 | U34: =ROUND(T34*43.56,2) -> 15.68 | V34: =IF(AND(TRIM(U34)<>"",TRIM(H34)<>""),ROUND(H34*INDEX(PRICING[Package Ounces],MATCH(A34,PRICING[SKU],0))/U34,2),"") | W34: =IF(H34<>0,ROUND(S34/V34,2),0) -> 0 | X34: =ROUND(W34/43.56,2) -> 0
A35: D00000935 | B35: =H35>0 -> FALSE | D35: {=IFERROR( _xlfn.TEXTJOIN( "; ", TRUE, _xlfn._xlws.FILTER( IF( ISNUMBER(SEARCH("*Ronstar*FLO*",PRICING[Product]))+ ISNUMBER(SEARCH("Altus*",PRICING[Product]))+ ISNUMBER(SEARCH("Kontos*",PRICING[Product])), IF( (PRICING[Min Qty]="")+(PRICING[Min Qty]=0), "1 unit", PRICING[Min Qty]&" units" ), TEXT(PRICING[Rebate $],"$#,##0.00")& " off on "& IF( (PRICING[Min Qty]="")+(PRICING[Min Qty]=0), "1 unit", PRICING[Min Qty]&" units" ) ), (PRICING[SKU]=$A35)* ( ((PRICING[Rebate $]<>"")*(PRICING[Rebate $]<>0)) + ( ( ISNUMBER(SEARCH("*Ronstar*FLO*",PRICING[Product]))+ ISNUMBER(SEARCH("Altus*",PRICING[Product]))+ ISNUMBER(SEARCH("Kontos*",PRICING[Product])) )* (PRICING[Min Qty]<>0) ) ) ) ), "" )} -> $10.00 off on 16+ units | E35: =_xlfn.XLOOKUP(A35, PRICING[SKU], PRICING[Product], "") -> Fiata® Stressgard® | F35: =_xlfn.XLOOKUP(A35, PRICING[SKU], PRICING[Size], "") -> 2.5 gal | G35: =IF(_xlfn.XLOOKUP(A35,PRICING[SKU],PRICING[Indication])="I","Insecticide", IF(_xlfn.XLOOKUP(A35,PRICING[SKU],PRICING[Indication])="H","Herbicide", IF(_xlfn.XLOOKUP(A35,PRICING[SKU],PRICING[Indication])="F","Fungicide", IF(_xlfn.XLOOKUP(A35,PRICING[SKU],PRICING[Indication])="PGR","PGR","")))) -> Fungicide | I35: =INDEX(PRICING[2026 In-Season Price],MATCH(A35,PRICING[SKU],0)) -> 201.6 | J35: =IF(H35*I35= 0,"",H35*I35) | K35: =INDEX(PRICING[NOW Price],MATCH(A35,PRICING[SKU],0)) -> 201.6 | L35: =IF(H35*K35= 0,"",ROUND(H35*K35,2)) | M35: =INDEX(Rebate_Lookup[Instances],MATCH(A35,Rebate_Lookup[SKU CODE],0)) -> 2 | N35: =IF(H35="","",INDEX(Rebate_Lookup[Qualified Rebate Tier],MATCH(A35,Rebate_Lookup[SKU CODE],0))) | O35: =IF(OR(H35="",N35=""),"", IF(N35=1,INDEX(Rebate_Lookup[REB_MOQ_1],MATCH(A35,Rebate_Lookup[SKU CODE],0)), IF(N35=2,INDEX(Rebate_Lookup[REB_MOQ_2],MATCH(A35,Rebate_Lookup[SKU CODE],0)), IF(N35=3,INDEX(Rebate_Lookup[REB_MOQ_3],MATCH(A35,Rebate_Lookup[SKU CODE],0)), IF(N35=4,INDEX(Rebate_Lookup[REB_MOQ_4],MATCH(A35,Rebate_Lookup[SKU CODE],0)), "#err"))))) | P35: =IF(L68>5000,IF(OR(O35=0,O35=""),"",H35*O35),"") | Q35: =IF( H35>0, IF( OR( AND(ISNUMBER(SEARCH("Specticle",E35)),ISNUMBER(SEARCH("FLO",E35))), AND(ISNUMBER(SEARCH("Ronstar",E35)),ISNUMBER(SEARCH("FLO",E35))) ), IF( AND(_xlfn.XLOOKUP(A35,PRICING[SKU],PRICING[October Bonus],FALSE),$R$10="YES"), ROUND(L35*$G$113,2), "N/A" ), IFERROR( IF( _xlfn.XLOOKUP(A35,PRICING[SKU],PRICING[October Bonus],FALSE), ROUND(L35*SUM($G$109:$G$113),2), ROUND(L35*SUM($G$109:$G$112),2) ), "" ) ), "" ) | R35: =IFERROR(ROUND((L35-SUM(P35:Q35))/H35,2),"") | S35: =IF(AND(H35<>"",H35>0), ROUND(H35*R35,2),"") | T35: {=IF(OR(H35="",H35=0), ROUND(_xlfn.XLOOKUP(1,(PRICING[SKU]=A35)*(PRICING[Set]=1),PRICING[Standard Use Rate (oz/M)]),2),ROUND( _xlfn.XLOOKUP( 1, (PRICING[SKU]=A35)* (PRICING[Set]=IF( _xlfn.XLOOKUP(A35,Rebate_Lookup[SKU CODE],Rebate_Lookup[MOQ_2])=0, 1, IF( AND( _xlfn.XLOOKUP(A35,Rebate_Lookup[SKU CODE],Rebate_Lookup[MOQ_3])=0, H35>=_xlfn.XLOOKUP(A35,Rebate_Lookup[SKU CODE],Rebate_Lookup[MOQ_2]) ), 2, IF( AND( H35>=_xlfn.XLOOKUP(A35,Rebate_Lookup[SKU CODE],Rebate_Lookup[MOQ_1]), H35<_xlfn.XLOOKUP(A35,Rebate_Lookup[SKU CODE],Rebate_Lookup[MOQ_2]) ), 1, IF( AND( H35>=_xlfn.XLOOKUP(A35,Rebate_Lookup[SKU CODE],Rebate_Lookup[MOQ_2]), OR( _xlfn.XLOOKUP(A35,Rebate_Lookup[SKU CODE],Rebate_Lookup[MOQ_3])=0, H35<_xlfn.XLOOKUP(A35,Rebate_Lookup[SKU CODE],Rebate_Lookup[MOQ_3]) ) ), 2, IF( OR( AND( _xlfn.XLOOKUP(A35,Rebate_Lookup[SKU CODE],Rebate_Lookup[MOQ_4])=0, H35>=_xlfn.XLOOKUP(A35,Rebate_Lookup[SKU CODE],Rebate_Lookup[MOQ_3]) ), AND( _xlfn.XLOOKUP(A35,Rebate_Lookup[SKU CODE],Rebate_Lookup[MOQ_4])>0, H35>=_xlfn.XLOOKUP(A35,Rebate_Lookup[SKU CODE],Rebate_Lookup[MOQ_3]), H35<_xlfn.XLOOKUP(A35,Rebate_Lookup[SKU CODE],Rebate_Lookup[MOQ_4]) ) ), 3, IF( AND( _xlfn.XLOOKUP(A35,Rebate_Lookup[SKU CODE],Rebate_Lookup[MOQ_4])>0, H35>=_xlfn.XLOOKUP(A35,Rebate_Lookup[SKU CODE],Rebate_Lookup[MOQ_4]) ), 4, 1 ) ) ) ) ) )), PRICING[Standard Use Rate (oz/M)] ), 2 ))} -> 3 | U35: =ROUND(T35*43.56,2) -> 130.68 | V35: =IF(AND(TRIM(U35)<>"",TRIM(H35)<>""),ROUND(H35*INDEX(PRICING[Package Ounces],MATCH(A35,PRICING[SKU],0))/U35,2),"") | W35: =IF(H35<>0,ROUND(S35/V35,2),0) -> 0 | X35: =ROUND(W35/43.56,2) -> 0
A36: D00001379 | B36: =H36>0 -> FALSE | D36: {=IFERROR( _xlfn.TEXTJOIN( "; ", TRUE, _xlfn._xlws.FILTER( IF( ISNUMBER(SEARCH("*Ronstar*FLO*",PRICING[Product]))+ ISNUMBER(SEARCH("Altus*",PRICING[Product]))+ ISNUMBER(SEARCH("Kontos*",PRICING[Product])), IF( (PRICING[Min Qty]="")+(PRICING[Min Qty]=0), "1 unit", PRICING[Min Qty]&" units" ), TEXT(PRICING[Rebate $],"$#,##0.00")& " off on "& IF( (PRICING[Min Qty]="")+(PRICING[Min Qty]=0), "1 unit", PRICING[Min Qty]&" units" ) ), (PRICING[SKU]=$A36)* ( ((PRICING[Rebate $]<>"")*(PRICING[Rebate $]<>0)) + ( ( ISNUMBER(SEARCH("*Ronstar*FLO*",PRICING[Product]))+ ISNUMBER(SEARCH("Altus*",PRICING[Product]))+ ISNUMBER(SEARCH("Kontos*",PRICING[Product])) )* (PRICING[Min Qty]<>0) ) ) ) ), "" )} -> $300.00 off on 3-5 units; $450.00 off on 6+ units | E36: =_xlfn.XLOOKUP(A36, PRICING[SKU], PRICING[Product], "") -> Indemnify® | F36: =_xlfn.XLOOKUP(A36, PRICING[SKU], PRICING[Size], "") -> 17.1 fl oz | G36: =IF(_xlfn.XLOOKUP(A36,PRICING[SKU],PRICING[Indication])="I","Insecticide", IF(_xlfn.XLOOKUP(A36,PRICING[SKU],PRICING[Indication])="H","Herbicide", IF(_xlfn.XLOOKUP(A36,PRICING[SKU],PRICING[Indication])="F","Fungicide", IF(_xlfn.XLOOKUP(A36,PRICING[SKU],PRICING[Indication])="PGR","PGR","")))) -> Fungicide | I36: =INDEX(PRICING[2026 In-Season Price],MATCH(A36,PRICING[SKU],0)) -> 1250.43 | J36: =IF(H36*I36= 0,"",H36*I36) | K36: =INDEX(PRICING[NOW Price],MATCH(A36,PRICING[SKU],0)) -> 1250.43 | L36: =IF(H36*K36= 0,"",ROUND(H36*K36,2)) | M36: =INDEX(Rebate_Lookup[Instances],MATCH(A36,Rebate_Lookup[SKU CODE],0)) -> 3 | N36: =IF(H36="","",INDEX(Rebate_Lookup[Qualified Rebate Tier],MATCH(A36,Rebate_Lookup[SKU CODE],0))) | O36: =IF(OR(H36="",N36=""),"", IF(N36=1,INDEX(Rebate_Lookup[REB_MOQ_1],MATCH(A36,Rebate_Lookup[SKU CODE],0)), IF(N36=2,INDEX(Rebate_Lookup[REB_MOQ_2],MATCH(A36,Rebate_Lookup[SKU CODE],0)), IF(N36=3,INDEX(Rebate_Lookup[REB_MOQ_3],MATCH(A36,Rebate_Lookup[SKU CODE],0)), IF(N36=4,INDEX(Rebate_Lookup[REB_MOQ_4],MATCH(A36,Rebate_Lookup[SKU CODE],0)), "#err"))))) | P36: =IF(L68>5000,IF(OR(O36=0,O36=""),"",H36*O36),"") | Q36: =IF( H36>0, IF( OR( AND(ISNUMBER(SEARCH("Specticle",E36)),ISNUMBER(SEARCH("FLO",E36))), AND(ISNUMBER(SEARCH("Ronstar",E36)),ISNUMBER(SEARCH("FLO",E36))) ), IF( AND(_xlfn.XLOOKUP(A36,PRICING[SKU],PRICING[October Bonus],FALSE),$R$10="YES"), ROUND(L36*$G$113,2), "N/A" ), IFERROR( IF( _xlfn.XLOOKUP(A36,PRICING[SKU],PRICING[October Bonus],FALSE), ROUND(L36*SUM($G$109:$G$113),2), ROUND(L36*SUM($G$109:$G$112),2) ), "" ) ), "" ) | R36: =IFERROR(ROUND((L36-SUM(P36:Q36))/H36,2),"") | S36: =IF(AND(H36<>"",H36>0), ROUND(H36*R36,2),"") | T36: {=IF(OR(H36="",H36=0), ROUND(_xlfn.XLOOKUP(1,(PRICING[SKU]=A36)*(PRICING[Set]=1),PRICING[Standard Use Rate (oz/M)]),2),ROUND( _xlfn.XLOOKUP( 1, (PRICING[SKU]=A36)* (PRICING[Set]=IF( _xlfn.XLOOKUP(A36,Rebate_Lookup[SKU CODE],Rebate_Lookup[MOQ_2])=0, 1, IF( AND( _xlfn.XLOOKUP(A36,Rebate_Lookup[SKU CODE],Rebate_Lookup[MOQ_3])=0, H36>=_xlfn.XLOOKUP(A36,Rebate_Lookup[SKU CODE],Rebate_Lookup[MOQ_2]) ), 2, IF( AND( H36>=_xlfn.XLOOKUP(A36,Rebate_Lookup[SKU CODE],Rebate_Lookup[MOQ_1]), H36<_xlfn.XLOOKUP(A36,Rebate_Lookup[SKU CODE],Rebate_Lookup[MOQ_2]) ), 1, IF( AND( H36>=_xlfn.XLOOKUP(A36,Rebate_Lookup[SKU CODE],Rebate_Lookup[MOQ_2]), OR( _xlfn.XLOOKUP(A36,Rebate_Lookup[SKU CODE],Rebate_Lookup[MOQ_3])=0, H36<_xlfn.XLOOKUP(A36,Rebate_Lookup[SKU CODE],Rebate_Lookup[MOQ_3]) ) ), 2, IF( OR( AND( _xlfn.XLOOKUP(A36,Rebate_Lookup[SKU CODE],Rebate_Lookup[MOQ_4])=0, H36>=_xlfn.XLOOKUP(A36,Rebate_Lookup[SKU CODE],Rebate_Lookup[MOQ_3]) ), AND( _xlfn.XLOOKUP(A36,Rebate_Lookup[SKU CODE],Rebate_Lookup[MOQ_4])>0, H36>=_xlfn.XLOOKUP(A36,Rebate_Lookup[SKU CODE],Rebate_Lookup[MOQ_3]), H36<_xlfn.XLOOKUP(A36,Rebate_Lookup[SKU CODE],Rebate_Lookup[MOQ_4]) ) ), 3, IF( AND( _xlfn.XLOOKUP(A36,Rebate_Lookup[SKU CODE],Rebate_Lookup[MOQ_4])>0, H36>=_xlfn.XLOOKUP(A36,Rebate_Lookup[SKU CODE],Rebate_Lookup[MOQ_4]) ), 4, 1 ) ) ) ) ) )), PRICING[Standard Use Rate (oz/M)] ), 2 ))} -> 0.39 | U36: =ROUND(T36*43.56,2) -> 16.99 | V36: =IF(AND(TRIM(U36)<>"",TRIM(H36)<>""),ROUND(H36*INDEX(PRICING[Package Ounces],MATCH(A36,PRICING[SKU],0))/U36,2),"") | W36: =IF(H36<>0,ROUND(S36/V36,2),0) -> 0 | X36: =ROUND(W36/43.56,2) -> 0
A37: 81701245 | B37: =H37>0 -> FALSE | D37: {=IFERROR( _xlfn.TEXTJOIN( "; ", TRUE, _xlfn._xlws.FILTER( IF( ISNUMBER(SEARCH("*Ronstar*FLO*",PRICING[Product]))+ ISNUMBER(SEARCH("Altus*",PRICING[Product]))+ ISNUMBER(SEARCH("Kontos*",PRICING[Product])), IF( (PRICING[Min Qty]="")+(PRICING[Min Qty]=0), "1 unit", PRICING[Min Qty]&" units" ), TEXT(PRICING[Rebate $],"$#,##0.00")& " off on "& IF( (PRICING[Min Qty]="")+(PRICING[Min Qty]=0), "1 unit", PRICING[Min Qty]&" units" ) ), (PRICING[SKU]=$A37)* ( ((PRICING[Rebate $]<>"")*(PRICING[Rebate $]<>0)) + ( ( ISNUMBER(SEARCH("*Ronstar*FLO*",PRICING[Product]))+ ISNUMBER(SEARCH("Altus*",PRICING[Product]))+ ISNUMBER(SEARCH("Kontos*",PRICING[Product])) )* (PRICING[Min Qty]<>0) ) ) ) ), "" )} -> $75.00 off on 6+ units | E37: =_xlfn.XLOOKUP(A37, PRICING[SKU], PRICING[Product], "") -> Interface® Stressgard® | F37: =_xlfn.XLOOKUP(A37, PRICING[SKU], PRICING[Size], "") -> 2.5 gal | G37: =IF(_xlfn.XLOOKUP(A37,PRICING[SKU],PRICING[Indication])="I","Insecticide", IF(_xlfn.XLOOKUP(A37,PRICING[SKU],PRICING[Indication])="H","Herbicide", IF(_xlfn.XLOOKUP(A37,PRICING[SKU],PRICING[Indication])="F","Fungicide", IF(_xlfn.XLOOKUP(A37,PRICING[SKU],PRICING[Indication])="PGR","PGR","")))) -> Fungicide | I37: =INDEX(PRICING[2026 In-Season Price],MATCH(A37,PRICING[SKU],0)) -> 598.4 | J37: =IF(H37*I37= 0,"",H37*I37) | K37: =INDEX(PRICING[NOW Price],MATCH(A37,PRICING[SKU],0)) -> 598.4 | L37: =IF(H37*K37= 0,"",ROUND(H37*K37,2)) | M37: =INDEX(Rebate_Lookup[Instances],MATCH(A37,Rebate_Lookup[SKU CODE],0)) -> 2 | N37: =IF(H37="","",INDEX(Rebate_Lookup[Qualified Rebate Tier],MATCH(A37,Rebate_Lookup[SKU CODE],0))) | O37: =IF(OR(H37="",N37=""),"", IF(N37=1,INDEX(Rebate_Lookup[REB_MOQ_1],MATCH(A37,Rebate_Lookup[SKU CODE],0)), IF(N37=2,INDEX(Rebate_Lookup[REB_MOQ_2],MATCH(A37,Rebate_Lookup[SKU CODE],0)), IF(N37=3,INDEX(Rebate_Lookup[REB_MOQ_3],MATCH(A37,Rebate_Lookup[SKU CODE],0)), IF(N37=4,INDEX(Rebate_Lookup[REB_MOQ_4],MATCH(A37,Rebate_Lookup[SKU CODE],0)), "#err"))))) | P37: =IF(L68>5000,IF(OR(O37=0,O37=""),"",H37*O37),"") | Q37: =IF( H37>0, IF( OR( AND(ISNUMBER(SEARCH("Specticle",E37)),ISNUMBER(SEARCH("FLO",E37))), AND(ISNUMBER(SEARCH("Ronstar",E37)),ISNUMBER(SEARCH("FLO",E37))) ), IF( AND(_xlfn.XLOOKUP(A37,PRICING[SKU],PRICING[October Bonus],FALSE),$R$10="YES"), ROUND(L37*$G$113,2), "N/A" ), IFERROR( IF( _xlfn.XLOOKUP(A37,PRICING[SKU],PRICING[October Bonus],FALSE), ROUND(L37*SUM($G$109:$G$113),2), ROUND(L37*SUM($G$109:$G$112),2) ), "" ) ), "" ) | R37: =IFERROR(ROUND((L37-SUM(P37:Q37))/H37,2),"") | S37: =IF(AND(H37<>"",H37>0), ROUND(H37*R37,2),"") | T37: {=IF(OR(H37="",H37=0), ROUND(_xlfn.XLOOKUP(1,(PRICING[SKU]=A37)*(PRICING[Set]=1),PRICING[Standard Use Rate (oz/M)]),2),ROUND( _xlfn.XLOOKUP( 1, (PRICING[SKU]=A37)* (PRICING[Set]=IF( _xlfn.XLOOKUP(A37,Rebate_Lookup[SKU CODE],Rebate_Lookup[MOQ_2])=0, 1, IF( AND( _xlfn.XLOOKUP(A37,Rebate_Lookup[SKU CODE],Rebate_Lookup[MOQ_3])=0, H37>=_xlfn.XLOOKUP(A37,Rebate_Lookup[SKU CODE],Rebate_Lookup[MOQ_2]) ), 2, IF( AND( H37>=_xlfn.XLOOKUP(A37,Rebate_Lookup[SKU CODE],Rebate_Lookup[MOQ_1]), H37<_xlfn.XLOOKUP(A37,Rebate_Lookup[SKU CODE],Rebate_Lookup[MOQ_2]) ), 1, IF( AND( H37>=_xlfn.XLOOKUP(A37,Rebate_Lookup[SKU CODE],Rebate_Lookup[MOQ_2]), OR( _xlfn.XLOOKUP(A37,Rebate_Lookup[SKU CODE],Rebate_Lookup[MOQ_3])=0, H37<_xlfn.XLOOKUP(A37,Rebate_Lookup[SKU CODE],Rebate_Lookup[MOQ_3]) ) ), 2, IF( OR( AND( _xlfn.XLOOKUP(A37,Rebate_Lookup[SKU CODE],Rebate_Lookup[MOQ_4])=0, H37>=_xlfn.XLOOKUP(A37,Rebate_Lookup[SKU CODE],Rebate_Lookup[MOQ_3]) ), AND( _xlfn.XLOOKUP(A37,Rebate_Lookup[SKU CODE],Rebate_Lookup[MOQ_4])>0, H37>=_xlfn.XLOOKUP(A37,Rebate_Lookup[SKU CODE],Rebate_Lookup[MOQ_3]), H37<_xlfn.XLOOKUP(A37,Rebate_Lookup[SKU CODE],Rebate_Lookup[MOQ_4]) ) ), 3, IF( AND( _xlfn.XLOOKUP(A37,Rebate_Lookup[SKU CODE],Rebate_Lookup[MOQ_4])>0, H37>=_xlfn.XLOOKUP(A37,Rebate_Lookup[SKU CODE],Rebate_Lookup[MOQ_4]) ), 4, 1 ) ) ) ) ) )), PRICING[Standard Use Rate (oz/M)] ), 2 ))} -> 4 | U37: =ROUND(T37*43.56,2) -> 174.24 | V37: =IF(AND(TRIM(U37)<>"",TRIM(H37)<>""),ROUND(H37*INDEX(PRICING[Package Ounces],MATCH(A37,PRICING[SKU],0))/U37,2),"") | W37: =IF(H37<>0,ROUND(S37/V37,2),0) -> 0 | X37: =ROUND(W37/43.56,2) -> 0
A38: 11013671 | B38: =H38>0 -> FALSE | D38: {=IFERROR( _xlfn.TEXTJOIN( "; ", TRUE, _xlfn._xlws.FILTER( IF( ISNUMBER(SEARCH("*Ronstar*FLO*",PRICING[Product]))+ ISNUMBER(SEARCH("Altus*",PRICING[Product]))+ ISNUMBER(SEARCH("Kontos*",PRICING[Product])), IF( (PRICING[Min Qty]="")+(PRICING[Min Qty]=0), "1 unit", PRICING[Min Qty]&" units" ), TEXT(PRICING[Rebate $],"$#,##0.00")& " off on "& IF( (PRICING[Min Qty]="")+(PRICING[Min Qty]=0), "1 unit", PRICING[Min Qty]&" units" ) ), (PRICING[SKU]=$A38)* ( ((PRICING[Rebate $]<>"")*(PRICING[Rebate $]<>0)) + ( ( ISNUMBER(SEARCH("*Ronstar*FLO*",PRICING[Product]))+ ISNUMBER(SEARCH("Altus*",PRICING[Product]))+ ISNUMBER(SEARCH("Kontos*",PRICING[Product])) )* (PRICING[Min Qty]<>0) ) ) ) ), "" )} -> $325.00 off on 4+ units | E38: =_xlfn.XLOOKUP(A38, PRICING[SKU], PRICING[Product], "") -> Kalida® Fungicide | F38: =_xlfn.XLOOKUP(A38, PRICING[SKU], PRICING[Size], "") -> 64 oz | G38: =IF(_xlfn.XLOOKUP(A38,PRICING[SKU],PRICING[Indication])="I","Insecticide", IF(_xlfn.XLOOKUP(A38,PRICING[SKU],PRICING[Indication])="H","Herbicide", IF(_xlfn.XLOOKUP(A38,PRICING[SKU],PRICING[Indication])="F","Fungicide", IF(_xlfn.XLOOKUP(A38,PRICING[SKU],PRICING[Indication])="PGR","PGR","")))) -> Fungicide | I38: =INDEX(PRICING[2026 In-Season Price],MATCH(A38,PRICING[SKU],0)) -> 924.16 | J38: =IF(H38*I38= 0,"",H38*I38) | K38: =INDEX(PRICING[NOW Price],MATCH(A38,PRICING[SKU],0)) -> 924.16 | L38: =IF(H38*K38= 0,"",ROUND(H38*K38,2)) | M38: =INDEX(Rebate_Lookup[Instances],MATCH(A38,Rebate_Lookup[SKU CODE],0)) -> 2 | N38: =IF(H38="","",INDEX(Rebate_Lookup[Qualified Rebate Tier],MATCH(A38,Rebate_Lookup[SKU CODE],0))) | O38: =IF(OR(H38="",N38=""),"", IF(N38=1,INDEX(Rebate_Lookup[REB_MOQ_1],MATCH(A38,Rebate_Lookup[SKU CODE],0)), IF(N38=2,INDEX(Rebate_Lookup[REB_MOQ_2],MATCH(A38,Rebate_Lookup[SKU CODE],0)), IF(N38=3,INDEX(Rebate_Lookup[REB_MOQ_3],MATCH(A38,Rebate_Lookup[SKU CODE],0)), IF(N38=4,INDEX(Rebate_Lookup[REB_MOQ_4],MATCH(A38,Rebate_Lookup[SKU CODE],0)), "#err"))))) | P38: =IF(L68>5000,IF(OR(O38=0,O38=""),"",H38*O38),"") | Q38: =IF( H38>0, IF( OR( AND(ISNUMBER(SEARCH("Specticle",E38)),ISNUMBER(SEARCH("FLO",E38))), AND(ISNUMBER(SEARCH("Ronstar",E38)),ISNUMBER(SEARCH("FLO",E38))) ), IF( AND(_xlfn.XLOOKUP(A38,PRICING[SKU],PRICING[October Bonus],FALSE),$R$10="YES"), ROUND(L38*$G$113,2), "N/A" ), IFERROR( IF( _xlfn.XLOOKUP(A38,PRICING[SKU],PRICING[October Bonus],FALSE), ROUND(L38*SUM($G$109:$G$113),2), ROUND(L38*SUM($G$109:$G$112),2) ), "" ) ), "" ) | R38: =IFERROR(ROUND((L38-SUM(P38:Q38))/H38,2),"") | S38: =IF(AND(H38<>"",H38>0), ROUND(H38*R38,2),"") | T38: {=IF(OR(H38="",H38=0), ROUND(_xlfn.XLOOKUP(1,(PRICING[SKU]=A38)*(PRICING[Set]=1),PRICING[Standard Use Rate (oz/M)]),2),ROUND( _xlfn.XLOOKUP( 1, (PRICING[SKU]=A38)* (PRICING[Set]=IF( _xlfn.XLOOKUP(A38,Rebate_Lookup[SKU CODE],Rebate_Lookup[MOQ_2])=0, 1, IF( AND( _xlfn.XLOOKUP(A38,Rebate_Lookup[SKU CODE],Rebate_Lookup[MOQ_3])=0, H38>=_xlfn.XLOOKUP(A38,Rebate_Lookup[SKU CODE],Rebate_Lookup[MOQ_2]) ), 2, IF( AND( H38>=_xlfn.XLOOKUP(A38,Rebate_Lookup[SKU CODE],Rebate_Lookup[MOQ_1]), H38<_xlfn.XLOOKUP(A38,Rebate_Lookup[SKU CODE],Rebate_Lookup[MOQ_2]) ), 1, IF( AND( H38>=_xlfn.XLOOKUP(A38,Rebate_Lookup[SKU CODE],Rebate_Lookup[MOQ_2]), OR( _xlfn.XLOOKUP(A38,Rebate_Lookup[SKU CODE],Rebate_Lookup[MOQ_3])=0, H38<_xlfn.XLOOKUP(A38,Rebate_Lookup[SKU CODE],Rebate_Lookup[MOQ_3]) ) ), 2, IF( OR( AND( _xlfn.XLOOKUP(A38,Rebate_Lookup[SKU CODE],Rebate_Lookup[MOQ_4])=0, H38>=_xlfn.XLOOKUP(A38,Rebate_Lookup[SKU CODE],Rebate_Lookup[MOQ_3]) ), AND( _xlfn.XLOOKUP(A38,Rebate_Lookup[SKU CODE],Rebate_Lookup[MOQ_4])>0, H38>=_xlfn.XLOOKUP(A38,Rebate_Lookup[SKU CODE],Rebate_Lookup[MOQ_3]), H38<_xlfn.XLOOKUP(A38,Rebate_Lookup[SKU CODE],Rebate_Lookup[MOQ_4]) ) ), 3, IF( AND( _xlfn.XLOOKUP(A38,Rebate_Lookup[SKU CODE],Rebate_Lookup[MOQ_4])>0, H38>=_xlfn.XLOOKUP(A38,Rebate_Lookup[SKU CODE],Rebate_Lookup[MOQ_4]) ), 4, 1 ) ) ) ) ) )), PRICING[Standard Use Rate (oz/M)] ), 2 ))} -> 0.4 | U38: =ROUND(T38*43.56,2) -> 17.42 | V38: =IF(AND(TRIM(U38)<>"",TRIM(H38)<>""),ROUND(H38*INDEX(PRICING[Package Ounces],MATCH(A38,PRICING[SKU],0))/U38,2),"") | W38: =IF(H38<>0,ROUND(S38/V38,2),0) -> 0 | X38: =ROUND(W38/43.56,2) -> 0
A39: D00000944 | B39: =H39>0 -> FALSE | D39: {=IFERROR( _xlfn.TEXTJOIN( "; ", TRUE, _xlfn._xlws.FILTER( IF( ISNUMBER(SEARCH("*Ronstar*FLO*",PRICING[Product]))+ ISNUMBER(SEARCH("Altus*",PRICING[Product]))+ ISNUMBER(SEARCH("Kontos*",PRICING[Product])), IF( (PRICING[Min Qty]="")+(PRICING[Min Qty]=0), "1 unit", PRICING[Min Qty]&" units" ), TEXT(PRICING[Rebate $],"$#,##0.00")& " off on "& IF( (PRICING[Min Qty]="")+(PRICING[Min Qty]=0), "1 unit", PRICING[Min Qty]&" units" ) ), (PRICING[SKU]=$A39)* ( ((PRICING[Rebate $]<>"")*(PRICING[Rebate $]<>0)) + ( ( ISNUMBER(SEARCH("*Ronstar*FLO*",PRICING[Product]))+ ISNUMBER(SEARCH("Altus*",PRICING[Product]))+ ISNUMBER(SEARCH("Kontos*",PRICING[Product])) )* (PRICING[Min Qty]<>0) ) ) ) ), "" )} | E39: =_xlfn.XLOOKUP(A39, PRICING[SKU], PRICING[Product], "") -> Kontos® | F39: =_xlfn.XLOOKUP(A39, PRICING[SKU], PRICING[Size], "") -> 250 ml | G39: =IF(_xlfn.XLOOKUP(A39,PRICING[SKU],PRICING[Indication])="I","Insecticide", IF(_xlfn.XLOOKUP(A39,PRICING[SKU],PRICING[Indication])="H","Herbicide", IF(_xlfn.XLOOKUP(A39,PRICING[SKU],PRICING[Indication])="F","Fungicide", IF(_xlfn.XLOOKUP(A39,PRICING[SKU],PRICING[Indication])="PGR","PGR","")))) -> Insecticide | I39: =INDEX(PRICING[2026 In-Season Price],MATCH(A39,PRICING[SKU],0)) -> 235 | J39: =IF(H39*I39= 0,"",H39*I39) | K39: =INDEX(PRICING[NOW Price],MATCH(A39,PRICING[SKU],0)) -> 235 | L39: =IF(H39*K39= 0,"",ROUND(H39*K39,2)) | M39: =INDEX(Rebate_Lookup[Instances],MATCH(A39,Rebate_Lookup[SKU CODE],0)) -> 1 | N39: =IF(H39="","",INDEX(Rebate_Lookup[Qualified Rebate Tier],MATCH(A39,Rebate_Lookup[SKU CODE],0))) | O39: =IF(OR(H39="",N39=""),"", IF(N39=1,INDEX(Rebate_Lookup[REB_MOQ_1],MATCH(A39,Rebate_Lookup[SKU CODE],0)), IF(N39=2,INDEX(Rebate_Lookup[REB_MOQ_2],MATCH(A39,Rebate_Lookup[SKU CODE],0)), IF(N39=3,INDEX(Rebate_Lookup[REB_MOQ_3],MATCH(A39,Rebate_Lookup[SKU CODE],0)), IF(N39=4,INDEX(Rebate_Lookup[REB_MOQ_4],MATCH(A39,Rebate_Lookup[SKU CODE],0)), "#err"))))) | P39: =IF(L68>5000,IF(OR(O39=0,O39=""),"",H39*O39),"") | Q39: =IF( H39>0, IF( OR( AND(ISNUMBER(SEARCH("Specticle",E39)),ISNUMBER(SEARCH("FLO",E39))), AND(ISNUMBER(SEARCH("Ronstar",E39)),ISNUMBER(SEARCH("FLO",E39))) ), IF( AND(_xlfn.XLOOKUP(A39,PRICING[SKU],PRICING[October Bonus],FALSE),$R$10="YES"), ROUND(L39*$G$113,2), "N/A" ), IFERROR( IF( _xlfn.XLOOKUP(A39,PRICING[SKU],PRICING[October Bonus],FALSE), ROUND(L39*SUM($G$109:$G$113),2), ROUND(L39*SUM($G$109:$G$112),2) ), "" ) ), "" ) | R39: =IFERROR(ROUND((L39-SUM(P39:Q39))/H39,2),"") | S39: =IF(AND(H39<>"",H39>0), ROUND(H39*R39,2),"") | T39: {=IF(OR(H39="",H39=0), ROUND(_xlfn.XLOOKUP(1,(PRICING[SKU]=A39)*(PRICING[Set]=1),PRICING[Standard Use Rate (oz/M)]),2),ROUND( _xlfn.XLOOKUP( 1, (PRICING[SKU]=A39)* (PRICING[Set]=IF( _xlfn.XLOOKUP(A39,Rebate_Lookup[SKU CODE],Rebate_Lookup[MOQ_2])=0, 1, IF( AND( _xlfn.XLOOKUP(A39,Rebate_Lookup[SKU CODE],Rebate_Lookup[MOQ_3])=0, H39>=_xlfn.XLOOKUP(A39,Rebate_Lookup[SKU CODE],Rebate_Lookup[MOQ_2]) ), 2, IF( AND( H39>=_xlfn.XLOOKUP(A39,Rebate_Lookup[SKU CODE],Rebate_Lookup[MOQ_1]), H39<_xlfn.XLOOKUP(A39,Rebate_Lookup[SKU CODE],Rebate_Lookup[MOQ_2]) ), 1, IF( AND( H39>=_xlfn.XLOOKUP(A39,Rebate_Lookup[SKU CODE],Rebate_Lookup[MOQ_2]), OR( _xlfn.XLOOKUP(A39,Rebate_Lookup[SKU CODE],Rebate_Lookup[MOQ_3])=0, H39<_xlfn.XLOOKUP(A39,Rebate_Lookup[SKU CODE],Rebate_Lookup[MOQ_3]) ) ), 2, IF( OR( AND( _xlfn.XLOOKUP(A39,Rebate_Lookup[SKU CODE],Rebate_Lookup[MOQ_4])=0, H39>=_xlfn.XLOOKUP(A39,Rebate_Lookup[SKU CODE],Rebate_Lookup[MOQ_3]) ), AND( _xlfn.XLOOKUP(A39,Rebate_Lookup[SKU CODE],Rebate_Lookup[MOQ_4])>0, H39>=_xlfn.XLOOKUP(A39,Rebate_Lookup[SKU CODE],Rebate_Lookup[MOQ_3]), H39<_xlfn.XLOOKUP(A39,Rebate_Lookup[SKU CODE],Rebate_Lookup[MOQ_4]) ) ), 3, IF( AND( _xlfn.XLOOKUP(A39,Rebate_Lookup[SKU CODE],Rebate_Lookup[MOQ_4])>0, H39>=_xlfn.XLOOKUP(A39,Rebate_Lookup[SKU CODE],Rebate_Lookup[MOQ_4]) ), 4, 1 ) ) ) ) ) )), PRICING[Standard Use Rate (oz/M)] ), 2 ))} -> 0.11 | U39: =ROUND(T39*43.56,2) -> 4.79 | V39: =IF(AND(TRIM(U39)<>"",TRIM(H39)<>""),ROUND(H39*INDEX(PRICING[Package Ounces],MATCH(A39,PRICING[SKU],0))/U39,2),"") | W39: =IF(H39<>0,ROUND(S39/V39,2),0) -> 0 | X39: =ROUND(W39/43.56,2) -> 0
A40: D00001272-1 | B40: =H40>0 -> FALSE | D40: {=IFERROR( _xlfn.TEXTJOIN( "; ", TRUE, _xlfn._xlws.FILTER( IF( ISNUMBER(SEARCH("*Ronstar*FLO*",PRICING[Product]))+ ISNUMBER(SEARCH("Altus*",PRICING[Product]))+ ISNUMBER(SEARCH("Kontos*",PRICING[Product])), IF( (PRICING[Min Qty]="")+(PRICING[Min Qty]=0), "1 unit", PRICING[Min Qty]&" units" ), TEXT(PRICING[Rebate $],"$#,##0.00")& " off on "& IF( (PRICING[Min Qty]="")+(PRICING[Min Qty]=0), "1 unit", PRICING[Min Qty]&" units" ) ), (PRICING[SKU]=$A40)* ( ((PRICING[Rebate $]<>"")*(PRICING[Rebate $]<>0)) + ( ( ISNUMBER(SEARCH("*Ronstar*FLO*",PRICING[Product]))+ ISNUMBER(SEARCH("Altus*",PRICING[Product]))+ ISNUMBER(SEARCH("Kontos*",PRICING[Product])) )* (PRICING[Min Qty]<>0) ) ) ) ), "" )} -> 1-3 units | E40: =_xlfn.XLOOKUP(A40, PRICING[SKU], PRICING[Product], "") -> Kontos® | F40: =_xlfn.XLOOKUP(A40, PRICING[SKU], PRICING[Size], "") -> 1 qt | G40: =IF(_xlfn.XLOOKUP(A40,PRICING[SKU],PRICING[Indication])="I","Insecticide", IF(_xlfn.XLOOKUP(A40,PRICING[SKU],PRICING[Indication])="H","Herbicide", IF(_xlfn.XLOOKUP(A40,PRICING[SKU],PRICING[Indication])="F","Fungicide", IF(_xlfn.XLOOKUP(A40,PRICING[SKU],PRICING[Indication])="PGR","PGR","")))) -> Insecticide | I40: =INDEX(PRICING[2026 In-Season Price],MATCH(A40,PRICING[SKU],0)) -> 777.92 | J40: =IF(H40*I40= 0,"",H40*I40) | K40: =INDEX(PRICING[NOW Price],MATCH(A40,PRICING[SKU],0)) -> 777.92 | L40: =IF(H40*K40= 0,"",ROUND(H40*K40,2)) | M40: =INDEX(Rebate_Lookup[Instances],MATCH(A40,Rebate_Lookup[SKU CODE],0)) -> 1 | N40: =IF(H40="","",INDEX(Rebate_Lookup[Qualified Rebate Tier],MATCH(A40,Rebate_Lookup[SKU CODE],0))) | O40: =IF(OR(H40="",N40=""),"", IF(N40=1,INDEX(Rebate_Lookup[REB_MOQ_1],MATCH(A40,Rebate_Lookup[SKU CODE],0)), IF(N40=2,INDEX(Rebate_Lookup[REB_MOQ_2],MATCH(A40,Rebate_Lookup[SKU CODE],0)), IF(N40=3,INDEX(Rebate_Lookup[REB_MOQ_3],MATCH(A40,Rebate_Lookup[SKU CODE],0)), IF(N40=4,INDEX(Rebate_Lookup[REB_MOQ_4],MATCH(A40,Rebate_Lookup[SKU CODE],0)), "#err"))))) | P40: =IF(L68>5000,IF(OR(O40=0,O40=""),"",H40*O40),"") | Q40: =IF( H40>0, IF( OR( AND(ISNUMBER(SEARCH("Specticle",E40)),ISNUMBER(SEARCH("FLO",E40))), AND(ISNUMBER(SEARCH("Ronstar",E40)),ISNUMBER(SEARCH("FLO",E40))) ), IF( AND(_xlfn.XLOOKUP(A40,PRICING[SKU],PRICING[October Bonus],FALSE),$R$10="YES"), ROUND(L40*$G$113,2), "N/A" ), IFERROR( IF( _xlfn.XLOOKUP(A40,PRICING[SKU],PRICING[October Bonus],FALSE), ROUND(L40*SUM($G$109:$G$113),2), ROUND(L40*SUM($G$109:$G$112),2) ), "" ) ), "" ) | R40: =IFERROR(ROUND((L40-SUM(P40:Q40))/H40,2),"") | S40: =IF(AND(H40<>"",H40>0), ROUND(H40*R40,2),"") | T40: {=IF(OR(H40="",H40=0), ROUND(_xlfn.XLOOKUP(1,(PRICING[SKU]=A40)*(PRICING[Set]=1),PRICING[Standard Use Rate (oz/M)]),2),ROUND( _xlfn.XLOOKUP( 1, (PRICING[SKU]=A40)* (PRICING[Set]=IF( _xlfn.XLOOKUP(A40,Rebate_Lookup[SKU CODE],Rebate_Lookup[MOQ_2])=0, 1, IF( AND( _xlfn.XLOOKUP(A40,Rebate_Lookup[SKU CODE],Rebate_Lookup[MOQ_3])=0, H40>=_xlfn.XLOOKUP(A40,Rebate_Lookup[SKU CODE],Rebate_Lookup[MOQ_2]) ), 2, IF( AND( H40>=_xlfn.XLOOKUP(A40,Rebate_Lookup[SKU CODE],Rebate_Lookup[MOQ_1]), H40<_xlfn.XLOOKUP(A40,Rebate_Lookup[SKU CODE],Rebate_Lookup[MOQ_2]) ), 1, IF( AND( H40>=_xlfn.XLOOKUP(A40,Rebate_Lookup[SKU CODE],Rebate_Lookup[MOQ_2]), OR( _xlfn.XLOOKUP(A40,Rebate_Lookup[SKU CODE],Rebate_Lookup[MOQ_3])=0, H40<_xlfn.XLOOKUP(A40,Rebate_Lookup[SKU CODE],Rebate_Lookup[MOQ_3]) ) ), 2, IF( OR( AND( _xlfn.XLOOKUP(A40,Rebate_Lookup[SKU CODE],Rebate_Lookup[MOQ_4])=0, H40>=_xlfn.XLOOKUP(A40,Rebate_Lookup[SKU CODE],Rebate_Lookup[MOQ_3]) ), AND( _xlfn.XLOOKUP(A40,Rebate_Lookup[SKU CODE],Rebate_Lookup[MOQ_4])>0, H40>=_xlfn.XLOOKUP(A40,Rebate_Lookup[SKU CODE],Rebate_Lookup[MOQ_3]), H40<_xlfn.XLOOKUP(A40,Rebate_Lookup[SKU CODE],Rebate_Lookup[MOQ_4]) ) ), 3, IF( AND( _xlfn.XLOOKUP(A40,Rebate_Lookup[SKU CODE],Rebate_Lookup[MOQ_4])>0, H40>=_xlfn.XLOOKUP(A40,Rebate_Lookup[SKU CODE],Rebate_Lookup[MOQ_4]) ), 4, 1 ) ) ) ) ) )), PRICING[Standard Use Rate (oz/M)] ), 2 ))} -> 0.11 | U40: =ROUND(T40*43.56,2) -> 4.79 | V40: =IF(AND(TRIM(U40)<>"",TRIM(H40)<>""),ROUND(H40*INDEX(PRICING[Package Ounces],MATCH(A40,PRICING[SKU],0))/U40,2),"") | W40: =IF(H40<>0,ROUND(S40/V40,2),0) -> 0 | X40: =ROUND(W40/43.56,2) -> 0
A41: D00001272-2 | B41: =H41>0 -> FALSE | D41: {=IFERROR( _xlfn.TEXTJOIN( "; ", TRUE, _xlfn._xlws.FILTER( IF( ISNUMBER(SEARCH("*Ronstar*FLO*",PRICING[Product]))+ ISNUMBER(SEARCH("Altus*",PRICING[Product]))+ ISNUMBER(SEARCH("Kontos*",PRICING[Product])), IF( (PRICING[Min Qty]="")+(PRICING[Min Qty]=0), "1 unit", PRICING[Min Qty]&" units" ), TEXT(PRICING[Rebate $],"$#,##0.00")& " off on "& IF( (PRICING[Min Qty]="")+(PRICING[Min Qty]=0), "1 unit", PRICING[Min Qty]&" units" ) ), (PRICING[SKU]=$A41)* ( ((PRICING[Rebate $]<>"")*(PRICING[Rebate $]<>0)) + ( ( ISNUMBER(SEARCH("*Ronstar*FLO*",PRICING[Product]))+ ISNUMBER(SEARCH("Altus*",PRICING[Product]))+ ISNUMBER(SEARCH("Kontos*",PRICING[Product])) )* (PRICING[Min Qty]<>0) ) ) ) ), "" )} -> 4-15 units | E41: =_xlfn.XLOOKUP(A41, PRICING[SKU], PRICING[Product], "") -> Kontos® | F41: =_xlfn.XLOOKUP(A41, PRICING[SKU], PRICING[Size], "") -> 1 qt | G41: =IF(_xlfn.XLOOKUP(A41,PRICING[SKU],PRICING[Indication])="I","Insecticide", IF(_xlfn.XLOOKUP(A41,PRICING[SKU],PRICING[Indication])="H","Herbicide", IF(_xlfn.XLOOKUP(A41,PRICING[SKU],PRICING[Indication])="F","Fungicide", IF(_xlfn.XLOOKUP(A41,PRICING[SKU],PRICING[Indication])="PGR","PGR","")))) -> Insecticide | I41: =INDEX(PRICING[2026 In-Season Price],MATCH(A41,PRICING[SKU],0)) -> 777.92 | J41: =IF(H41*I41= 0,"",H41*I41) | K41: =INDEX(PRICING[NOW Price],MATCH(A41,PRICING[SKU],0)) -> 719.68 | L41: =IF(H41*K41= 0,"",ROUND(H41*K41,2)) | M41: =INDEX(Rebate_Lookup[Instances],MATCH(A41,Rebate_Lookup[SKU CODE],0)) -> 1 | N41: =IF(H41="","",INDEX(Rebate_Lookup[Qualified Rebate Tier],MATCH(A41,Rebate_Lookup[SKU CODE],0))) | O41: =IF(OR(H41="",N41=""),"", IF(N41=1,INDEX(Rebate_Lookup[REB_MOQ_1],MATCH(A41,Rebate_Lookup[SKU CODE],0)), IF(N41=2,INDEX(Rebate_Lookup[REB_MOQ_2],MATCH(A41,Rebate_Lookup[SKU CODE],0)), IF(N41=3,INDEX(Rebate_Lookup[REB_MOQ_3],MATCH(A41,Rebate_Lookup[SKU CODE],0)), IF(N41=4,INDEX(Rebate_Lookup[REB_MOQ_4],MATCH(A41,Rebate_Lookup[SKU CODE],0)), "#err"))))) | P41: =IF(L68>5000,IF(OR(O41=0,O41=""),"",H41*O41),"") | Q41: =IF( H41>0, IF( OR( AND(ISNUMBER(SEARCH("Specticle",E41)),ISNUMBER(SEARCH("FLO",E41))), AND(ISNUMBER(SEARCH("Ronstar",E41)),ISNUMBER(SEARCH("FLO",E41))) ), IF( AND(_xlfn.XLOOKUP(A41,PRICING[SKU],PRICING[October Bonus],FALSE),$R$10="YES"), ROUND(L41*$G$113,2), "N/A" ), IFERROR( IF( _xlfn.XLOOKUP(A41,PRICING[SKU],PRICING[October Bonus],FALSE), ROUND(L41*SUM($G$109:$G$113),2), ROUND(L41*SUM($G$109:$G$112),2) ), "" ) ), "" ) | R41: =IFERROR(ROUND((L41-SUM(P41:Q41))/H41,2),"") | S41: =IF(AND(H41<>"",H41>0), ROUND(H41*R41,2),"") | T41: {=IF(OR(H41="",H41=0), ROUND(_xlfn.XLOOKUP(1,(PRICING[SKU]=A41)*(PRICING[Set]=1),PRICING[Standard Use Rate (oz/M)]),2),ROUND( _xlfn.XLOOKUP( 1, (PRICING[SKU]=A41)* (PRICING[Set]=IF( _xlfn.XLOOKUP(A41,Rebate_Lookup[SKU CODE],Rebate_Lookup[MOQ_2])=0, 1, IF( AND( _xlfn.XLOOKUP(A41,Rebate_Lookup[SKU CODE],Rebate_Lookup[MOQ_3])=0, H41>=_xlfn.XLOOKUP(A41,Rebate_Lookup[SKU CODE],Rebate_Lookup[MOQ_2]) ), 2, IF( AND( H41>=_xlfn.XLOOKUP(A41,Rebate_Lookup[SKU CODE],Rebate_Lookup[MOQ_1]), H41<_xlfn.XLOOKUP(A41,Rebate_Lookup[SKU CODE],Rebate_Lookup[MOQ_2]) ), 1, IF( AND( H41>=_xlfn.XLOOKUP(A41,Rebate_Lookup[SKU CODE],Rebate_Lookup[MOQ_2]), OR( _xlfn.XLOOKUP(A41,Rebate_Lookup[SKU CODE],Rebate_Lookup[MOQ_3])=0, H41<_xlfn.XLOOKUP(A41,Rebate_Lookup[SKU CODE],Rebate_Lookup[MOQ_3]) ) ), 2, IF( OR( AND( _xlfn.XLOOKUP(A41,Rebate_Lookup[SKU CODE],Rebate_Lookup[MOQ_4])=0, H41>=_xlfn.XLOOKUP(A41,Rebate_Lookup[SKU CODE],Rebate_Lookup[MOQ_3]) ), AND( _xlfn.XLOOKUP(A41,Rebate_Lookup[SKU CODE],Rebate_Lookup[MOQ_4])>0, H41>=_xlfn.XLOOKUP(A41,Rebate_Lookup[SKU CODE],Rebate_Lookup[MOQ_3]), H41<_xlfn.XLOOKUP(A41,Rebate_Lookup[SKU CODE],Rebate_Lookup[MOQ_4]) ) ), 3, IF( AND( _xlfn.XLOOKUP(A41,Rebate_Lookup[SKU CODE],Rebate_Lookup[MOQ_4])>0, H41>=_xlfn.XLOOKUP(A41,Rebate_Lookup[SKU CODE],Rebate_Lookup[MOQ_4]) ), 4, 1 ) ) ) ) ) )), PRICING[Standard Use Rate (oz/M)] ), 2 ))} -> 0.11 | U41: =ROUND(T41*43.56,2) -> 4.79 | V41: =IF(AND(TRIM(U41)<>"",TRIM(H41)<>""),ROUND(H41*INDEX(PRICING[Package Ounces],MATCH(A41,PRICING[SKU],0))/U41,2),"") | W41: =IF(H41<>0,ROUND(S41/V41,2),0) -> 0 | X41: =ROUND(W41/43.56,2) -> 0
A42: D00001272-3 | B42: =H42>0 -> FALSE | D42: {=IFERROR( _xlfn.TEXTJOIN( "; ", TRUE, _xlfn._xlws.FILTER( IF( ISNUMBER(SEARCH("*Ronstar*FLO*",PRICING[Product]))+ ISNUMBER(SEARCH("Altus*",PRICING[Product]))+ ISNUMBER(SEARCH("Kontos*",PRICING[Product])), IF( (PRICING[Min Qty]="")+(PRICING[Min Qty]=0), "1 unit", PRICING[Min Qty]&" units" ), TEXT(PRICING[Rebate $],"$#,##0.00")& " off on "& IF( (PRICING[Min Qty]="")+(PRICING[Min Qty]=0), "1 unit", PRICING[Min Qty]&" units" ) ), (PRICING[SKU]=$A42)* ( ((PRICING[Rebate $]<>"")*(PRICING[Rebate $]<>0)) + ( ( ISNUMBER(SEARCH("*Ronstar*FLO*",PRICING[Product]))+ ISNUMBER(SEARCH("Altus*",PRICING[Product]))+ ISNUMBER(SEARCH("Kontos*",PRICING[Product])) )* (PRICING[Min Qty]<>0) ) ) ) ), "" )} -> 16+ units | E42: =_xlfn.XLOOKUP(A42, PRICING[SKU], PRICING[Product], "") -> Kontos® | F42: =_xlfn.XLOOKUP(A42, PRICING[SKU], PRICING[Size], "") -> 1 qt | G42: =IF(_xlfn.XLOOKUP(A42,PRICING[SKU],PRICING[Indication])="I","Insecticide", IF(_xlfn.XLOOKUP(A42,PRICING[SKU],PRICING[Indication])="H","Herbicide", IF(_xlfn.XLOOKUP(A42,PRICING[SKU],PRICING[Indication])="F","Fungicide", IF(_xlfn.XLOOKUP(A42,PRICING[SKU],PRICING[Indication])="PGR","PGR","")))) -> Insecticide | I42: =INDEX(PRICING[2026 In-Season Price],MATCH(A42,PRICING[SKU],0)) -> 777.92 | J42: =IF(H42*I42= 0,"",H42*I42) | K42: =INDEX(PRICING[NOW Price],MATCH(A42,PRICING[SKU],0)) -> 661.12 | L42: =IF(H42*K42= 0,"",ROUND(H42*K42,2)) | M42: =INDEX(Rebate_Lookup[Instances],MATCH(A42,Rebate_Lookup[SKU CODE],0)) -> 1 | N42: =IF(H42="","",INDEX(Rebate_Lookup[Qualified Rebate Tier],MATCH(A42,Rebate_Lookup[SKU CODE],0))) | O42: =IF(OR(H42="",N42=""),"", IF(N42=1,INDEX(Rebate_Lookup[REB_MOQ_1],MATCH(A42,Rebate_Lookup[SKU CODE],0)), IF(N42=2,INDEX(Rebate_Lookup[REB_MOQ_2],MATCH(A42,Rebate_Lookup[SKU CODE],0)), IF(N42=3,INDEX(Rebate_Lookup[REB_MOQ_3],MATCH(A42,Rebate_Lookup[SKU CODE],0)), IF(N42=4,INDEX(Rebate_Lookup[REB_MOQ_4],MATCH(A42,Rebate_Lookup[SKU CODE],0)), "#err"))))) | P42: =IF(L68>5000,IF(OR(O42=0,O42=""),"",H42*O42),"") | Q42: =IF( H42>0, IF( OR( AND(ISNUMBER(SEARCH("Specticle",E42)),ISNUMBER(SEARCH("FLO",E42))), AND(ISNUMBER(SEARCH("Ronstar",E42)),ISNUMBER(SEARCH("FLO",E42))) ), IF( AND(_xlfn.XLOOKUP(A42,PRICING[SKU],PRICING[October Bonus],FALSE),$R$10="YES"), ROUND(L42*$G$113,2), "N/A" ), IFERROR( IF( _xlfn.XLOOKUP(A42,PRICING[SKU],PRICING[October Bonus],FALSE), ROUND(L42*SUM($G$109:$G$113),2), ROUND(L42*SUM($G$109:$G$112),2) ), "" ) ), "" ) | R42: =IFERROR(ROUND((L42-SUM(P42:Q42))/H42,2),"") | S42: =IF(AND(H42<>"",H42>0), ROUND(H42*R42,2),"") | T42: {=IF(OR(H42="",H42=0), ROUND(_xlfn.XLOOKUP(1,(PRICING[SKU]=A42)*(PRICING[Set]=1),PRICING[Standard Use Rate (oz/M)]),2),ROUND( _xlfn.XLOOKUP( 1, (PRICING[SKU]=A42)* (PRICING[Set]=IF( _xlfn.XLOOKUP(A42,Rebate_Lookup[SKU CODE],Rebate_Lookup[MOQ_2])=0, 1, IF( AND( _xlfn.XLOOKUP(A42,Rebate_Lookup[SKU CODE],Rebate_Lookup[MOQ_3])=0, H42>=_xlfn.XLOOKUP(A42,Rebate_Lookup[SKU CODE],Rebate_Lookup[MOQ_2]) ), 2, IF( AND( H42>=_xlfn.XLOOKUP(A42,Rebate_Lookup[SKU CODE],Rebate_Lookup[MOQ_1]), H42<_xlfn.XLOOKUP(A42,Rebate_Lookup[SKU CODE],Rebate_Lookup[MOQ_2]) ), 1, IF( AND( H42>=_xlfn.XLOOKUP(A42,Rebate_Lookup[SKU CODE],Rebate_Lookup[MOQ_2]), OR( _xlfn.XLOOKUP(A42,Rebate_Lookup[SKU CODE],Rebate_Lookup[MOQ_3])=0, H42<_xlfn.XLOOKUP(A42,Rebate_Lookup[SKU CODE],Rebate_Lookup[MOQ_3]) ) ), 2, IF( OR( AND( _xlfn.XLOOKUP(A42,Rebate_Lookup[SKU CODE],Rebate_Lookup[MOQ_4])=0, H42>=_xlfn.XLOOKUP(A42,Rebate_Lookup[SKU CODE],Rebate_Lookup[MOQ_3]) ), AND( _xlfn.XLOOKUP(A42,Rebate_Lookup[SKU CODE],Rebate_Lookup[MOQ_4])>0, H42>=_xlfn.XLOOKUP(A42,Rebate_Lookup[SKU CODE],Rebate_Lookup[MOQ_3]), H42<_xlfn.XLOOKUP(A42,Rebate_Lookup[SKU CODE],Rebate_Lookup[MOQ_4]) ) ), 3, IF( AND( _xlfn.XLOOKUP(A42,Rebate_Lookup[SKU CODE],Rebate_Lookup[MOQ_4])>0, H42>=_xlfn.XLOOKUP(A42,Rebate_Lookup[SKU CODE],Rebate_Lookup[MOQ_4]) ), 4, 1 ) ) ) ) ) )), PRICING[Standard Use Rate (oz/M)] ), 2 ))} -> 0.11 | U42: =ROUND(T42*43.56,2) -> 4.79 | V42: =IF(AND(TRIM(U42)<>"",TRIM(H42)<>""),ROUND(H42*INDEX(PRICING[Package Ounces],MATCH(A42,PRICING[SKU],0))/U42,2),"") | W42: =IF(H42<>0,ROUND(S42/V42,2),0) -> 0 | X42: =ROUND(W42/43.56,2) -> 0
A43: D00000965 | B43: =H43>0 -> FALSE | D43: {=IFERROR( _xlfn.TEXTJOIN( "; ", TRUE, _xlfn._xlws.FILTER( IF( ISNUMBER(SEARCH("*Ronstar*FLO*",PRICING[Product]))+ ISNUMBER(SEARCH("Altus*",PRICING[Product]))+ ISNUMBER(SEARCH("Kontos*",PRICING[Product])), IF( (PRICING[Min Qty]="")+(PRICING[Min Qty]=0), "1 unit", PRICING[Min Qty]&" units" ), TEXT(PRICING[Rebate $],"$#,##0.00")& " off on "& IF( (PRICING[Min Qty]="")+(PRICING[Min Qty]=0), "1 unit", PRICING[Min Qty]&" units" ) ), (PRICING[SKU]=$A43)* ( ((PRICING[Rebate $]<>"")*(PRICING[Rebate $]<>0)) + ( ( ISNUMBER(SEARCH("*Ronstar*FLO*",PRICING[Product]))+ ISNUMBER(SEARCH("Altus*",PRICING[Product]))+ ISNUMBER(SEARCH("Kontos*",PRICING[Product])) )* (PRICING[Min Qty]<>0) ) ) ) ), "" )} -> $15.00 off on 1-3 units; $75.00 off on 4+ units | E43: =_xlfn.XLOOKUP(A43, PRICING[SKU], PRICING[Product], "") -> Mirage® Stressgard® | F43: =_xlfn.XLOOKUP(A43, PRICING[SKU], PRICING[Size], "") -> 2.5 gal | G43: =IF(_xlfn.XLOOKUP(A43,PRICING[SKU],PRICING[Indication])="I","Insecticide", IF(_xlfn.XLOOKUP(A43,PRICING[SKU],PRICING[Indication])="H","Herbicide", IF(_xlfn.XLOOKUP(A43,PRICING[SKU],PRICING[Indication])="F","Fungicide", IF(_xlfn.XLOOKUP(A43,PRICING[SKU],PRICING[Indication])="PGR","PGR","")))) -> Fungicide | I43: =INDEX(PRICING[2026 In-Season Price],MATCH(A43,PRICING[SKU],0)) -> 515.2 | J43: =IF(H43*I43= 0,"",H43*I43) | K43: =INDEX(PRICING[NOW Price],MATCH(A43,PRICING[SKU],0)) -> 515.2 | L43: =IF(H43*K43= 0,"",ROUND(H43*K43,2)) | M43: =INDEX(Rebate_Lookup[Instances],MATCH(A43,Rebate_Lookup[SKU CODE],0)) -> 2 | N43: =IF(H43="","",INDEX(Rebate_Lookup[Qualified Rebate Tier],MATCH(A43,Rebate_Lookup[SKU CODE],0))) | O43: =IF(OR(H43="",N43=""),"", IF(N43=1,INDEX(Rebate_Lookup[REB_MOQ_1],MATCH(A43,Rebate_Lookup[SKU CODE],0)), IF(N43=2,INDEX(Rebate_Lookup[REB_MOQ_2],MATCH(A43,Rebate_Lookup[SKU CODE],0)), IF(N43=3,INDEX(Rebate_Lookup[REB_MOQ_3],MATCH(A43,Rebate_Lookup[SKU CODE],0)), IF(N43=4,INDEX(Rebate_Lookup[REB_MOQ_4],MATCH(A43,Rebate_Lookup[SKU CODE],0)), "#err"))))) | P43: =IF(L68>5000,IF(OR(O43=0,O43=""),"",H43*O43),"") | Q43: =IF( H43>0, IF( OR( AND(ISNUMBER(SEARCH("Specticle",E43)),ISNUMBER(SEARCH("FLO",E43))), AND(ISNUMBER(SEARCH("Ronstar",E43)),ISNUMBER(SEARCH("FLO",E43))) ), IF( AND(_xlfn.XLOOKUP(A43,PRICING[SKU],PRICING[October Bonus],FALSE),$R$10="YES"), ROUND(L43*$G$113,2), "N/A" ), IFERROR( IF( _xlfn.XLOOKUP(A43,PRICING[SKU],PRICING[October Bonus],FALSE), ROUND(L43*SUM($G$109:$G$113),2), ROUND(L43*SUM($G$109:$G$112),2) ), "" ) ), "" ) | R43: =IFERROR(ROUND((L43-SUM(P43:Q43))/H43,2),"") | S43: =IF(AND(H43<>"",H43>0), ROUND(H43*R43,2),"") | T43: {=IF(OR(H43="",H43=0), ROUND(_xlfn.XLOOKUP(1,(PRICING[SKU]=A43)*(PRICING[Set]=1),PRICING[Standard Use Rate (oz/M)]),2),ROUND( _xlfn.XLOOKUP( 1, (PRICING[SKU]=A43)* (PRICING[Set]=IF( _xlfn.XLOOKUP(A43,Rebate_Lookup[SKU CODE],Rebate_Lookup[MOQ_2])=0, 1, IF( AND( _xlfn.XLOOKUP(A43,Rebate_Lookup[SKU CODE],Rebate_Lookup[MOQ_3])=0, H43>=_xlfn.XLOOKUP(A43,Rebate_Lookup[SKU CODE],Rebate_Lookup[MOQ_2]) ), 2, IF( AND( H43>=_xlfn.XLOOKUP(A43,Rebate_Lookup[SKU CODE],Rebate_Lookup[MOQ_1]), H43<_xlfn.XLOOKUP(A43,Rebate_Lookup[SKU CODE],Rebate_Lookup[MOQ_2]) ), 1, IF( AND( H43>=_xlfn.XLOOKUP(A43,Rebate_Lookup[SKU CODE],Rebate_Lookup[MOQ_2]), OR( _xlfn.XLOOKUP(A43,Rebate_Lookup[SKU CODE],Rebate_Lookup[MOQ_3])=0, H43<_xlfn.XLOOKUP(A43,Rebate_Lookup[SKU CODE],Rebate_Lookup[MOQ_3]) ) ), 2, IF( OR( AND( _xlfn.XLOOKUP(A43,Rebate_Lookup[SKU CODE],Rebate_Lookup[MOQ_4])=0, H43>=_xlfn.XLOOKUP(A43,Rebate_Lookup[SKU CODE],Rebate_Lookup[MOQ_3]) ), AND( _xlfn.XLOOKUP(A43,Rebate_Lookup[SKU CODE],Rebate_Lookup[MOQ_4])>0, H43>=_xlfn.XLOOKUP(A43,Rebate_Lookup[SKU CODE],Rebate_Lookup[MOQ_3]), H43<_xlfn.XLOOKUP(A43,Rebate_Lookup[SKU CODE],Rebate_Lookup[MOQ_4]) ) ), 3, IF( AND( _xlfn.XLOOKUP(A43,Rebate_Lookup[SKU CODE],Rebate_Lookup[MOQ_4])>0, H43>=_xlfn.XLOOKUP(A43,Rebate_Lookup[SKU CODE],Rebate_Lookup[MOQ_4]) ), 4, 1 ) ) ) ) ) )), PRICING[Standard Use Rate (oz/M)] ), 2 ))} -> 1 | U43: =ROUND(T43*43.56,2) -> 43.56 | V43: =IF(AND(TRIM(U43)<>"",TRIM(H43)<>""),ROUND(H43*INDEX(PRICING[Package Ounces],MATCH(A43,PRICING[SKU],0))/U43,2),"") | W43: =IF(H43<>0,ROUND(S43/V43,2),0) -> 0 | X43: =ROUND(W43/43.56,2) -> 0
A44: 11003880 | B44: =H44>0 -> FALSE | D44: {=IFERROR( _xlfn.TEXTJOIN( "; ", TRUE, _xlfn._xlws.FILTER( IF( ISNUMBER(SEARCH("*Ronstar*FLO*",PRICING[Product]))+ ISNUMBER(SEARCH("Altus*",PRICING[Product]))+ ISNUMBER(SEARCH("Kontos*",PRICING[Product])), IF( (PRICING[Min Qty]="")+(PRICING[Min Qty]=0), "1 unit", PRICING[Min Qty]&" units" ), TEXT(PRICING[Rebate $],"$#,##0.00")& " off on "& IF( (PRICING[Min Qty]="")+(PRICING[Min Qty]=0), "1 unit", PRICING[Min Qty]&" units" ) ), (PRICING[SKU]=$A44)* ( ((PRICING[Rebate $]<>"")*(PRICING[Rebate $]<>0)) + ( ( ISNUMBER(SEARCH("*Ronstar*FLO*",PRICING[Product]))+ ISNUMBER(SEARCH("Altus*",PRICING[Product]))+ ISNUMBER(SEARCH("Kontos*",PRICING[Product])) )* (PRICING[Min Qty]<>0) ) ) ) ), "" )} -> $162.00 off on 6+ units | E44: =_xlfn.XLOOKUP(A44, PRICING[SKU], PRICING[Product], "") -> Rayora® Fungicide | F44: =_xlfn.XLOOKUP(A44, PRICING[SKU], PRICING[Size], "") -> 2.5 gal | G44: =IF(_xlfn.XLOOKUP(A44,PRICING[SKU],PRICING[Indication])="I","Insecticide", IF(_xlfn.XLOOKUP(A44,PRICING[SKU],PRICING[Indication])="H","Herbicide", IF(_xlfn.XLOOKUP(A44,PRICING[SKU],PRICING[Indication])="F","Fungicide", IF(_xlfn.XLOOKUP(A44,PRICING[SKU],PRICING[Indication])="PGR","PGR","")))) -> Fungicide | I44: =INDEX(PRICING[2026 In-Season Price],MATCH(A44,PRICING[SKU],0)) -> 659.2 | J44: =IF(H44*I44= 0,"",H44*I44) | K44: =INDEX(PRICING[NOW Price],MATCH(A44,PRICING[SKU],0)) -> 659.2 | L44: =IF(H44*K44= 0,"",ROUND(H44*K44,2)) | M44: =INDEX(Rebate_Lookup[Instances],MATCH(A44,Rebate_Lookup[SKU CODE],0)) -> 2 | N44: =IF(H44="","",INDEX(Rebate_Lookup[Qualified Rebate Tier],MATCH(A44,Rebate_Lookup[SKU CODE],0))) | O44: =IF(OR(H44="",N44=""),"", IF(N44=1,INDEX(Rebate_Lookup[REB_MOQ_1],MATCH(A44,Rebate_Lookup[SKU CODE],0)), IF(N44=2,INDEX(Rebate_Lookup[REB_MOQ_2],MATCH(A44,Rebate_Lookup[SKU CODE],0)), IF(N44=3,INDEX(Rebate_Lookup[REB_MOQ_3],MATCH(A44,Rebate_Lookup[SKU CODE],0)), IF(N44=4,INDEX(Rebate_Lookup[REB_MOQ_4],MATCH(A44,Rebate_Lookup[SKU CODE],0)), "#err"))))) | P44: =IF(L68>5000,IF(OR(O44=0,O44=""),"",H44*O44),"") | Q44: =IF( H44>0, IF( OR( AND(ISNUMBER(SEARCH("Specticle",E44)),ISNUMBER(SEARCH("FLO",E44))), AND(ISNUMBER(SEARCH("Ronstar",E44)),ISNUMBER(SEARCH("FLO",E44))) ), IF( AND(_xlfn.XLOOKUP(A44,PRICING[SKU],PRICING[October Bonus],FALSE),$R$10="YES"), ROUND(L44*$G$113,2), "N/A" ), IFERROR( IF( _xlfn.XLOOKUP(A44,PRICING[SKU],PRICING[October Bonus],FALSE), ROUND(L44*SUM($G$109:$G$113),2), ROUND(L44*SUM($G$109:$G$112),2) ), "" ) ), "" ) | R44: =IFERROR(ROUND((L44-SUM(P44:Q44))/H44,2),"") | S44: =IF(AND(H44<>"",H44>0), ROUND(H44*R44,2),"") | T44: {=IF(OR(H44="",H44=0), ROUND(_xlfn.XLOOKUP(1,(PRICING[SKU]=A44)*(PRICING[Set]=1),PRICING[Standard Use Rate (oz/M)]),2),ROUND( _xlfn.XLOOKUP( 1, (PRICING[SKU]=A44)* (PRICING[Set]=IF( _xlfn.XLOOKUP(A44,Rebate_Lookup[SKU CODE],Rebate_Lookup[MOQ_2])=0, 1, IF( AND( _xlfn.XLOOKUP(A44,Rebate_Lookup[SKU CODE],Rebate_Lookup[MOQ_3])=0, H44>=_xlfn.XLOOKUP(A44,Rebate_Lookup[SKU CODE],Rebate_Lookup[MOQ_2]) ), 2, IF( AND( H44>=_xlfn.XLOOKUP(A44,Rebate_Lookup[SKU CODE],Rebate_Lookup[MOQ_1]), H44<_xlfn.XLOOKUP(A44,Rebate_Lookup[SKU CODE],Rebate_Lookup[MOQ_2]) ), 1, IF( AND( H44>=_xlfn.XLOOKUP(A44,Rebate_Lookup[SKU CODE],Rebate_Lookup[MOQ_2]), OR( _xlfn.XLOOKUP(A44,Rebate_Lookup[SKU CODE],Rebate_Lookup[MOQ_3])=0, H44<_xlfn.XLOOKUP(A44,Rebate_Lookup[SKU CODE],Rebate_Lookup[MOQ_3]) ) ), 2, IF( OR( AND( _xlfn.XLOOKUP(A44,Rebate_Lookup[SKU CODE],Rebate_Lookup[MOQ_4])=0, H44>=_xlfn.XLOOKUP(A44,Rebate_Lookup[SKU CODE],Rebate_Lookup[MOQ_3]) ), AND( _xlfn.XLOOKUP(A44,Rebate_Lookup[SKU CODE],Rebate_Lookup[MOQ_4])>0, H44>=_xlfn.XLOOKUP(A44,Rebate_Lookup[SKU CODE],Rebate_Lookup[MOQ_3]), H44<_xlfn.XLOOKUP(A44,Rebate_Lookup[SKU CODE],Rebate_Lookup[MOQ_4]) ) ), 3, IF( AND( _xlfn.XLOOKUP(A44,Rebate_Lookup[SKU CODE],Rebate_Lookup[MOQ_4])>0, H44>=_xlfn.XLOOKUP(A44,Rebate_Lookup[SKU CODE],Rebate_Lookup[MOQ_4]) ), 4, 1 ) ) ) ) ) )), PRICING[Standard Use Rate (oz/M)] ), 2 ))} -> 1.4 | U44: =ROUND(T44*43.56,2) -> 60.98 | V44: =IF(AND(TRIM(U44)<>"",TRIM(H44)<>""),ROUND(H44*INDEX(PRICING[Package Ounces],MATCH(A44,PRICING[SKU],0))/U44,2),"") | W44: =IF(H44<>0,ROUND(S44/V44,2),0) -> 0 | X44: =ROUND(W44/43.56,2) -> 0
A45: D00000125 | B45: =H45>0 -> FALSE | D45: {=IFERROR( _xlfn.TEXTJOIN( "; ", TRUE, _xlfn._xlws.FILTER( IF( ISNUMBER(SEARCH("*Ronstar*FLO*",PRICING[Product]))+ ISNUMBER(SEARCH("Altus*",PRICING[Product]))+ ISNUMBER(SEARCH("Kontos*",PRICING[Product])), IF( (PRICING[Min Qty]="")+(PRICING[Min Qty]=0), "1 unit", PRICING[Min Qty]&" units" ), TEXT(PRICING[Rebate $],"$#,##0.00")& " off on "& IF( (PRICING[Min Qty]="")+(PRICING[Min Qty]=0), "1 unit", PRICING[Min Qty]&" units" ) ), (PRICING[SKU]=$A45)* ( ((PRICING[Rebate $]<>"")*(PRICING[Rebate $]<>0)) + ( ( ISNUMBER(SEARCH("*Ronstar*FLO*",PRICING[Product]))+ ISNUMBER(SEARCH("Altus*",PRICING[Product]))+ ISNUMBER(SEARCH("Kontos*",PRICING[Product])) )* (PRICING[Min Qty]<>0) ) ) ) ), "" )} -> $50.00 off on 4-14 units; $190.00 off on 15+ units | E45: =_xlfn.XLOOKUP(A45, PRICING[SKU], PRICING[Product], "") -> Resilia® | F45: =_xlfn.XLOOKUP(A45, PRICING[SKU], PRICING[Size], "") -> 2.72 gal | G45: =IF(_xlfn.XLOOKUP(A45,PRICING[SKU],PRICING[Indication])="I","Insecticide", IF(_xlfn.XLOOKUP(A45,PRICING[SKU],PRICING[Indication])="H","Herbicide", IF(_xlfn.XLOOKUP(A45,PRICING[SKU],PRICING[Indication])="F","Fungicide", IF(_xlfn.XLOOKUP(A45,PRICING[SKU],PRICING[Indication])="PGR","PGR","")))) -> Fungicide | I45: =INDEX(PRICING[2026 In-Season Price],MATCH(A45,PRICING[SKU],0)) -> 1044.48 | J45: =IF(H45*I45= 0,"",H45*I45) | K45: =INDEX(PRICING[NOW Price],MATCH(A45,PRICING[SKU],0)) -> 1044.48 | L45: =IF(H45*K45= 0,"",ROUND(H45*K45,2)) | M45: =INDEX(Rebate_Lookup[Instances],MATCH(A45,Rebate_Lookup[SKU CODE],0)) -> 3 | N45: =IF(H45="","",INDEX(Rebate_Lookup[Qualified Rebate Tier],MATCH(A45,Rebate_Lookup[SKU CODE],0))) | O45: =IF(OR(H45="",N45=""),"", IF(N45=1,INDEX(Rebate_Lookup[REB_MOQ_1],MATCH(A45,Rebate_Lookup[SKU CODE],0)), IF(N45=2,INDEX(Rebate_Lookup[REB_MOQ_2],MATCH(A45,Rebate_Lookup[SKU CODE],0)), IF(N45=3,INDEX(Rebate_Lookup[REB_MOQ_3],MATCH(A45,Rebate_Lookup[SKU CODE],0)), IF(N45=4,INDEX(Rebate_Lookup[REB_MOQ_4],MATCH(A45,Rebate_Lookup[SKU CODE],0)), "#err"))))) | P45: =IF(L68>5000,IF(OR(O45=0,O45=""),"",H45*O45),"") | Q45: =IF( H45>0, IF( OR( AND(ISNUMBER(SEARCH("Specticle",E45)),ISNUMBER(SEARCH("FLO",E45))), AND(ISNUMBER(SEARCH("Ronstar",E45)),ISNUMBER(SEARCH("FLO",E45))) ), IF( AND(_xlfn.XLOOKUP(A45,PRICING[SKU],PRICING[October Bonus],FALSE),$R$10="YES"), ROUND(L45*$G$113,2), "N/A" ), IFERROR( IF( _xlfn.XLOOKUP(A45,PRICING[SKU],PRICING[October Bonus],FALSE), ROUND(L45*SUM($G$109:$G$113),2), ROUND(L45*SUM($G$109:$G$112),2) ), "" ) ), "" ) | R45: =IFERROR(ROUND((L45-SUM(P45:Q45))/H45,2),"") | S45: =IF(AND(H45<>"",H45>0), ROUND(H45*R45,2),"") | T45: {=IF(OR(H45="",H45=0), ROUND(_xlfn.XLOOKUP(1,(PRICING[SKU]=A45)*(PRICING[Set]=1),PRICING[Standard Use Rate (oz/M)]),2),ROUND( _xlfn.XLOOKUP( 1, (PRICING[SKU]=A45)* (PRICING[Set]=IF( _xlfn.XLOOKUP(A45,Rebate_Lookup[SKU CODE],Rebate_Lookup[MOQ_2])=0, 1, IF( AND( _xlfn.XLOOKUP(A45,Rebate_Lookup[SKU CODE],Rebate_Lookup[MOQ_3])=0, H45>=_xlfn.XLOOKUP(A45,Rebate_Lookup[SKU CODE],Rebate_Lookup[MOQ_2]) ), 2, IF( AND( H45>=_xlfn.XLOOKUP(A45,Rebate_Lookup[SKU CODE],Rebate_Lookup[MOQ_1]), H45<_xlfn.XLOOKUP(A45,Rebate_Lookup[SKU CODE],Rebate_Lookup[MOQ_2]) ), 1, IF( AND( H45>=_xlfn.XLOOKUP(A45,Rebate_Lookup[SKU CODE],Rebate_Lookup[MOQ_2]), OR( _xlfn.XLOOKUP(A45,Rebate_Lookup[SKU CODE],Rebate_Lookup[MOQ_3])=0, H45<_xlfn.XLOOKUP(A45,Rebate_Lookup[SKU CODE],Rebate_Lookup[MOQ_3]) ) ), 2, IF( OR( AND( _xlfn.XLOOKUP(A45,Rebate_Lookup[SKU CODE],Rebate_Lookup[MOQ_4])=0, H45>=_xlfn.XLOOKUP(A45,Rebate_Lookup[SKU CODE],Rebate_Lookup[MOQ_3]) ), AND( _xlfn.XLOOKUP(A45,Rebate_Lookup[SKU CODE],Rebate_Lookup[MOQ_4])>0, H45>=_xlfn.XLOOKUP(A45,Rebate_Lookup[SKU CODE],Rebate_Lookup[MOQ_3]), H45<_xlfn.XLOOKUP(A45,Rebate_Lookup[SKU CODE],Rebate_Lookup[MOQ_4]) ) ), 3, IF( AND( _xlfn.XLOOKUP(A45,Rebate_Lookup[SKU CODE],Rebate_Lookup[MOQ_4])>0, H45>=_xlfn.XLOOKUP(A45,Rebate_Lookup[SKU CODE],Rebate_Lookup[MOQ_4]) ), 4, 1 ) ) ) ) ) )), PRICING[Standard Use Rate (oz/M)] ), 2 ))} -> 4 | U45: =ROUND(T45*43.56,2) -> 174.24 | V45: =IF(AND(TRIM(U45)<>"",TRIM(H45)<>""),ROUND(H45*INDEX(PRICING[Package Ounces],MATCH(A45,PRICING[SKU],0))/U45,2),"") | W45: =IF(H45<>0,ROUND(S45/V45,2),0) -> 0 | X45: =ROUND(W45/43.56,2) -> 0
A46: 79545312 | B46: =H46>0 -> FALSE | D46: {=IFERROR( _xlfn.TEXTJOIN( "; ", TRUE, _xlfn._xlws.FILTER( IF( ISNUMBER(SEARCH("*Ronstar*FLO*",PRICING[Product]))+ ISNUMBER(SEARCH("Altus*",PRICING[Product]))+ ISNUMBER(SEARCH("Kontos*",PRICING[Product])), IF( (PRICING[Min Qty]="")+(PRICING[Min Qty]=0), "1 unit", PRICING[Min Qty]&" units" ), TEXT(PRICING[Rebate $],"$#,##0.00")& " off on "& IF( (PRICING[Min Qty]="")+(PRICING[Min Qty]=0), "1 unit", PRICING[Min Qty]&" units" ) ), (PRICING[SKU]=$A46)* ( ((PRICING[Rebate $]<>"")*(PRICING[Rebate $]<>0)) + ( ( ISNUMBER(SEARCH("*Ronstar*FLO*",PRICING[Product]))+ ISNUMBER(SEARCH("Altus*",PRICING[Product]))+ ISNUMBER(SEARCH("Kontos*",PRICING[Product])) )* (PRICING[Min Qty]<>0) ) ) ) ), "" )} -> $40.00 off on 1-5 units; $65.00 off on 6+ units | E46: =_xlfn.XLOOKUP(A46, PRICING[SKU], PRICING[Product], "") -> Revolver® | F46: =_xlfn.XLOOKUP(A46, PRICING[SKU], PRICING[Size], "") -> 87 fl oz | G46: =IF(_xlfn.XLOOKUP(A46,PRICING[SKU],PRICING[Indication])="I","Insecticide", IF(_xlfn.XLOOKUP(A46,PRICING[SKU],PRICING[Indication])="H","Herbicide", IF(_xlfn.XLOOKUP(A46,PRICING[SKU],PRICING[Indication])="F","Fungicide", IF(_xlfn.XLOOKUP(A46,PRICING[SKU],PRICING[Indication])="PGR","PGR","")))) -> Herbicide | I46: =INDEX(PRICING[2026 In-Season Price],MATCH(A46,PRICING[SKU],0)) -> 832.59 | J46: =IF(H46*I46= 0,"",H46*I46) | K46: =INDEX(PRICING[NOW Price],MATCH(A46,PRICING[SKU],0)) -> 808.23 | L46: =IF(H46*K46= 0,"",ROUND(H46*K46,2)) | M46: =INDEX(Rebate_Lookup[Instances],MATCH(A46,Rebate_Lookup[SKU CODE],0)) -> 2 | N46: =IF(H46="","",INDEX(Rebate_Lookup[Qualified Rebate Tier],MATCH(A46,Rebate_Lookup[SKU CODE],0))) | O46: =IF(OR(H46="",N46=""),"", IF(N46=1,INDEX(Rebate_Lookup[REB_MOQ_1],MATCH(A46,Rebate_Lookup[SKU CODE],0)), IF(N46=2,INDEX(Rebate_Lookup[REB_MOQ_2],MATCH(A46,Rebate_Lookup[SKU CODE],0)), IF(N46=3,INDEX(Rebate_Lookup[REB_MOQ_3],MATCH(A46,Rebate_Lookup[SKU CODE],0)), IF(N46=4,INDEX(Rebate_Lookup[REB_MOQ_4],MATCH(A46,Rebate_Lookup[SKU CODE],0)), "#err"))))) | P46: =IF(L68>5000,IF(OR(O46=0,O46=""),"",H46*O46),"") | Q46: =IF( H46>0, IF( OR( AND(ISNUMBER(SEARCH("Specticle",E46)),ISNUMBER(SEARCH("FLO",E46))), AND(ISNUMBER(SEARCH("Ronstar",E46)),ISNUMBER(SEARCH("FLO",E46))) ), IF( AND(_xlfn.XLOOKUP(A46,PRICING[SKU],PRICING[October Bonus],FALSE),$R$10="YES"), ROUND(L46*$G$113,2), "N/A" ), IFERROR( IF( _xlfn.XLOOKUP(A46,PRICING[SKU],PRICING[October Bonus],FALSE), ROUND(L46*SUM($G$109:$G$113),2), ROUND(L46*SUM($G$109:$G$112),2) ), "" ) ), "" ) | R46: =IFERROR(ROUND((L46-SUM(P46:Q46))/H46,2),"") | S46: =IF(AND(H46<>"",H46>0), ROUND(H46*R46,2),"") | T46: {=IF(OR(H46="",H46=0), ROUND(_xlfn.XLOOKUP(1,(PRICING[SKU]=A46)*(PRICING[Set]=1),PRICING[Standard Use Rate (oz/M)]),2),ROUND( _xlfn.XLOOKUP( 1, (PRICING[SKU]=A46)* (PRICING[Set]=IF( _xlfn.XLOOKUP(A46,Rebate_Lookup[SKU CODE],Rebate_Lookup[MOQ_2])=0, 1, IF( AND( _xlfn.XLOOKUP(A46,Rebate_Lookup[SKU CODE],Rebate_Lookup[MOQ_3])=0, H46>=_xlfn.XLOOKUP(A46,Rebate_Lookup[SKU CODE],Rebate_Lookup[MOQ_2]) ), 2, IF( AND( H46>=_xlfn.XLOOKUP(A46,Rebate_Lookup[SKU CODE],Rebate_Lookup[MOQ_1]), H46<_xlfn.XLOOKUP(A46,Rebate_Lookup[SKU CODE],Rebate_Lookup[MOQ_2]) ), 1, IF( AND( H46>=_xlfn.XLOOKUP(A46,Rebate_Lookup[SKU CODE],Rebate_Lookup[MOQ_2]), OR( _xlfn.XLOOKUP(A46,Rebate_Lookup[SKU CODE],Rebate_Lookup[MOQ_3])=0, H46<_xlfn.XLOOKUP(A46,Rebate_Lookup[SKU CODE],Rebate_Lookup[MOQ_3]) ) ), 2, IF( OR( AND( _xlfn.XLOOKUP(A46,Rebate_Lookup[SKU CODE],Rebate_Lookup[MOQ_4])=0, H46>=_xlfn.XLOOKUP(A46,Rebate_Lookup[SKU CODE],Rebate_Lookup[MOQ_3]) ), AND( _xlfn.XLOOKUP(A46,Rebate_Lookup[SKU CODE],Rebate_Lookup[MOQ_4])>0, H46>=_xlfn.XLOOKUP(A46,Rebate_Lookup[SKU CODE],Rebate_Lookup[MOQ_3]), H46<_xlfn.XLOOKUP(A46,Rebate_Lookup[SKU CODE],Rebate_Lookup[MOQ_4]) ) ), 3, IF( AND( _xlfn.XLOOKUP(A46,Rebate_Lookup[SKU CODE],Rebate_Lookup[MOQ_4])>0, H46>=_xlfn.XLOOKUP(A46,Rebate_Lookup[SKU CODE],Rebate_Lookup[MOQ_4]) ), 4, 1 ) ) ) ) ) )), PRICING[Standard Use Rate (oz/M)] ), 2 ))} -> 0.4 | U46: =ROUND(T46*43.56,2) -> 17.42 | V46: =IF(AND(TRIM(U46)<>"",TRIM(H46)<>""),ROUND(H46*INDEX(PRICING[Package Ounces],MATCH(A46,PRICING[SKU],0))/U46,2),"") | W46: =IF(H46<>0,ROUND(S46/V46,2),0) -> 0 | X46: =ROUND(W46/43.56,2) -> 0
A47: D00000986-1 | B47: =H47>0 -> FALSE | D47: {=IFERROR( _xlfn.TEXTJOIN( "; ", TRUE, _xlfn._xlws.FILTER( IF( ISNUMBER(SEARCH("*Ronstar*FLO*",PRICING[Product]))+ ISNUMBER(SEARCH("Altus*",PRICING[Product]))+ ISNUMBER(SEARCH("Kontos*",PRICING[Product])), IF( (PRICING[Min Qty]="")+(PRICING[Min Qty]=0), "1 unit", PRICING[Min Qty]&" units" ), TEXT(PRICING[Rebate $],"$#,##0.00")& " off on "& IF( (PRICING[Min Qty]="")+(PRICING[Min Qty]=0), "1 unit", PRICING[Min Qty]&" units" ) ), (PRICING[SKU]=$A47)* ( ((PRICING[Rebate $]<>"")*(PRICING[Rebate $]<>0)) + ( ( ISNUMBER(SEARCH("*Ronstar*FLO*",PRICING[Product]))+ ISNUMBER(SEARCH("Altus*",PRICING[Product]))+ ISNUMBER(SEARCH("Kontos*",PRICING[Product])) )* (PRICING[Min Qty]<>0) ) ) ) ), "" )} -> 1-11 units | E47: =_xlfn.XLOOKUP(A47, PRICING[SKU], PRICING[Product], "") -> Ronstar® FLO | F47: =_xlfn.XLOOKUP(A47, PRICING[SKU], PRICING[Size], "") -> 2.5 gal | G47: =IF(_xlfn.XLOOKUP(A47,PRICING[SKU],PRICING[Indication])="I","Insecticide", IF(_xlfn.XLOOKUP(A47,PRICING[SKU],PRICING[Indication])="H","Herbicide", IF(_xlfn.XLOOKUP(A47,PRICING[SKU],PRICING[Indication])="F","Fungicide", IF(_xlfn.XLOOKUP(A47,PRICING[SKU],PRICING[Indication])="PGR","PGR","")))) -> Herbicide | I47: =INDEX(PRICING[2026 In-Season Price],MATCH(A47,PRICING[SKU],0)) -> 576 | J47: =IF(H47*I47= 0,"",H47*I47) | K47: =INDEX(PRICING[NOW Price],MATCH(A47,PRICING[SKU],0)) -> 576 | L47: =IF(H47*K47= 0,"",ROUND(H47*K47,2)) | M47: =INDEX(Rebate_Lookup[Instances],MATCH(A47,Rebate_Lookup[SKU CODE],0)) -> 1 | N47: =IF(H47="","",INDEX(Rebate_Lookup[Qualified Rebate Tier],MATCH(A47,Rebate_Lookup[SKU CODE],0))) | O47: =IF(OR(H47="",N47=""),"", IF(N47=1,INDEX(Rebate_Lookup[REB_MOQ_1],MATCH(A47,Rebate_Lookup[SKU CODE],0)), IF(N47=2,INDEX(Rebate_Lookup[REB_MOQ_2],MATCH(A47,Rebate_Lookup[SKU CODE],0)), IF(N47=3,INDEX(Rebate_Lookup[REB_MOQ_3],MATCH(A47,Rebate_Lookup[SKU CODE],0)), IF(N47=4,INDEX(Rebate_Lookup[REB_MOQ_4],MATCH(A47,Rebate_Lookup[SKU CODE],0)), "#err"))))) | P47: =IF(L68>5000,IF(OR(O47=0,O47=""),"",H47*O47),"") | Q47: =IF( H47>0, IF( OR( AND(ISNUMBER(SEARCH("Specticle",E47)),ISNUMBER(SEARCH("FLO",E47))), AND(ISNUMBER(SEARCH("Ronstar",E47)),ISNUMBER(SEARCH("FLO",E47))) ), IF( AND(_xlfn.XLOOKUP(A47,PRICING[SKU],PRICING[October Bonus],FALSE),$R$10="YES"), ROUND(L47*$G$113,2), "N/A" ), IFERROR( IF( _xlfn.XLOOKUP(A47,PRICING[SKU],PRICING[October Bonus],FALSE), ROUND(L47*SUM($G$109:$G$113),2), ROUND(L47*SUM($G$109:$G$112),2) ), "" ) ), "" ) | R47: =IFERROR(ROUND((L47-SUM(P47:Q47))/H47,2),"") | S47: =IF(AND(H47<>"",H47>0), ROUND(H47*R47,2),"") | T47: {=IF(OR(H47="",H47=0), ROUND(_xlfn.XLOOKUP(1,(PRICING[SKU]=A47)*(PRICING[Set]=1),PRICING[Standard Use Rate (oz/M)]),2),ROUND( _xlfn.XLOOKUP( 1, (PRICING[SKU]=A47)* (PRICING[Set]=IF( _xlfn.XLOOKUP(A47,Rebate_Lookup[SKU CODE],Rebate_Lookup[MOQ_2])=0, 1, IF( AND( _xlfn.XLOOKUP(A47,Rebate_Lookup[SKU CODE],Rebate_Lookup[MOQ_3])=0, H47>=_xlfn.XLOOKUP(A47,Rebate_Lookup[SKU CODE],Rebate_Lookup[MOQ_2]) ), 2, IF( AND( H47>=_xlfn.XLOOKUP(A47,Rebate_Lookup[SKU CODE],Rebate_Lookup[MOQ_1]), H47<_xlfn.XLOOKUP(A47,Rebate_Lookup[SKU CODE],Rebate_Lookup[MOQ_2]) ), 1, IF( AND( H47>=_xlfn.XLOOKUP(A47,Rebate_Lookup[SKU CODE],Rebate_Lookup[MOQ_2]), OR( _xlfn.XLOOKUP(A47,Rebate_Lookup[SKU CODE],Rebate_Lookup[MOQ_3])=0, H47<_xlfn.XLOOKUP(A47,Rebate_Lookup[SKU CODE],Rebate_Lookup[MOQ_3]) ) ), 2, IF( OR( AND( _xlfn.XLOOKUP(A47,Rebate_Lookup[SKU CODE],Rebate_Lookup[MOQ_4])=0, H47>=_xlfn.XLOOKUP(A47,Rebate_Lookup[SKU CODE],Rebate_Lookup[MOQ_3]) ), AND( _xlfn.XLOOKUP(A47,Rebate_Lookup[SKU CODE],Rebate_Lookup[MOQ_4])>0, H47>=_xlfn.XLOOKUP(A47,Rebate_Lookup[SKU CODE],Rebate_Lookup[MOQ_3]), H47<_xlfn.XLOOKUP(A47,Rebate_Lookup[SKU CODE],Rebate_Lookup[MOQ_4]) ) ), 3, IF( AND( _xlfn.XLOOKUP(A47,Rebate_Lookup[SKU CODE],Rebate_Lookup[MOQ_4])>0, H47>=_xlfn.XLOOKUP(A47,Rebate_Lookup[SKU CODE],Rebate_Lookup[MOQ_4]) ), 4, 1 ) ) ) ) ) )), PRICING[Standard Use Rate (oz/M)] ), 2 ))} -> 2 | U47: =ROUND(T47*43.56,2) -> 87.12 | V47: =IF(AND(TRIM(U47)<>"",TRIM(H47)<>""),ROUND(H47*INDEX(PRICING[Package Ounces],MATCH(A47,PRICING[SKU],0))/U47,2),"") | W47: =IF(H47<>0,ROUND(S47/V47,2),0) -> 0 | X47: =ROUND(W47/43.56,2) -> 0
A48: D00000986-2 | B48: =H48>0 -> FALSE | D48: {=IFERROR( _xlfn.TEXTJOIN( "; ", TRUE, _xlfn._xlws.FILTER( IF( ISNUMBER(SEARCH("*Ronstar*FLO*",PRICING[Product]))+ ISNUMBER(SEARCH("Altus*",PRICING[Product]))+ ISNUMBER(SEARCH("Kontos*",PRICING[Product])), IF( (PRICING[Min Qty]="")+(PRICING[Min Qty]=0), "1 unit", PRICING[Min Qty]&" units" ), TEXT(PRICING[Rebate $],"$#,##0.00")& " off on "& IF( (PRICING[Min Qty]="")+(PRICING[Min Qty]=0), "1 unit", PRICING[Min Qty]&" units" ) ), (PRICING[SKU]=$A48)* ( ((PRICING[Rebate $]<>"")*(PRICING[Rebate $]<>0)) + ( ( ISNUMBER(SEARCH("*Ronstar*FLO*",PRICING[Product]))+ ISNUMBER(SEARCH("Altus*",PRICING[Product]))+ ISNUMBER(SEARCH("Kontos*",PRICING[Product])) )* (PRICING[Min Qty]<>0) ) ) ) ), "" )} -> 12-39 units | E48: =_xlfn.XLOOKUP(A48, PRICING[SKU], PRICING[Product], "") -> Ronstar® FLO | F48: =_xlfn.XLOOKUP(A48, PRICING[SKU], PRICING[Size], "") -> 2.5 gal | G48: =IF(_xlfn.XLOOKUP(A48,PRICING[SKU],PRICING[Indication])="I","Insecticide", IF(_xlfn.XLOOKUP(A48,PRICING[SKU],PRICING[Indication])="H","Herbicide", IF(_xlfn.XLOOKUP(A48,PRICING[SKU],PRICING[Indication])="F","Fungicide", IF(_xlfn.XLOOKUP(A48,PRICING[SKU],PRICING[Indication])="PGR","PGR","")))) -> Herbicide | I48: =INDEX(PRICING[2026 In-Season Price],MATCH(A48,PRICING[SKU],0)) -> 473.6 | J48: =IF(H48*I48= 0,"",H48*I48) | K48: =INDEX(PRICING[NOW Price],MATCH(A48,PRICING[SKU],0)) -> 473.6 | L48: =IF(H48*K48= 0,"",ROUND(H48*K48,2)) | M48: =INDEX(Rebate_Lookup[Instances],MATCH(A48,Rebate_Lookup[SKU CODE],0)) -> 1 | N48: =IF(H48="","",INDEX(Rebate_Lookup[Qualified Rebate Tier],MATCH(A48,Rebate_Lookup[SKU CODE],0))) | O48: =IF(OR(H48="",N48=""),"", IF(N48=1,INDEX(Rebate_Lookup[REB_MOQ_1],MATCH(A48,Rebate_Lookup[SKU CODE],0)), IF(N48=2,INDEX(Rebate_Lookup[REB_MOQ_2],MATCH(A48,Rebate_Lookup[SKU CODE],0)), IF(N48=3,INDEX(Rebate_Lookup[REB_MOQ_3],MATCH(A48,Rebate_Lookup[SKU CODE],0)), IF(N48=4,INDEX(Rebate_Lookup[REB_MOQ_4],MATCH(A48,Rebate_Lookup[SKU CODE],0)), "#err"))))) | P48: =IF(L68>5000,IF(OR(O48=0,O48=""),"",H48*O48),"") | Q48: =IF( H48>0, IF( OR( AND(ISNUMBER(SEARCH("Specticle",E48)),ISNUMBER(SEARCH("FLO",E48))), AND(ISNUMBER(SEARCH("Ronstar",E48)),ISNUMBER(SEARCH("FLO",E48))) ), IF( AND(_xlfn.XLOOKUP(A48,PRICING[SKU],PRICING[October Bonus],FALSE),$R$10="YES"), ROUND(L48*$G$113,2), "N/A" ), IFERROR( IF( _xlfn.XLOOKUP(A48,PRICING[SKU],PRICING[October Bonus],FALSE), ROUND(L48*SUM($G$109:$G$113),2), ROUND(L48*SUM($G$109:$G$112),2) ), "" ) ), "" ) | R48: =IFERROR(ROUND((L48-SUM(P48:Q48))/H48,2),"") | S48: =IF(AND(H48<>"",H48>0), ROUND(H48*R48,2),"") | T48: {=IF(OR(H48="",H48=0), ROUND(_xlfn.XLOOKUP(1,(PRICING[SKU]=A48)*(PRICING[Set]=1),PRICING[Standard Use Rate (oz/M)]),2),ROUND( _xlfn.XLOOKUP( 1, (PRICING[SKU]=A48)* (PRICING[Set]=IF( _xlfn.XLOOKUP(A48,Rebate_Lookup[SKU CODE],Rebate_Lookup[MOQ_2])=0, 1, IF( AND( _xlfn.XLOOKUP(A48,Rebate_Lookup[SKU CODE],Rebate_Lookup[MOQ_3])=0, H48>=_xlfn.XLOOKUP(A48,Rebate_Lookup[SKU CODE],Rebate_Lookup[MOQ_2]) ), 2, IF( AND( H48>=_xlfn.XLOOKUP(A48,Rebate_Lookup[SKU CODE],Rebate_Lookup[MOQ_1]), H48<_xlfn.XLOOKUP(A48,Rebate_Lookup[SKU CODE],Rebate_Lookup[MOQ_2]) ), 1, IF( AND( H48>=_xlfn.XLOOKUP(A48,Rebate_Lookup[SKU CODE],Rebate_Lookup[MOQ_2]), OR( _xlfn.XLOOKUP(A48,Rebate_Lookup[SKU CODE],Rebate_Lookup[MOQ_3])=0, H48<_xlfn.XLOOKUP(A48,Rebate_Lookup[SKU CODE],Rebate_Lookup[MOQ_3]) ) ), 2, IF( OR( AND( _xlfn.XLOOKUP(A48,Rebate_Lookup[SKU CODE],Rebate_Lookup[MOQ_4])=0, H48>=_xlfn.XLOOKUP(A48,Rebate_Lookup[SKU CODE],Rebate_Lookup[MOQ_3]) ), AND( _xlfn.XLOOKUP(A48,Rebate_Lookup[SKU CODE],Rebate_Lookup[MOQ_4])>0, H48>=_xlfn.XLOOKUP(A48,Rebate_Lookup[SKU CODE],Rebate_Lookup[MOQ_3]), H48<_xlfn.XLOOKUP(A48,Rebate_Lookup[SKU CODE],Rebate_Lookup[MOQ_4]) ) ), 3, IF( AND( _xlfn.XLOOKUP(A48,Rebate_Lookup[SKU CODE],Rebate_Lookup[MOQ_4])>0, H48>=_xlfn.XLOOKUP(A48,Rebate_Lookup[SKU CODE],Rebate_Lookup[MOQ_4]) ), 4, 1 ) ) ) ) ) )), PRICING[Standard Use Rate (oz/M)] ), 2 ))} -> 2 | U48: =ROUND(T48*43.56,2) -> 87.12 | V48: =IF(AND(TRIM(U48)<>"",TRIM(H48)<>""),ROUND(H48*INDEX(PRICING[Package Ounces],MATCH(A48,PRICING[SKU],0))/U48,2),"") | W48: =IF(H48<>0,ROUND(S48/V48,2),0) -> 0 | X48: =ROUND(W48/43.56,2) -> 0
A49: D00000986-3 | B49: =H49>0 -> FALSE | D49: {=IFERROR( _xlfn.TEXTJOIN( "; ", TRUE, _xlfn._xlws.FILTER( IF( ISNUMBER(SEARCH("*Ronstar*FLO*",PRICING[Product]))+ ISNUMBER(SEARCH("Altus*",PRICING[Product]))+ ISNUMBER(SEARCH("Kontos*",PRICING[Product])), IF( (PRICING[Min Qty]="")+(PRICING[Min Qty]=0), "1 unit", PRICING[Min Qty]&" units" ), TEXT(PRICING[Rebate $],"$#,##0.00")& " off on "& IF( (PRICING[Min Qty]="")+(PRICING[Min Qty]=0), "1 unit", PRICING[Min Qty]&" units" ) ), (PRICING[SKU]=$A49)* ( ((PRICING[Rebate $]<>"")*(PRICING[Rebate $]<>0)) + ( ( ISNUMBER(SEARCH("*Ronstar*FLO*",PRICING[Product]))+ ISNUMBER(SEARCH("Altus*",PRICING[Product]))+ ISNUMBER(SEARCH("Kontos*",PRICING[Product])) )* (PRICING[Min Qty]<>0) ) ) ) ), "" )} -> 40+ units | E49: =_xlfn.XLOOKUP(A49, PRICING[SKU], PRICING[Product], "") -> Ronstar® FLO | F49: =_xlfn.XLOOKUP(A49, PRICING[SKU], PRICING[Size], "") -> 2.5 gal | G49: =IF(_xlfn.XLOOKUP(A49,PRICING[SKU],PRICING[Indication])="I","Insecticide", IF(_xlfn.XLOOKUP(A49,PRICING[SKU],PRICING[Indication])="H","Herbicide", IF(_xlfn.XLOOKUP(A49,PRICING[SKU],PRICING[Indication])="F","Fungicide", IF(_xlfn.XLOOKUP(A49,PRICING[SKU],PRICING[Indication])="PGR","PGR","")))) -> Herbicide | I49: =INDEX(PRICING[2026 In-Season Price],MATCH(A49,PRICING[SKU],0)) -> 409.6 | J49: =IF(H49*I49= 0,"",H49*I49) | K49: =INDEX(PRICING[NOW Price],MATCH(A49,PRICING[SKU],0)) -> 409.6 | L49: =IF(H49*K49= 0,"",ROUND(H49*K49,2)) | M49: =INDEX(Rebate_Lookup[Instances],MATCH(A49,Rebate_Lookup[SKU CODE],0)) -> 1 | N49: =IF(H49="","",INDEX(Rebate_Lookup[Qualified Rebate Tier],MATCH(A49,Rebate_Lookup[SKU CODE],0))) | O49: =IF(OR(H49="",N49=""),"", IF(N49=1,INDEX(Rebate_Lookup[REB_MOQ_1],MATCH(A49,Rebate_Lookup[SKU CODE],0)), IF(N49=2,INDEX(Rebate_Lookup[REB_MOQ_2],MATCH(A49,Rebate_Lookup[SKU CODE],0)), IF(N49=3,INDEX(Rebate_Lookup[REB_MOQ_3],MATCH(A49,Rebate_Lookup[SKU CODE],0)), IF(N49=4,INDEX(Rebate_Lookup[REB_MOQ_4],MATCH(A49,Rebate_Lookup[SKU CODE],0)), "#err"))))) | P49: =IF(L68>5000,IF(OR(O49=0,O49=""),"",H49*O49),"") | Q49: =IF( H49>0, IF( OR( AND(ISNUMBER(SEARCH("Specticle",E49)),ISNUMBER(SEARCH("FLO",E49))), AND(ISNUMBER(SEARCH("Ronstar",E49)),ISNUMBER(SEARCH("FLO",E49))) ), IF( AND(_xlfn.XLOOKUP(A49,PRICING[SKU],PRICING[October Bonus],FALSE),$R$10="YES"), ROUND(L49*$G$113,2), "N/A" ), IFERROR( IF( _xlfn.XLOOKUP(A49,PRICING[SKU],PRICING[October Bonus],FALSE), ROUND(L49*SUM($G$109:$G$113),2), ROUND(L49*SUM($G$109:$G$112),2) ), "" ) ), "" ) | R49: =IFERROR(ROUND((L49-SUM(P49:Q49))/H49,2),"") | S49: =IF(AND(H49<>"",H49>0), ROUND(H49*R49,2),"") | T49: {=IF(OR(H49="",H49=0), ROUND(_xlfn.XLOOKUP(1,(PRICING[SKU]=A49)*(PRICING[Set]=1),PRICING[Standard Use Rate (oz/M)]),2),ROUND( _xlfn.XLOOKUP( 1, (PRICING[SKU]=A49)* (PRICING[Set]=IF( _xlfn.XLOOKUP(A49,Rebate_Lookup[SKU CODE],Rebate_Lookup[MOQ_2])=0, 1, IF( AND( _xlfn.XLOOKUP(A49,Rebate_Lookup[SKU CODE],Rebate_Lookup[MOQ_3])=0, H49>=_xlfn.XLOOKUP(A49,Rebate_Lookup[SKU CODE],Rebate_Lookup[MOQ_2]) ), 2, IF( AND( H49>=_xlfn.XLOOKUP(A49,Rebate_Lookup[SKU CODE],Rebate_Lookup[MOQ_1]), H49<_xlfn.XLOOKUP(A49,Rebate_Lookup[SKU CODE],Rebate_Lookup[MOQ_2]) ), 1, IF( AND( H49>=_xlfn.XLOOKUP(A49,Rebate_Lookup[SKU CODE],Rebate_Lookup[MOQ_2]), OR( _xlfn.XLOOKUP(A49,Rebate_Lookup[SKU CODE],Rebate_Lookup[MOQ_3])=0, H49<_xlfn.XLOOKUP(A49,Rebate_Lookup[SKU CODE],Rebate_Lookup[MOQ_3]) ) ), 2, IF( OR( AND( _xlfn.XLOOKUP(A49,Rebate_Lookup[SKU CODE],Rebate_Lookup[MOQ_4])=0, H49>=_xlfn.XLOOKUP(A49,Rebate_Lookup[SKU CODE],Rebate_Lookup[MOQ_3]) ), AND( _xlfn.XLOOKUP(A49,Rebate_Lookup[SKU CODE],Rebate_Lookup[MOQ_4])>0, H49>=_xlfn.XLOOKUP(A49,Rebate_Lookup[SKU CODE],Rebate_Lookup[MOQ_3]), H49<_xlfn.XLOOKUP(A49,Rebate_Lookup[SKU CODE],Rebate_Lookup[MOQ_4]) ) ), 3, IF( AND( _xlfn.XLOOKUP(A49,Rebate_Lookup[SKU CODE],Rebate_Lookup[MOQ_4])>0, H49>=_xlfn.XLOOKUP(A49,Rebate_Lookup[SKU CODE],Rebate_Lookup[MOQ_4]) ), 4, 1 ) ) ) ) ) )), PRICING[Standard Use Rate (oz/M)] ), 2 ))} -> 2 | U49: =ROUND(T49*43.56,2) -> 87.12 | V49: =IF(AND(TRIM(U49)<>"",TRIM(H49)<>""),ROUND(H49*INDEX(PRICING[Package Ounces],MATCH(A49,PRICING[SKU],0))/U49,2),"") | W49: =IF(H49<>0,ROUND(S49/V49,2),0) -> 0 | X49: =ROUND(W49/43.56,2) -> 0
A50: 11014245 | B50: =H50>0 -> FALSE | D50: {=IFERROR( _xlfn.TEXTJOIN( "; ", TRUE, _xlfn._xlws.FILTER( IF( ISNUMBER(SEARCH("*Ronstar*FLO*",PRICING[Product]))+ ISNUMBER(SEARCH("Altus*",PRICING[Product]))+ ISNUMBER(SEARCH("Kontos*",PRICING[Product])), IF( (PRICING[Min Qty]="")+(PRICING[Min Qty]=0), "1 unit", PRICING[Min Qty]&" units" ), TEXT(PRICING[Rebate $],"$#,##0.00")& " off on "& IF( (PRICING[Min Qty]="")+(PRICING[Min Qty]=0), "1 unit", PRICING[Min Qty]&" units" ) ), (PRICING[SKU]=$A50)* ( ((PRICING[Rebate $]<>"")*(PRICING[Rebate $]<>0)) + ( ( ISNUMBER(SEARCH("*Ronstar*FLO*",PRICING[Product]))+ ISNUMBER(SEARCH("Altus*",PRICING[Product]))+ ISNUMBER(SEARCH("Kontos*",PRICING[Product])) )* (PRICING[Min Qty]<>0) ) ) ) ), "" )} -> $5.00 off on 1-7 units; $25.00 off on 8+ units | E50: =_xlfn.XLOOKUP(A50, PRICING[SKU], PRICING[Product], "") -> Serata® Fungicide | F50: =_xlfn.XLOOKUP(A50, PRICING[SKU], PRICING[Size], "") -> 35 oz | G50: =IF(_xlfn.XLOOKUP(A50,PRICING[SKU],PRICING[Indication])="I","Insecticide", IF(_xlfn.XLOOKUP(A50,PRICING[SKU],PRICING[Indication])="H","Herbicide", IF(_xlfn.XLOOKUP(A50,PRICING[SKU],PRICING[Indication])="F","Fungicide", IF(_xlfn.XLOOKUP(A50,PRICING[SKU],PRICING[Indication])="PGR","PGR","")))) -> Fungicide | I50: =INDEX(PRICING[2026 In-Season Price],MATCH(A50,PRICING[SKU],0)) -> 546 | J50: =IF(H50*I50= 0,"",H50*I50) | K50: =INDEX(PRICING[NOW Price],MATCH(A50,PRICING[SKU],0)) -> 546 | L50: =IF(H50*K50= 0,"",ROUND(H50*K50,2)) | M50: =INDEX(Rebate_Lookup[Instances],MATCH(A50,Rebate_Lookup[SKU CODE],0)) -> 2 | N50: =IF(H50="","",INDEX(Rebate_Lookup[Qualified Rebate Tier],MATCH(A50,Rebate_Lookup[SKU CODE],0))) | O50: =IF(OR(H50="",N50=""),"", IF(N50=1,INDEX(Rebate_Lookup[REB_MOQ_1],MATCH(A50,Rebate_Lookup[SKU CODE],0)), IF(N50=2,INDEX(Rebate_Lookup[REB_MOQ_2],MATCH(A50,Rebate_Lookup[SKU CODE],0)), IF(N50=3,INDEX(Rebate_Lookup[REB_MOQ_3],MATCH(A50,Rebate_Lookup[SKU CODE],0)), IF(N50=4,INDEX(Rebate_Lookup[REB_MOQ_4],MATCH(A50,Rebate_Lookup[SKU CODE],0)), "#err"))))) | P50: =IF(L68>5000,IF(OR(O50=0,O50=""),"",H50*O50),"") | Q50: =IF( H50>0, IF( OR( AND(ISNUMBER(SEARCH("Specticle",E50)),ISNUMBER(SEARCH("FLO",E50))), AND(ISNUMBER(SEARCH("Ronstar",E50)),ISNUMBER(SEARCH("FLO",E50))) ), IF( AND(_xlfn.XLOOKUP(A50,PRICING[SKU],PRICING[October Bonus],FALSE),$R$10="YES"), ROUND(L50*$G$113,2), "N/A" ), IFERROR( IF( _xlfn.XLOOKUP(A50,PRICING[SKU],PRICING[October Bonus],FALSE), ROUND(L50*SUM($G$109:$G$113),2), ROUND(L50*SUM($G$109:$G$112),2) ), "" ) ), "" ) | R50: =IFERROR(ROUND((L50-SUM(P50:Q50))/H50,2),"") | S50: =IF(AND(H50<>"",H50>0), ROUND(H50*R50,2),"") | T50: {=IF(OR(H50="",H50=0), ROUND(_xlfn.XLOOKUP(1,(PRICING[SKU]=A50)*(PRICING[Set]=1),PRICING[Standard Use Rate (oz/M)]),2),ROUND( _xlfn.XLOOKUP( 1, (PRICING[SKU]=A50)* (PRICING[Set]=IF( _xlfn.XLOOKUP(A50,Rebate_Lookup[SKU CODE],Rebate_Lookup[MOQ_2])=0, 1, IF( AND( _xlfn.XLOOKUP(A50,Rebate_Lookup[SKU CODE],Rebate_Lookup[MOQ_3])=0, H50>=_xlfn.XLOOKUP(A50,Rebate_Lookup[SKU CODE],Rebate_Lookup[MOQ_2]) ), 2, IF( AND( H50>=_xlfn.XLOOKUP(A50,Rebate_Lookup[SKU CODE],Rebate_Lookup[MOQ_1]), H50<_xlfn.XLOOKUP(A50,Rebate_Lookup[SKU CODE],Rebate_Lookup[MOQ_2]) ), 1, IF( AND( H50>=_xlfn.XLOOKUP(A50,Rebate_Lookup[SKU CODE],Rebate_Lookup[MOQ_2]), OR( _xlfn.XLOOKUP(A50,Rebate_Lookup[SKU CODE],Rebate_Lookup[MOQ_3])=0, H50<_xlfn.XLOOKUP(A50,Rebate_Lookup[SKU CODE],Rebate_Lookup[MOQ_3]) ) ), 2, IF( OR( AND( _xlfn.XLOOKUP(A50,Rebate_Lookup[SKU CODE],Rebate_Lookup[MOQ_4])=0, H50>=_xlfn.XLOOKUP(A50,Rebate_Lookup[SKU CODE],Rebate_Lookup[MOQ_3]) ), AND( _xlfn.XLOOKUP(A50,Rebate_Lookup[SKU CODE],Rebate_Lookup[MOQ_4])>0, H50>=_xlfn.XLOOKUP(A50,Rebate_Lookup[SKU CODE],Rebate_Lookup[MOQ_3]), H50<_xlfn.XLOOKUP(A50,Rebate_Lookup[SKU CODE],Rebate_Lookup[MOQ_4]) ) ), 3, IF( AND( _xlfn.XLOOKUP(A50,Rebate_Lookup[SKU CODE],Rebate_Lookup[MOQ_4])>0, H50>=_xlfn.XLOOKUP(A50,Rebate_Lookup[SKU CODE],Rebate_Lookup[MOQ_4]) ), 4, 1 ) ) ) ) ) )), PRICING[Standard Use Rate (oz/M)] ), 2 ))} -> 0.6 | U50: =ROUND(T50*43.56,2) -> 26.14 | V50: =IF(AND(TRIM(U50)<>"",TRIM(H50)<>""),ROUND(H50*INDEX(PRICING[Package Ounces],MATCH(A50,PRICING[SKU],0))/U50,2),"") | W50: =IF(H50<>0,ROUND(S50/V50,2),0) -> 0 | X50: =ROUND(W50/43.56,2) -> 0
A51: D00001390 | B51: =H51>0 -> FALSE | D51: {=IFERROR( _xlfn.TEXTJOIN( "; ", TRUE, _xlfn._xlws.FILTER( IF( ISNUMBER(SEARCH("*Ronstar*FLO*",PRICING[Product]))+ ISNUMBER(SEARCH("Altus*",PRICING[Product]))+ ISNUMBER(SEARCH("Kontos*",PRICING[Product])), IF( (PRICING[Min Qty]="")+(PRICING[Min Qty]=0), "1 unit", PRICING[Min Qty]&" units" ), TEXT(PRICING[Rebate $],"$#,##0.00")& " off on "& IF( (PRICING[Min Qty]="")+(PRICING[Min Qty]=0), "1 unit", PRICING[Min Qty]&" units" ) ), (PRICING[SKU]=$A51)* ( ((PRICING[Rebate $]<>"")*(PRICING[Rebate $]<>0)) + ( ( ISNUMBER(SEARCH("*Ronstar*FLO*",PRICING[Product]))+ ISNUMBER(SEARCH("Altus*",PRICING[Product]))+ ISNUMBER(SEARCH("Kontos*",PRICING[Product])) )* (PRICING[Min Qty]<>0) ) ) ) ), "" )} -> $4.00 off on 1-23 units; $12.00 off on 24+ units | E51: =_xlfn.XLOOKUP(A51, PRICING[SKU], PRICING[Product], "") -> Signature™ XTRA Stressgard® | F51: =_xlfn.XLOOKUP(A51, PRICING[SKU], PRICING[Size], "") -> 5.5 lb | G51: =IF(_xlfn.XLOOKUP(A51,PRICING[SKU],PRICING[Indication])="I","Insecticide", IF(_xlfn.XLOOKUP(A51,PRICING[SKU],PRICING[Indication])="H","Herbicide", IF(_xlfn.XLOOKUP(A51,PRICING[SKU],PRICING[Indication])="F","Fungicide", IF(_xlfn.XLOOKUP(A51,PRICING[SKU],PRICING[Indication])="PGR","PGR","")))) -> Fungicide | I51: =INDEX(PRICING[2026 In-Season Price],MATCH(A51,PRICING[SKU],0)) -> 224.35 | J51: =IF(H51*I51= 0,"",H51*I51) | K51: =INDEX(PRICING[NOW Price],MATCH(A51,PRICING[SKU],0)) -> 224.35 | L51: =IF(H51*K51= 0,"",ROUND(H51*K51,2)) | M51: =INDEX(Rebate_Lookup[Instances],MATCH(A51,Rebate_Lookup[SKU CODE],0)) -> 2 | N51: =IF(H51="","",INDEX(Rebate_Lookup[Qualified Rebate Tier],MATCH(A51,Rebate_Lookup[SKU CODE],0))) | O51: =IF(OR(H51="",N51=""),"", IF(N51=1,INDEX(Rebate_Lookup[REB_MOQ_1],MATCH(A51,Rebate_Lookup[SKU CODE],0)), IF(N51=2,INDEX(Rebate_Lookup[REB_MOQ_2],MATCH(A51,Rebate_Lookup[SKU CODE],0)), IF(N51=3,INDEX(Rebate_Lookup[REB_MOQ_3],MATCH(A51,Rebate_Lookup[SKU CODE],0)), IF(N51=4,INDEX(Rebate_Lookup[REB_MOQ_4],MATCH(A51,Rebate_Lookup[SKU CODE],0)), "#err"))))) | P51: =IF(L68>5000,IF(OR(O51=0,O51=""),"",H51*O51),"") | Q51: =IF( H51>0, IF( OR( AND(ISNUMBER(SEARCH("Specticle",E51)),ISNUMBER(SEARCH("FLO",E51))), AND(ISNUMBER(SEARCH("Ronstar",E51)),ISNUMBER(SEARCH("FLO",E51))) ), IF( AND(_xlfn.XLOOKUP(A51,PRICING[SKU],PRICING[October Bonus],FALSE),$R$10="YES"), ROUND(L51*$G$113,2), "N/A" ), IFERROR( IF( _xlfn.XLOOKUP(A51,PRICING[SKU],PRICING[October Bonus],FALSE), ROUND(L51*SUM($G$109:$G$113),2), ROUND(L51*SUM($G$109:$G$112),2) ), "" ) ), "" ) | R51: =IFERROR(ROUND((L51-SUM(P51:Q51))/H51,2),"") | S51: =IF(AND(H51<>"",H51>0), ROUND(H51*R51,2),"") | T51: {=IF(OR(H51="",H51=0), ROUND(_xlfn.XLOOKUP(1,(PRICING[SKU]=A51)*(PRICING[Set]=1),PRICING[Standard Use Rate (oz/M)]),2),ROUND( _xlfn.XLOOKUP( 1, (PRICING[SKU]=A51)* (PRICING[Set]=IF( _xlfn.XLOOKUP(A51,Rebate_Lookup[SKU CODE],Rebate_Lookup[MOQ_2])=0, 1, IF( AND( _xlfn.XLOOKUP(A51,Rebate_Lookup[SKU CODE],Rebate_Lookup[MOQ_3])=0, H51>=_xlfn.XLOOKUP(A51,Rebate_Lookup[SKU CODE],Rebate_Lookup[MOQ_2]) ), 2, IF( AND( H51>=_xlfn.XLOOKUP(A51,Rebate_Lookup[SKU CODE],Rebate_Lookup[MOQ_1]), H51<_xlfn.XLOOKUP(A51,Rebate_Lookup[SKU CODE],Rebate_Lookup[MOQ_2]) ), 1, IF( AND( H51>=_xlfn.XLOOKUP(A51,Rebate_Lookup[SKU CODE],Rebate_Lookup[MOQ_2]), OR( _xlfn.XLOOKUP(A51,Rebate_Lookup[SKU CODE],Rebate_Lookup[MOQ_3])=0, H51<_xlfn.XLOOKUP(A51,Rebate_Lookup[SKU CODE],Rebate_Lookup[MOQ_3]) ) ), 2, IF( OR( AND( _xlfn.XLOOKUP(A51,Rebate_Lookup[SKU CODE],Rebate_Lookup[MOQ_4])=0, H51>=_xlfn.XLOOKUP(A51,Rebate_Lookup[SKU CODE],Rebate_Lookup[MOQ_3]) ), AND( _xlfn.XLOOKUP(A51,Rebate_Lookup[SKU CODE],Rebate_Lookup[MOQ_4])>0, H51>=_xlfn.XLOOKUP(A51,Rebate_Lookup[SKU CODE],Rebate_Lookup[MOQ_3]), H51<_xlfn.XLOOKUP(A51,Rebate_Lookup[SKU CODE],Rebate_Lookup[MOQ_4]) ) ), 3, IF( AND( _xlfn.XLOOKUP(A51,Rebate_Lookup[SKU CODE],Rebate_Lookup[MOQ_4])>0, H51>=_xlfn.XLOOKUP(A51,Rebate_Lookup[SKU CODE],Rebate_Lookup[MOQ_4]) ), 4, 1 ) ) ) ) ) )), PRICING[Standard Use Rate (oz/M)] ), 2 ))} -> 4 | U51: =ROUND(T51*43.56,2) -> 174.24 | V51: =IF(AND(TRIM(U51)<>"",TRIM(H51)<>""),ROUND(H51*INDEX(PRICING[Package Ounces],MATCH(A51,PRICING[SKU],0))/U51,2),"") | W51: =IF(H51<>0,ROUND(S51/V51,2),0) -> 0 | X51: =ROUND(W51/43.56,2) -> 0
A52: D00001488 | B52: =H52>0 -> FALSE | D52: {=IFERROR( _xlfn.TEXTJOIN( "; ", TRUE, _xlfn._xlws.FILTER( IF( ISNUMBER(SEARCH("*Ronstar*FLO*",PRICING[Product]))+ ISNUMBER(SEARCH("Altus*",PRICING[Product]))+ ISNUMBER(SEARCH("Kontos*",PRICING[Product])), IF( (PRICING[Min Qty]="")+(PRICING[Min Qty]=0), "1 unit", PRICING[Min Qty]&" units" ), TEXT(PRICING[Rebate $],"$#,##0.00")& " off on "& IF( (PRICING[Min Qty]="")+(PRICING[Min Qty]=0), "1 unit", PRICING[Min Qty]&" units" ) ), (PRICING[SKU]=$A52)* ( ((PRICING[Rebate $]<>"")*(PRICING[Rebate $]<>0)) + ( ( ISNUMBER(SEARCH("*Ronstar*FLO*",PRICING[Product]))+ ISNUMBER(SEARCH("Altus*",PRICING[Product]))+ ISNUMBER(SEARCH("Kontos*",PRICING[Product])) )* (PRICING[Min Qty]<>0) ) ) ) ), "" )} -> $4.00 off on 1-23 units; $12.00 off on 24+ units | E52: =_xlfn.XLOOKUP(A52, PRICING[SKU], PRICING[Product], "") -> Signature™ XTRA Stressgard® Liquid | F52: =_xlfn.XLOOKUP(A52, PRICING[SKU], PRICING[Size], "") -> 98 oz | G52: =IF(_xlfn.XLOOKUP(A52,PRICING[SKU],PRICING[Indication])="I","Insecticide", IF(_xlfn.XLOOKUP(A52,PRICING[SKU],PRICING[Indication])="H","Herbicide", IF(_xlfn.XLOOKUP(A52,PRICING[SKU],PRICING[Indication])="F","Fungicide", IF(_xlfn.XLOOKUP(A52,PRICING[SKU],PRICING[Indication])="PGR","PGR","")))) -> Fungicide | I52: =INDEX(PRICING[2026 In-Season Price],MATCH(A52,PRICING[SKU],0)) -> 235.2 | J52: =IF(H52*I52= 0,"",H52*I52) | K52: =INDEX(PRICING[NOW Price],MATCH(A52,PRICING[SKU],0)) -> 235.2 | L52: =IF(H52*K52= 0,"",ROUND(H52*K52,2)) | M52: =INDEX(Rebate_Lookup[Instances],MATCH(A52,Rebate_Lookup[SKU CODE],0)) -> 2 | N52: =IF(H52="","",INDEX(Rebate_Lookup[Qualified Rebate Tier],MATCH(A52,Rebate_Lookup[SKU CODE],0))) | O52: =IF(OR(H52="",N52=""),"", IF(N52=1,INDEX(Rebate_Lookup[REB_MOQ_1],MATCH(A52,Rebate_Lookup[SKU CODE],0)), IF(N52=2,INDEX(Rebate_Lookup[REB_MOQ_2],MATCH(A52,Rebate_Lookup[SKU CODE],0)), IF(N52=3,INDEX(Rebate_Lookup[REB_MOQ_3],MATCH(A52,Rebate_Lookup[SKU CODE],0)), IF(N52=4,INDEX(Rebate_Lookup[REB_MOQ_4],MATCH(A52,Rebate_Lookup[SKU CODE],0)), "#err"))))) | P52: =IF(L68>5000,IF(OR(O52=0,O52=""),"",H52*O52),"") | Q52: =IF( H52>0, IF( OR( AND(ISNUMBER(SEARCH("Specticle",E52)),ISNUMBER(SEARCH("FLO",E52))), AND(ISNUMBER(SEARCH("Ronstar",E52)),ISNUMBER(SEARCH("FLO",E52))) ), IF( AND(_xlfn.XLOOKUP(A52,PRICING[SKU],PRICING[October Bonus],FALSE),$R$10="YES"), ROUND(L52*$G$113,2), "N/A" ), IFERROR( IF( _xlfn.XLOOKUP(A52,PRICING[SKU],PRICING[October Bonus],FALSE), ROUND(L52*SUM($G$109:$G$113),2), ROUND(L52*SUM($G$109:$G$112),2) ), "" ) ), "" ) | R52: =IFERROR(ROUND((L52-SUM(P52:Q52))/H52,2),"") | S52: =IF(AND(H52<>"",H52>0), ROUND(H52*R52,2),"") | T52: {=IF(OR(H52="",H52=0), ROUND(_xlfn.XLOOKUP(1,(PRICING[SKU]=A52)*(PRICING[Set]=1),PRICING[Standard Use Rate (oz/M)]),2),ROUND( _xlfn.XLOOKUP( 1, (PRICING[SKU]=A52)* (PRICING[Set]=IF( _xlfn.XLOOKUP(A52,Rebate_Lookup[SKU CODE],Rebate_Lookup[MOQ_2])=0, 1, IF( AND( _xlfn.XLOOKUP(A52,Rebate_Lookup[SKU CODE],Rebate_Lookup[MOQ_3])=0, H52>=_xlfn.XLOOKUP(A52,Rebate_Lookup[SKU CODE],Rebate_Lookup[MOQ_2]) ), 2, IF( AND( H52>=_xlfn.XLOOKUP(A52,Rebate_Lookup[SKU CODE],Rebate_Lookup[MOQ_1]), H52<_xlfn.XLOOKUP(A52,Rebate_Lookup[SKU CODE],Rebate_Lookup[MOQ_2]) ), 1, IF( AND( H52>=_xlfn.XLOOKUP(A52,Rebate_Lookup[SKU CODE],Rebate_Lookup[MOQ_2]), OR( _xlfn.XLOOKUP(A52,Rebate_Lookup[SKU CODE],Rebate_Lookup[MOQ_3])=0, H52<_xlfn.XLOOKUP(A52,Rebate_Lookup[SKU CODE],Rebate_Lookup[MOQ_3]) ) ), 2, IF( OR( AND( _xlfn.XLOOKUP(A52,Rebate_Lookup[SKU CODE],Rebate_Lookup[MOQ_4])=0, H52>=_xlfn.XLOOKUP(A52,Rebate_Lookup[SKU CODE],Rebate_Lookup[MOQ_3]) ), AND( _xlfn.XLOOKUP(A52,Rebate_Lookup[SKU CODE],Rebate_Lookup[MOQ_4])>0, H52>=_xlfn.XLOOKUP(A52,Rebate_Lookup[SKU CODE],Rebate_Lookup[MOQ_3]), H52<_xlfn.XLOOKUP(A52,Rebate_Lookup[SKU CODE],Rebate_Lookup[MOQ_4]) ) ), 3, IF( AND( _xlfn.XLOOKUP(A52,Rebate_Lookup[SKU CODE],Rebate_Lookup[MOQ_4])>0, H52>=_xlfn.XLOOKUP(A52,Rebate_Lookup[SKU CODE],Rebate_Lookup[MOQ_4]) ), 4, 1 ) ) ) ) ) )), PRICING[Standard Use Rate (oz/M)] ), 2 ))} -> 4.5 | U52: =ROUND(T52*43.56,2) -> 196.02 | V52: =IF(AND(TRIM(U52)<>"",TRIM(H52)<>""),ROUND(H52*INDEX(PRICING[Package Ounces],MATCH(A52,PRICING[SKU],0))/U52,2),"") | W52: =IF(H52<>0,ROUND(S52/V52,2),0) -> 0 | X52: =ROUND(W52/43.56,2) -> 0
A53: 11008522 | B53: =H53>0 -> FALSE | D53: {=IFERROR( _xlfn.TEXTJOIN( "; ", TRUE, _xlfn._xlws.FILTER( IF( ISNUMBER(SEARCH("*Ronstar*FLO*",PRICING[Product]))+ ISNUMBER(SEARCH("Altus*",PRICING[Product]))+ ISNUMBER(SEARCH("Kontos*",PRICING[Product])), IF( (PRICING[Min Qty]="")+(PRICING[Min Qty]=0), "1 unit", PRICING[Min Qty]&" units" ), TEXT(PRICING[Rebate $],"$#,##0.00")& " off on "& IF( (PRICING[Min Qty]="")+(PRICING[Min Qty]=0), "1 unit", PRICING[Min Qty]&" units" ) ), (PRICING[SKU]=$A53)* ( ((PRICING[Rebate $]<>"")*(PRICING[Rebate $]<>0)) + ( ( ISNUMBER(SEARCH("*Ronstar*FLO*",PRICING[Product]))+ ISNUMBER(SEARCH("Altus*",PRICING[Product]))+ ISNUMBER(SEARCH("Kontos*",PRICING[Product])) )* (PRICING[Min Qty]<>0) ) ) ) ), "" )} -> $32.00 off on 8+ units | E53: =_xlfn.XLOOKUP(A53, PRICING[SKU], PRICING[Product], "") -> Solitare® Herbicide | F53: =_xlfn.XLOOKUP(A53, PRICING[SKU], PRICING[Size], "") -> 4 lb | G53: =IF(_xlfn.XLOOKUP(A53,PRICING[SKU],PRICING[Indication])="I","Insecticide", IF(_xlfn.XLOOKUP(A53,PRICING[SKU],PRICING[Indication])="H","Herbicide", IF(_xlfn.XLOOKUP(A53,PRICING[SKU],PRICING[Indication])="F","Fungicide", IF(_xlfn.XLOOKUP(A53,PRICING[SKU],PRICING[Indication])="PGR","PGR","")))) -> Herbicide | I53: =INDEX(PRICING[2026 In-Season Price],MATCH(A53,PRICING[SKU],0)) -> 611.08 | J53: =IF(H53*I53= 0,"",H53*I53) | K53: =INDEX(PRICING[NOW Price],MATCH(A53,PRICING[SKU],0)) -> 611.08 | L53: =IF(H53*K53= 0,"",ROUND(H53*K53,2)) | M53: =INDEX(Rebate_Lookup[Instances],MATCH(A53,Rebate_Lookup[SKU CODE],0)) -> 2 | N53: =IF(H53="","",INDEX(Rebate_Lookup[Qualified Rebate Tier],MATCH(A53,Rebate_Lookup[SKU CODE],0))) | O53: =IF(OR(H53="",N53=""),"", IF(N53=1,INDEX(Rebate_Lookup[REB_MOQ_1],MATCH(A53,Rebate_Lookup[SKU CODE],0)), IF(N53=2,INDEX(Rebate_Lookup[REB_MOQ_2],MATCH(A53,Rebate_Lookup[SKU CODE],0)), IF(N53=3,INDEX(Rebate_Lookup[REB_MOQ_3],MATCH(A53,Rebate_Lookup[SKU CODE],0)), IF(N53=4,INDEX(Rebate_Lookup[REB_MOQ_4],MATCH(A53,Rebate_Lookup[SKU CODE],0)), "#err"))))) | P53: =IF(L68>5000,IF(OR(O53=0,O53=""),"",H53*O53),"") | Q53: =IF( H53>0, IF( OR( AND(ISNUMBER(SEARCH("Specticle",E53)),ISNUMBER(SEARCH("FLO",E53))), AND(ISNUMBER(SEARCH("Ronstar",E53)),ISNUMBER(SEARCH("FLO",E53))) ), IF( AND(_xlfn.XLOOKUP(A53,PRICING[SKU],PRICING[October Bonus],FALSE),$R$10="YES"), ROUND(L53*$G$113,2), "N/A" ), IFERROR( IF( _xlfn.XLOOKUP(A53,PRICING[SKU],PRICING[October Bonus],FALSE), ROUND(L53*SUM($G$109:$G$113),2), ROUND(L53*SUM($G$109:$G$112),2) ), "" ) ), "" ) | R53: =IFERROR(ROUND((L53-SUM(P53:Q53))/H53,2),"") | S53: =IF(AND(H53<>"",H53>0), ROUND(H53*R53,2),"") | T53: {=IF(OR(H53="",H53=0), ROUND(_xlfn.XLOOKUP(1,(PRICING[SKU]=A53)*(PRICING[Set]=1),PRICING[Standard Use Rate (oz/M)]),2),ROUND( _xlfn.XLOOKUP( 1, (PRICING[SKU]=A53)* (PRICING[Set]=IF( _xlfn.XLOOKUP(A53,Rebate_Lookup[SKU CODE],Rebate_Lookup[MOQ_2])=0, 1, IF( AND( _xlfn.XLOOKUP(A53,Rebate_Lookup[SKU CODE],Rebate_Lookup[MOQ_3])=0, H53>=_xlfn.XLOOKUP(A53,Rebate_Lookup[SKU CODE],Rebate_Lookup[MOQ_2]) ), 2, IF( AND( H53>=_xlfn.XLOOKUP(A53,Rebate_Lookup[SKU CODE],Rebate_Lookup[MOQ_1]), H53<_xlfn.XLOOKUP(A53,Rebate_Lookup[SKU CODE],Rebate_Lookup[MOQ_2]) ), 1, IF( AND( H53>=_xlfn.XLOOKUP(A53,Rebate_Lookup[SKU CODE],Rebate_Lookup[MOQ_2]), OR( _xlfn.XLOOKUP(A53,Rebate_Lookup[SKU CODE],Rebate_Lookup[MOQ_3])=0, H53<_xlfn.XLOOKUP(A53,Rebate_Lookup[SKU CODE],Rebate_Lookup[MOQ_3]) ) ), 2, IF( OR( AND( _xlfn.XLOOKUP(A53,Rebate_Lookup[SKU CODE],Rebate_Lookup[MOQ_4])=0, H53>=_xlfn.XLOOKUP(A53,Rebate_Lookup[SKU CODE],Rebate_Lookup[MOQ_3]) ), AND( _xlfn.XLOOKUP(A53,Rebate_Lookup[SKU CODE],Rebate_Lookup[MOQ_4])>0, H53>=_xlfn.XLOOKUP(A53,Rebate_Lookup[SKU CODE],Rebate_Lookup[MOQ_3]), H53<_xlfn.XLOOKUP(A53,Rebate_Lookup[SKU CODE],Rebate_Lookup[MOQ_4]) ) ), 3, IF( AND( _xlfn.XLOOKUP(A53,Rebate_Lookup[SKU CODE],Rebate_Lookup[MOQ_4])>0, H53>=_xlfn.XLOOKUP(A53,Rebate_Lookup[SKU CODE],Rebate_Lookup[MOQ_4]) ), 4, 1 ) ) ) ) ) )), PRICING[Standard Use Rate (oz/M)] ), 2 ))} -> 2 | U53: =ROUND(T53*43.56,2) -> 87.12 | V53: =IF(AND(TRIM(U53)<>"",TRIM(H53)<>""),ROUND(H53*INDEX(PRICING[Package Ounces],MATCH(A53,PRICING[SKU],0))/U53,2),"") | W53: =IF(H53<>0,ROUND(S53/V53,2),0) -> 0 | X53: =ROUND(W53/43.56,2) -> 0
A54: 11013862 | B54: =H54>0 -> FALSE | D54: {=IFERROR( _xlfn.TEXTJOIN( "; ", TRUE, _xlfn._xlws.FILTER( IF( ISNUMBER(SEARCH("*Ronstar*FLO*",PRICING[Product]))+ ISNUMBER(SEARCH("Altus*",PRICING[Product]))+ ISNUMBER(SEARCH("Kontos*",PRICING[Product])), IF( (PRICING[Min Qty]="")+(PRICING[Min Qty]=0), "1 unit", PRICING[Min Qty]&" units" ), TEXT(PRICING[Rebate $],"$#,##0.00")& " off on "& IF( (PRICING[Min Qty]="")+(PRICING[Min Qty]=0), "1 unit", PRICING[Min Qty]&" units" ) ), (PRICING[SKU]=$A54)* ( ((PRICING[Rebate $]<>"")*(PRICING[Rebate $]<>0)) + ( ( ISNUMBER(SEARCH("*Ronstar*FLO*",PRICING[Product]))+ ISNUMBER(SEARCH("Altus*",PRICING[Product]))+ ISNUMBER(SEARCH("Kontos*",PRICING[Product])) )* (PRICING[Min Qty]<>0) ) ) ) ), "" )} -> $10.00 off on 1+ units | E54: =_xlfn.XLOOKUP(A54, PRICING[SKU], PRICING[Product], "") -> Solitare® WSL Herbicide | F54: =_xlfn.XLOOKUP(A54, PRICING[SKU], PRICING[Size], "") -> 2.5 gal | G54: =IF(_xlfn.XLOOKUP(A54,PRICING[SKU],PRICING[Indication])="I","Insecticide", IF(_xlfn.XLOOKUP(A54,PRICING[SKU],PRICING[Indication])="H","Herbicide", IF(_xlfn.XLOOKUP(A54,PRICING[SKU],PRICING[Indication])="F","Fungicide", IF(_xlfn.XLOOKUP(A54,PRICING[SKU],PRICING[Indication])="PGR","PGR","")))) -> Herbicide | I54: =INDEX(PRICING[2026 In-Season Price],MATCH(A54,PRICING[SKU],0)) -> 268.8 | J54: =IF(H54*I54= 0,"",H54*I54) | K54: =INDEX(PRICING[NOW Price],MATCH(A54,PRICING[SKU],0)) -> 268.8 | L54: =IF(H54*K54= 0,"",ROUND(H54*K54,2)) | M54: =INDEX(Rebate_Lookup[Instances],MATCH(A54,Rebate_Lookup[SKU CODE],0)) -> 1 | N54: =IF(H54="","",INDEX(Rebate_Lookup[Qualified Rebate Tier],MATCH(A54,Rebate_Lookup[SKU CODE],0))) | O54: =IF(OR(H54="",N54=""),"", IF(N54=1,INDEX(Rebate_Lookup[REB_MOQ_1],MATCH(A54,Rebate_Lookup[SKU CODE],0)), IF(N54=2,INDEX(Rebate_Lookup[REB_MOQ_2],MATCH(A54,Rebate_Lookup[SKU CODE],0)), IF(N54=3,INDEX(Rebate_Lookup[REB_MOQ_3],MATCH(A54,Rebate_Lookup[SKU CODE],0)), IF(N54=4,INDEX(Rebate_Lookup[REB_MOQ_4],MATCH(A54,Rebate_Lookup[SKU CODE],0)), "#err"))))) | P54: =IF(L68>5000,IF(OR(O54=0,O54=""),"",H54*O54),"") | Q54: =IF( H54>0, IF( OR( AND(ISNUMBER(SEARCH("Specticle",E54)),ISNUMBER(SEARCH("FLO",E54))), AND(ISNUMBER(SEARCH("Ronstar",E54)),ISNUMBER(SEARCH("FLO",E54))) ), IF( AND(_xlfn.XLOOKUP(A54,PRICING[SKU],PRICING[October Bonus],FALSE),$R$10="YES"), ROUND(L54*$G$113,2), "N/A" ), IFERROR( IF( _xlfn.XLOOKUP(A54,PRICING[SKU],PRICING[October Bonus],FALSE), ROUND(L54*SUM($G$109:$G$113),2), ROUND(L54*SUM($G$109:$G$112),2) ), "" ) ), "" ) | R54: =IFERROR(ROUND((L54-SUM(P54:Q54))/H54,2),"") | S54: =IF(AND(H54<>"",H54>0), ROUND(H54*R54,2),"") | T54: {=IF(OR(H54="",H54=0), ROUND(_xlfn.XLOOKUP(1,(PRICING[SKU]=A54)*(PRICING[Set]=1),PRICING[Standard Use Rate (oz/M)]),2),ROUND( _xlfn.XLOOKUP( 1, (PRICING[SKU]=A54)* (PRICING[Set]=IF( _xlfn.XLOOKUP(A54,Rebate_Lookup[SKU CODE],Rebate_Lookup[MOQ_2])=0, 1, IF( AND( _xlfn.XLOOKUP(A54,Rebate_Lookup[SKU CODE],Rebate_Lookup[MOQ_3])=0, H54>=_xlfn.XLOOKUP(A54,Rebate_Lookup[SKU CODE],Rebate_Lookup[MOQ_2]) ), 2, IF( AND( H54>=_xlfn.XLOOKUP(A54,Rebate_Lookup[SKU CODE],Rebate_Lookup[MOQ_1]), H54<_xlfn.XLOOKUP(A54,Rebate_Lookup[SKU CODE],Rebate_Lookup[MOQ_2]) ), 1, IF( AND( H54>=_xlfn.XLOOKUP(A54,Rebate_Lookup[SKU CODE],Rebate_Lookup[MOQ_2]), OR( _xlfn.XLOOKUP(A54,Rebate_Lookup[SKU CODE],Rebate_Lookup[MOQ_3])=0, H54<_xlfn.XLOOKUP(A54,Rebate_Lookup[SKU CODE],Rebate_Lookup[MOQ_3]) ) ), 2, IF( OR( AND( _xlfn.XLOOKUP(A54,Rebate_Lookup[SKU CODE],Rebate_Lookup[MOQ_4])=0, H54>=_xlfn.XLOOKUP(A54,Rebate_Lookup[SKU CODE],Rebate_Lookup[MOQ_3]) ), AND( _xlfn.XLOOKUP(A54,Rebate_Lookup[SKU CODE],Rebate_Lookup[MOQ_4])>0, H54>=_xlfn.XLOOKUP(A54,Rebate_Lookup[SKU CODE],Rebate_Lookup[MOQ_3]), H54<_xlfn.XLOOKUP(A54,Rebate_Lookup[SKU CODE],Rebate_Lookup[MOQ_4]) ) ), 3, IF( AND( _xlfn.XLOOKUP(A54,Rebate_Lookup[SKU CODE],Rebate_Lookup[MOQ_4])>0, H54>=_xlfn.XLOOKUP(A54,Rebate_Lookup[SKU CODE],Rebate_Lookup[MOQ_4]) ), 4, 1 ) ) ) ) ) )), PRICING[Standard Use Rate (oz/M)] ), 2 ))} -> 3.97 | U54: =ROUND(T54*43.56,2) -> 172.93 | V54: =IF(AND(TRIM(U54)<>"",TRIM(H54)<>""),ROUND(H54*INDEX(PRICING[Package Ounces],MATCH(A54,PRICING[SKU],0))/U54,2),"") | W54: =IF(H54<>0,ROUND(S54/V54,2),0) -> 0 | X54: =ROUND(W54/43.56,2) -> 0
A55: D00000991 | B55: =H55>0 -> FALSE | D55: {=IFERROR( _xlfn.TEXTJOIN( "; ", TRUE, _xlfn._xlws.FILTER( IF( ISNUMBER(SEARCH("*Ronstar*FLO*",PRICING[Product]))+ ISNUMBER(SEARCH("Altus*",PRICING[Product]))+ ISNUMBER(SEARCH("Kontos*",PRICING[Product])), IF( (PRICING[Min Qty]="")+(PRICING[Min Qty]=0), "1 unit", PRICING[Min Qty]&" units" ), TEXT(PRICING[Rebate $],"$#,##0.00")& " off on "& IF( (PRICING[Min Qty]="")+(PRICING[Min Qty]=0), "1 unit", PRICING[Min Qty]&" units" ) ), (PRICING[SKU]=$A55)* ( ((PRICING[Rebate $]<>"")*(PRICING[Rebate $]<>0)) + ( ( ISNUMBER(SEARCH("*Ronstar*FLO*",PRICING[Product]))+ ISNUMBER(SEARCH("Altus*",PRICING[Product]))+ ISNUMBER(SEARCH("Kontos*",PRICING[Product])) )* (PRICING[Min Qty]<>0) ) ) ) ), "" )} | E55: =_xlfn.XLOOKUP(A55, PRICING[SKU], PRICING[Product], "") -> Specticle® FLO | F55: =_xlfn.XLOOKUP(A55, PRICING[SKU], PRICING[Size], "") -> 18 oz | G55: =IF(_xlfn.XLOOKUP(A55,PRICING[SKU],PRICING[Indication])="I","Insecticide", IF(_xlfn.XLOOKUP(A55,PRICING[SKU],PRICING[Indication])="H","Herbicide", IF(_xlfn.XLOOKUP(A55,PRICING[SKU],PRICING[Indication])="F","Fungicide", IF(_xlfn.XLOOKUP(A55,PRICING[SKU],PRICING[Indication])="PGR","PGR","")))) -> Herbicide | I55: =INDEX(PRICING[2026 In-Season Price],MATCH(A55,PRICING[SKU],0)) -> 340.02 | J55: =IF(H55*I55= 0,"",H55*I55) | K55: =INDEX(PRICING[NOW Price],MATCH(A55,PRICING[SKU],0)) -> 340.02 | L55: =IF(H55*K55= 0,"",ROUND(H55*K55,2)) | M55: =INDEX(Rebate_Lookup[Instances],MATCH(A55,Rebate_Lookup[SKU CODE],0)) -> 1 | N55: =IF(H55="","",INDEX(Rebate_Lookup[Qualified Rebate Tier],MATCH(A55,Rebate_Lookup[SKU CODE],0))) | O55: =IF(OR(H55="",N55=""),"", IF(N55=1,INDEX(Rebate_Lookup[REB_MOQ_1],MATCH(A55,Rebate_Lookup[SKU CODE],0)), IF(N55=2,INDEX(Rebate_Lookup[REB_MOQ_2],MATCH(A55,Rebate_Lookup[SKU CODE],0)), IF(N55=3,INDEX(Rebate_Lookup[REB_MOQ_3],MATCH(A55,Rebate_Lookup[SKU CODE],0)), IF(N55=4,INDEX(Rebate_Lookup[REB_MOQ_4],MATCH(A55,Rebate_Lookup[SKU CODE],0)), "#err"))))) | P55: =IF(L68>5000,IF(OR(O55=0,O55=""),"",H55*O55),"") | Q55: =IF( H55>0, IF( OR( AND(ISNUMBER(SEARCH("Specticle",E55)),ISNUMBER(SEARCH("FLO",E55))), AND(ISNUMBER(SEARCH("Ronstar",E55)),ISNUMBER(SEARCH("FLO",E55))) ), IF( AND(_xlfn.XLOOKUP(A55,PRICING[SKU],PRICING[October Bonus],FALSE),$R$10="YES"), ROUND(L55*$G$113,2), "N/A" ), IFERROR( IF( _xlfn.XLOOKUP(A55,PRICING[SKU],PRICING[October Bonus],FALSE), ROUND(L55*SUM($G$109:$G$113),2), ROUND(L55*SUM($G$109:$G$112),2) ), "" ) ), "" ) | R55: =IFERROR(ROUND((L55-SUM(P55:Q55))/H55,2),"") | S55: =IF(AND(H55<>"",H55>0), ROUND(H55*R55,2),"") | T55: {=IF(OR(H55="",H55=0), ROUND(_xlfn.XLOOKUP(1,(PRICING[SKU]=A55)*(PRICING[Set]=1),PRICING[Standard Use Rate (oz/M)]),2),ROUND( _xlfn.XLOOKUP( 1, (PRICING[SKU]=A55)* (PRICING[Set]=IF( _xlfn.XLOOKUP(A55,Rebate_Lookup[SKU CODE],Rebate_Lookup[MOQ_2])=0, 1, IF( AND( _xlfn.XLOOKUP(A55,Rebate_Lookup[SKU CODE],Rebate_Lookup[MOQ_3])=0, H55>=_xlfn.XLOOKUP(A55,Rebate_Lookup[SKU CODE],Rebate_Lookup[MOQ_2]) ), 2, IF( AND( H55>=_xlfn.XLOOKUP(A55,Rebate_Lookup[SKU CODE],Rebate_Lookup[MOQ_1]), H55<_xlfn.XLOOKUP(A55,Rebate_Lookup[SKU CODE],Rebate_Lookup[MOQ_2]) ), 1, IF( AND( H55>=_xlfn.XLOOKUP(A55,Rebate_Lookup[SKU CODE],Rebate_Lookup[MOQ_2]), OR( _xlfn.XLOOKUP(A55,Rebate_Lookup[SKU CODE],Rebate_Lookup[MOQ_3])=0, H55<_xlfn.XLOOKUP(A55,Rebate_Lookup[SKU CODE],Rebate_Lookup[MOQ_3]) ) ), 2, IF( OR( AND( _xlfn.XLOOKUP(A55,Rebate_Lookup[SKU CODE],Rebate_Lookup[MOQ_4])=0, H55>=_xlfn.XLOOKUP(A55,Rebate_Lookup[SKU CODE],Rebate_Lookup[MOQ_3]) ), AND( _xlfn.XLOOKUP(A55,Rebate_Lookup[SKU CODE],Rebate_Lookup[MOQ_4])>0, H55>=_xlfn.XLOOKUP(A55,Rebate_Lookup[SKU CODE],Rebate_Lookup[MOQ_3]), H55<_xlfn.XLOOKUP(A55,Rebate_Lookup[SKU CODE],Rebate_Lookup[MOQ_4]) ) ), 3, IF( AND( _xlfn.XLOOKUP(A55,Rebate_Lookup[SKU CODE],Rebate_Lookup[MOQ_4])>0, H55>=_xlfn.XLOOKUP(A55,Rebate_Lookup[SKU CODE],Rebate_Lookup[MOQ_4]) ), 4, 1 ) ) ) ) ) )), PRICING[Standard Use Rate (oz/M)] ), 2 ))} -> 0.14 | U55: =ROUND(T55*43.56,2) -> 6.1 | V55: =IF(AND(TRIM(U55)<>"",TRIM(H55)<>""),ROUND(H55*INDEX(PRICING[Package Ounces],MATCH(A55,PRICING[SKU],0))/U55,2),"") | W55: =IF(H55<>0,ROUND(S55/V55,2),0) -> 0 | X55: =ROUND(W55/43.56,2) -> 0
A56: D00000990-1 | B56: =H56>0 -> FALSE | D56: {=IFERROR( _xlfn.TEXTJOIN( "; ", TRUE, _xlfn._xlws.FILTER( IF( ISNUMBER(SEARCH("*Ronstar*FLO*",PRICING[Product]))+ ISNUMBER(SEARCH("Altus*",PRICING[Product]))+ ISNUMBER(SEARCH("Kontos*",PRICING[Product])), IF( (PRICING[Min Qty]="")+(PRICING[Min Qty]=0), "1 unit", PRICING[Min Qty]&" units" ), TEXT(PRICING[Rebate $],"$#,##0.00")& " off on "& IF( (PRICING[Min Qty]="")+(PRICING[Min Qty]=0), "1 unit", PRICING[Min Qty]&" units" ) ), (PRICING[SKU]=$A56)* ( ((PRICING[Rebate $]<>"")*(PRICING[Rebate $]<>0)) + ( ( ISNUMBER(SEARCH("*Ronstar*FLO*",PRICING[Product]))+ ISNUMBER(SEARCH("Altus*",PRICING[Product]))+ ISNUMBER(SEARCH("Kontos*",PRICING[Product])) )* (PRICING[Min Qty]<>0) ) ) ) ), "" )} -> $101.00 off on 1-6 units | E56: =_xlfn.XLOOKUP(A56, PRICING[SKU], PRICING[Product], "") -> Specticle® FLO | F56: =_xlfn.XLOOKUP(A56, PRICING[SKU], PRICING[Size], "") -> 1 gal | G56: =IF(_xlfn.XLOOKUP(A56,PRICING[SKU],PRICING[Indication])="I","Insecticide", IF(_xlfn.XLOOKUP(A56,PRICING[SKU],PRICING[Indication])="H","Herbicide", IF(_xlfn.XLOOKUP(A56,PRICING[SKU],PRICING[Indication])="F","Fungicide", IF(_xlfn.XLOOKUP(A56,PRICING[SKU],PRICING[Indication])="PGR","PGR","")))) -> Herbicide | I56: =INDEX(PRICING[2026 In-Season Price],MATCH(A56,PRICING[SKU],0)) -> 2232.32 | J56: =IF(H56*I56= 0,"",H56*I56) | K56: =INDEX(PRICING[NOW Price],MATCH(A56,PRICING[SKU],0)) -> 2143.03 | L56: =IF(H56*K56= 0,"",ROUND(H56*K56,2)) | M56: =INDEX(Rebate_Lookup[Instances],MATCH(A56,Rebate_Lookup[SKU CODE],0)) -> 1 | N56: =IF(H56="","",INDEX(Rebate_Lookup[Qualified Rebate Tier],MATCH(A56,Rebate_Lookup[SKU CODE],0))) | O56: =IF(OR(H56="",N56=""),"", IF(N56=1,INDEX(Rebate_Lookup[REB_MOQ_1],MATCH(A56,Rebate_Lookup[SKU CODE],0)), IF(N56=2,INDEX(Rebate_Lookup[REB_MOQ_2],MATCH(A56,Rebate_Lookup[SKU CODE],0)), IF(N56=3,INDEX(Rebate_Lookup[REB_MOQ_3],MATCH(A56,Rebate_Lookup[SKU CODE],0)), IF(N56=4,INDEX(Rebate_Lookup[REB_MOQ_4],MATCH(A56,Rebate_Lookup[SKU CODE],0)), "#err"))))) | P56: =IF(L68>5000,IF(OR(O56=0,O56=""),"",H56*O56),"") | Q56: =IF( H56>0, IF( OR( AND(ISNUMBER(SEARCH("Specticle",E56)),ISNUMBER(SEARCH("FLO",E56))), AND(ISNUMBER(SEARCH("Ronstar",E56)),ISNUMBER(SEARCH("FLO",E56))) ), IF( AND(_xlfn.XLOOKUP(A56,PRICING[SKU],PRICING[October Bonus],FALSE),$R$10="YES"), ROUND(L56*$G$113,2), "N/A" ), IFERROR( IF( _xlfn.XLOOKUP(A56,PRICING[SKU],PRICING[October Bonus],FALSE), ROUND(L56*SUM($G$109:$G$113),2), ROUND(L56*SUM($G$109:$G$112),2) ), "" ) ), "" ) | R56: =IFERROR(ROUND((L56-SUM(P56:Q56))/H56,2),"") | S56: =IF(AND(H56<>"",H56>0), ROUND(H56*R56,2),"") | T56: {=IF(OR(H56="",H56=0), ROUND(_xlfn.XLOOKUP(1,(PRICING[SKU]=A56)*(PRICING[Set]=1),PRICING[Standard Use Rate (oz/M)]),2),ROUND( _xlfn.XLOOKUP( 1, (PRICING[SKU]=A56)* (PRICING[Set]=IF( _xlfn.XLOOKUP(A56,Rebate_Lookup[SKU CODE],Rebate_Lookup[MOQ_2])=0, 1, IF( AND( _xlfn.XLOOKUP(A56,Rebate_Lookup[SKU CODE],Rebate_Lookup[MOQ_3])=0, H56>=_xlfn.XLOOKUP(A56,Rebate_Lookup[SKU CODE],Rebate_Lookup[MOQ_2]) ), 2, IF( AND( H56>=_xlfn.XLOOKUP(A56,Rebate_Lookup[SKU CODE],Rebate_Lookup[MOQ_1]), H56<_xlfn.XLOOKUP(A56,Rebate_Lookup[SKU CODE],Rebate_Lookup[MOQ_2]) ), 1, IF( AND( H56>=_xlfn.XLOOKUP(A56,Rebate_Lookup[SKU CODE],Rebate_Lookup[MOQ_2]), OR( _xlfn.XLOOKUP(A56,Rebate_Lookup[SKU CODE],Rebate_Lookup[MOQ_3])=0, H56<_xlfn.XLOOKUP(A56,Rebate_Lookup[SKU CODE],Rebate_Lookup[MOQ_3]) ) ), 2, IF( OR( AND( _xlfn.XLOOKUP(A56,Rebate_Lookup[SKU CODE],Rebate_Lookup[MOQ_4])=0, H56>=_xlfn.XLOOKUP(A56,Rebate_Lookup[SKU CODE],Rebate_Lookup[MOQ_3]) ), AND( _xlfn.XLOOKUP(A56,Rebate_Lookup[SKU CODE],Rebate_Lookup[MOQ_4])>0, H56>=_xlfn.XLOOKUP(A56,Rebate_Lookup[SKU CODE],Rebate_Lookup[MOQ_3]), H56<_xlfn.XLOOKUP(A56,Rebate_Lookup[SKU CODE],Rebate_Lookup[MOQ_4]) ) ), 3, IF( AND( _xlfn.XLOOKUP(A56,Rebate_Lookup[SKU CODE],Rebate_Lookup[MOQ_4])>0, H56>=_xlfn.XLOOKUP(A56,Rebate_Lookup[SKU CODE],Rebate_Lookup[MOQ_4]) ), 4, 1 ) ) ) ) ) )), PRICING[Standard Use Rate (oz/M)] ), 2 ))} -> 0.14 | U56: =ROUND(T56*43.56,2) -> 6.1 | V56: =IF(AND(TRIM(U56)<>"",TRIM(H56)<>""),ROUND(H56*INDEX(PRICING[Package Ounces],MATCH(A56,PRICING[SKU],0))/U56,2),"") | W56: =IF(H56<>0,ROUND(S56/V56,2),0) -> 0 | X56: =ROUND(W56/43.56,2) -> 0
A57: D00000990-2 | B57: =H57>0 -> FALSE | D57: {=IFERROR( _xlfn.TEXTJOIN( "; ", TRUE, _xlfn._xlws.FILTER( IF( ISNUMBER(SEARCH("*Ronstar*FLO*",PRICING[Product]))+ ISNUMBER(SEARCH("Altus*",PRICING[Product]))+ ISNUMBER(SEARCH("Kontos*",PRICING[Product])), IF( (PRICING[Min Qty]="")+(PRICING[Min Qty]=0), "1 unit", PRICING[Min Qty]&" units" ), TEXT(PRICING[Rebate $],"$#,##0.00")& " off on "& IF( (PRICING[Min Qty]="")+(PRICING[Min Qty]=0), "1 unit", PRICING[Min Qty]&" units" ) ), (PRICING[SKU]=$A57)* ( ((PRICING[Rebate $]<>"")*(PRICING[Rebate $]<>0)) + ( ( ISNUMBER(SEARCH("*Ronstar*FLO*",PRICING[Product]))+ ISNUMBER(SEARCH("Altus*",PRICING[Product]))+ ISNUMBER(SEARCH("Kontos*",PRICING[Product])) )* (PRICING[Min Qty]<>0) ) ) ) ), "" )} -> $115.00 off on 7-13 units | E57: =_xlfn.XLOOKUP(A57, PRICING[SKU], PRICING[Product], "") -> Specticle® FLO | F57: =_xlfn.XLOOKUP(A57, PRICING[SKU], PRICING[Size], "") -> 1 gal | G57: =IF(_xlfn.XLOOKUP(A57,PRICING[SKU],PRICING[Indication])="I","Insecticide", IF(_xlfn.XLOOKUP(A57,PRICING[SKU],PRICING[Indication])="H","Herbicide", IF(_xlfn.XLOOKUP(A57,PRICING[SKU],PRICING[Indication])="F","Fungicide", IF(_xlfn.XLOOKUP(A57,PRICING[SKU],PRICING[Indication])="PGR","PGR","")))) -> Herbicide | I57: =INDEX(PRICING[2026 In-Season Price],MATCH(A57,PRICING[SKU],0)) -> 2232.32 | J57: =IF(H57*I57= 0,"",H57*I57) | K57: =INDEX(PRICING[NOW Price],MATCH(A57,PRICING[SKU],0)) -> 2098.38 | L57: =IF(H57*K57= 0,"",ROUND(H57*K57,2)) | M57: =INDEX(Rebate_Lookup[Instances],MATCH(A57,Rebate_Lookup[SKU CODE],0)) -> 1 | N57: =IF(H57="","",INDEX(Rebate_Lookup[Qualified Rebate Tier],MATCH(A57,Rebate_Lookup[SKU CODE],0))) | O57: =IF(OR(H57="",N57=""),"", IF(N57=1,INDEX(Rebate_Lookup[REB_MOQ_1],MATCH(A57,Rebate_Lookup[SKU CODE],0)), IF(N57=2,INDEX(Rebate_Lookup[REB_MOQ_2],MATCH(A57,Rebate_Lookup[SKU CODE],0)), IF(N57=3,INDEX(Rebate_Lookup[REB_MOQ_3],MATCH(A57,Rebate_Lookup[SKU CODE],0)), IF(N57=4,INDEX(Rebate_Lookup[REB_MOQ_4],MATCH(A57,Rebate_Lookup[SKU CODE],0)), "#err"))))) | P57: =IF(L68>5000,IF(OR(O57=0,O57=""),"",H57*O57),"") | Q57: =IF( H57>0, IF( OR( AND(ISNUMBER(SEARCH("Specticle",E57)),ISNUMBER(SEARCH("FLO",E57))), AND(ISNUMBER(SEARCH("Ronstar",E57)),ISNUMBER(SEARCH("FLO",E57))) ), IF( AND(_xlfn.XLOOKUP(A57,PRICING[SKU],PRICING[October Bonus],FALSE),$R$10="YES"), ROUND(L57*$G$113,2), "N/A" ), IFERROR( IF( _xlfn.XLOOKUP(A57,PRICING[SKU],PRICING[October Bonus],FALSE), ROUND(L57*SUM($G$109:$G$113),2), ROUND(L57*SUM($G$109:$G$112),2) ), "" ) ), "" ) | R57: =IFERROR(ROUND((L57-SUM(P57:Q57))/H57,2),"") | S57: =IF(AND(H57<>"",H57>0), ROUND(H57*R57,2),"") | T57: {=IF(OR(H57="",H57=0), ROUND(_xlfn.XLOOKUP(1,(PRICING[SKU]=A57)*(PRICING[Set]=1),PRICING[Standard Use Rate (oz/M)]),2),ROUND( _xlfn.XLOOKUP( 1, (PRICING[SKU]=A57)* (PRICING[Set]=IF( _xlfn.XLOOKUP(A57,Rebate_Lookup[SKU CODE],Rebate_Lookup[MOQ_2])=0, 1, IF( AND( _xlfn.XLOOKUP(A57,Rebate_Lookup[SKU CODE],Rebate_Lookup[MOQ_3])=0, H57>=_xlfn.XLOOKUP(A57,Rebate_Lookup[SKU CODE],Rebate_Lookup[MOQ_2]) ), 2, IF( AND( H57>=_xlfn.XLOOKUP(A57,Rebate_Lookup[SKU CODE],Rebate_Lookup[MOQ_1]), H57<_xlfn.XLOOKUP(A57,Rebate_Lookup[SKU CODE],Rebate_Lookup[MOQ_2]) ), 1, IF( AND( H57>=_xlfn.XLOOKUP(A57,Rebate_Lookup[SKU CODE],Rebate_Lookup[MOQ_2]), OR( _xlfn.XLOOKUP(A57,Rebate_Lookup[SKU CODE],Rebate_Lookup[MOQ_3])=0, H57<_xlfn.XLOOKUP(A57,Rebate_Lookup[SKU CODE],Rebate_Lookup[MOQ_3]) ) ), 2, IF( OR( AND( _xlfn.XLOOKUP(A57,Rebate_Lookup[SKU CODE],Rebate_Lookup[MOQ_4])=0, H57>=_xlfn.XLOOKUP(A57,Rebate_Lookup[SKU CODE],Rebate_Lookup[MOQ_3]) ), AND( _xlfn.XLOOKUP(A57,Rebate_Lookup[SKU CODE],Rebate_Lookup[MOQ_4])>0, H57>=_xlfn.XLOOKUP(A57,Rebate_Lookup[SKU CODE],Rebate_Lookup[MOQ_3]), H57<_xlfn.XLOOKUP(A57,Rebate_Lookup[SKU CODE],Rebate_Lookup[MOQ_4]) ) ), 3, IF( AND( _xlfn.XLOOKUP(A57,Rebate_Lookup[SKU CODE],Rebate_Lookup[MOQ_4])>0, H57>=_xlfn.XLOOKUP(A57,Rebate_Lookup[SKU CODE],Rebate_Lookup[MOQ_4]) ), 4, 1 ) ) ) ) ) )), PRICING[Standard Use Rate (oz/M)] ), 2 ))} -> 0.14 | U57: =ROUND(T57*43.56,2) -> 6.1 | V57: =IF(AND(TRIM(U57)<>"",TRIM(H57)<>""),ROUND(H57*INDEX(PRICING[Package Ounces],MATCH(A57,PRICING[SKU],0))/U57,2),"") | W57: =IF(H57<>0,ROUND(S57/V57,2),0) -> 0 | X57: =ROUND(W57/43.56,2) -> 0
A58: D00000990-3 | B58: =H58>0 -> FALSE | D58: {=IFERROR( _xlfn.TEXTJOIN( "; ", TRUE, _xlfn._xlws.FILTER( IF( ISNUMBER(SEARCH("*Ronstar*FLO*",PRICING[Product]))+ ISNUMBER(SEARCH("Altus*",PRICING[Product]))+ ISNUMBER(SEARCH("Kontos*",PRICING[Product])), IF( (PRICING[Min Qty]="")+(PRICING[Min Qty]=0), "1 unit", PRICING[Min Qty]&" units" ), TEXT(PRICING[Rebate $],"$#,##0.00")& " off on "& IF( (PRICING[Min Qty]="")+(PRICING[Min Qty]=0), "1 unit", PRICING[Min Qty]&" units" ) ), (PRICING[SKU]=$A58)* ( ((PRICING[Rebate $]<>"")*(PRICING[Rebate $]<>0)) + ( ( ISNUMBER(SEARCH("*Ronstar*FLO*",PRICING[Product]))+ ISNUMBER(SEARCH("Altus*",PRICING[Product]))+ ISNUMBER(SEARCH("Kontos*",PRICING[Product])) )* (PRICING[Min Qty]<>0) ) ) ) ), "" )} -> $128.00 off on 14-25 units | E58: =_xlfn.XLOOKUP(A58, PRICING[SKU], PRICING[Product], "") -> Specticle® FLO | F58: =_xlfn.XLOOKUP(A58, PRICING[SKU], PRICING[Size], "") -> 1 gal | G58: =IF(_xlfn.XLOOKUP(A58,PRICING[SKU],PRICING[Indication])="I","Insecticide", IF(_xlfn.XLOOKUP(A58,PRICING[SKU],PRICING[Indication])="H","Herbicide", IF(_xlfn.XLOOKUP(A58,PRICING[SKU],PRICING[Indication])="F","Fungicide", IF(_xlfn.XLOOKUP(A58,PRICING[SKU],PRICING[Indication])="PGR","PGR","")))) -> Herbicide | I58: =INDEX(PRICING[2026 In-Season Price],MATCH(A58,PRICING[SKU],0)) -> 1916.16 | J58: =IF(H58*I58= 0,"",H58*I58) | K58: =INDEX(PRICING[NOW Price],MATCH(A58,PRICING[SKU],0)) -> 1839.51 | L58: =IF(H58*K58= 0,"",ROUND(H58*K58,2)) | M58: =INDEX(Rebate_Lookup[Instances],MATCH(A58,Rebate_Lookup[SKU CODE],0)) -> 1 | N58: =IF(H58="","",INDEX(Rebate_Lookup[Qualified Rebate Tier],MATCH(A58,Rebate_Lookup[SKU CODE],0))) | O58: =IF(OR(H58="",N58=""),"", IF(N58=1,INDEX(Rebate_Lookup[REB_MOQ_1],MATCH(A58,Rebate_Lookup[SKU CODE],0)), IF(N58=2,INDEX(Rebate_Lookup[REB_MOQ_2],MATCH(A58,Rebate_Lookup[SKU CODE],0)), IF(N58=3,INDEX(Rebate_Lookup[REB_MOQ_3],MATCH(A58,Rebate_Lookup[SKU CODE],0)), IF(N58=4,INDEX(Rebate_Lookup[REB_MOQ_4],MATCH(A58,Rebate_Lookup[SKU CODE],0)), "#err"))))) | P58: =IF(L68>5000,IF(OR(O58=0,O58=""),"",H58*O58),"") | Q58: =IF( H58>0, IF( OR( AND(ISNUMBER(SEARCH("Specticle",E58)),ISNUMBER(SEARCH("FLO",E58))), AND(ISNUMBER(SEARCH("Ronstar",E58)),ISNUMBER(SEARCH("FLO",E58))) ), IF( AND(_xlfn.XLOOKUP(A58,PRICING[SKU],PRICING[October Bonus],FALSE),$R$10="YES"), ROUND(L58*$G$113,2), "N/A" ), IFERROR( IF( _xlfn.XLOOKUP(A58,PRICING[SKU],PRICING[October Bonus],FALSE), ROUND(L58*SUM($G$109:$G$113),2), ROUND(L58*SUM($G$109:$G$112),2) ), "" ) ), "" ) | R58: =IFERROR(ROUND((L58-SUM(P58:Q58))/H58,2),"") | S58: =IF(AND(H58<>"",H58>0), ROUND(H58*R58,2),"") | T58: {=IF(OR(H58="",H58=0), ROUND(_xlfn.XLOOKUP(1,(PRICING[SKU]=A58)*(PRICING[Set]=1),PRICING[Standard Use Rate (oz/M)]),2),ROUND( _xlfn.XLOOKUP( 1, (PRICING[SKU]=A58)* (PRICING[Set]=IF( _xlfn.XLOOKUP(A58,Rebate_Lookup[SKU CODE],Rebate_Lookup[MOQ_2])=0, 1, IF( AND( _xlfn.XLOOKUP(A58,Rebate_Lookup[SKU CODE],Rebate_Lookup[MOQ_3])=0, H58>=_xlfn.XLOOKUP(A58,Rebate_Lookup[SKU CODE],Rebate_Lookup[MOQ_2]) ), 2, IF( AND( H58>=_xlfn.XLOOKUP(A58,Rebate_Lookup[SKU CODE],Rebate_Lookup[MOQ_1]), H58<_xlfn.XLOOKUP(A58,Rebate_Lookup[SKU CODE],Rebate_Lookup[MOQ_2]) ), 1, IF( AND( H58>=_xlfn.XLOOKUP(A58,Rebate_Lookup[SKU CODE],Rebate_Lookup[MOQ_2]), OR( _xlfn.XLOOKUP(A58,Rebate_Lookup[SKU CODE],Rebate_Lookup[MOQ_3])=0, H58<_xlfn.XLOOKUP(A58,Rebate_Lookup[SKU CODE],Rebate_Lookup[MOQ_3]) ) ), 2, IF( OR( AND( _xlfn.XLOOKUP(A58,Rebate_Lookup[SKU CODE],Rebate_Lookup[MOQ_4])=0, H58>=_xlfn.XLOOKUP(A58,Rebate_Lookup[SKU CODE],Rebate_Lookup[MOQ_3]) ), AND( _xlfn.XLOOKUP(A58,Rebate_Lookup[SKU CODE],Rebate_Lookup[MOQ_4])>0, H58>=_xlfn.XLOOKUP(A58,Rebate_Lookup[SKU CODE],Rebate_Lookup[MOQ_3]), H58<_xlfn.XLOOKUP(A58,Rebate_Lookup[SKU CODE],Rebate_Lookup[MOQ_4]) ) ), 3, IF( AND( _xlfn.XLOOKUP(A58,Rebate_Lookup[SKU CODE],Rebate_Lookup[MOQ_4])>0, H58>=_xlfn.XLOOKUP(A58,Rebate_Lookup[SKU CODE],Rebate_Lookup[MOQ_4]) ), 4, 1 ) ) ) ) ) )), PRICING[Standard Use Rate (oz/M)] ), 2 ))} -> 0.14 | U58: =ROUND(T58*43.56,2) -> 6.1 | V58: =IF(AND(TRIM(U58)<>"",TRIM(H58)<>""),ROUND(H58*INDEX(PRICING[Package Ounces],MATCH(A58,PRICING[SKU],0))/U58,2),"") | W58: =IF(H58<>0,ROUND(S58/V58,2),0) -> 0 | X58: =ROUND(W58/43.56,2) -> 0
A59: D00000990-4 | B59: =H59>0 -> FALSE | D59: {=IFERROR( _xlfn.TEXTJOIN( "; ", TRUE, _xlfn._xlws.FILTER( IF( ISNUMBER(SEARCH("*Ronstar*FLO*",PRICING[Product]))+ ISNUMBER(SEARCH("Altus*",PRICING[Product]))+ ISNUMBER(SEARCH("Kontos*",PRICING[Product])), IF( (PRICING[Min Qty]="")+(PRICING[Min Qty]=0), "1 unit", PRICING[Min Qty]&" units" ), TEXT(PRICING[Rebate $],"$#,##0.00")& " off on "& IF( (PRICING[Min Qty]="")+(PRICING[Min Qty]=0), "1 unit", PRICING[Min Qty]&" units" ) ), (PRICING[SKU]=$A59)* ( ((PRICING[Rebate $]<>"")*(PRICING[Rebate $]<>0)) + ( ( ISNUMBER(SEARCH("*Ronstar*FLO*",PRICING[Product]))+ ISNUMBER(SEARCH("Altus*",PRICING[Product]))+ ISNUMBER(SEARCH("Kontos*",PRICING[Product])) )* (PRICING[Min Qty]<>0) ) ) ) ), "" )} -> $328.00 off on 26+ units | E59: =_xlfn.XLOOKUP(A59, PRICING[SKU], PRICING[Product], "") -> Specticle® FLO | F59: =_xlfn.XLOOKUP(A59, PRICING[SKU], PRICING[Size], "") -> 1 gal | G59: =IF(_xlfn.XLOOKUP(A59,PRICING[SKU],PRICING[Indication])="I","Insecticide", IF(_xlfn.XLOOKUP(A59,PRICING[SKU],PRICING[Indication])="H","Herbicide", IF(_xlfn.XLOOKUP(A59,PRICING[SKU],PRICING[Indication])="F","Fungicide", IF(_xlfn.XLOOKUP(A59,PRICING[SKU],PRICING[Indication])="PGR","PGR","")))) -> Herbicide | I59: =INDEX(PRICING[2026 In-Season Price],MATCH(A59,PRICING[SKU],0)) -> 1916.16 | J59: =IF(H59*I59= 0,"",H59*I59) | K59: =INDEX(PRICING[NOW Price],MATCH(A59,PRICING[SKU],0)) -> 1820.35 | L59: =IF(H59*K59= 0,"",ROUND(H59*K59,2)) | M59: =INDEX(Rebate_Lookup[Instances],MATCH(A59,Rebate_Lookup[SKU CODE],0)) -> 1 | N59: =IF(H59="","",INDEX(Rebate_Lookup[Qualified Rebate Tier],MATCH(A59,Rebate_Lookup[SKU CODE],0))) | O59: =IF(OR(H59="",N59=""),"", IF(N59=1,INDEX(Rebate_Lookup[REB_MOQ_1],MATCH(A59,Rebate_Lookup[SKU CODE],0)), IF(N59=2,INDEX(Rebate_Lookup[REB_MOQ_2],MATCH(A59,Rebate_Lookup[SKU CODE],0)), IF(N59=3,INDEX(Rebate_Lookup[REB_MOQ_3],MATCH(A59,Rebate_Lookup[SKU CODE],0)), IF(N59=4,INDEX(Rebate_Lookup[REB_MOQ_4],MATCH(A59,Rebate_Lookup[SKU CODE],0)), "#err"))))) | P59: =IF(L68>5000,IF(OR(O59=0,O59=""),"",H59*O59),"") | Q59: =IF( H59>0, IF( OR( AND(ISNUMBER(SEARCH("Specticle",E59)),ISNUMBER(SEARCH("FLO",E59))), AND(ISNUMBER(SEARCH("Ronstar",E59)),ISNUMBER(SEARCH("FLO",E59))) ), IF( AND(_xlfn.XLOOKUP(A59,PRICING[SKU],PRICING[October Bonus],FALSE),$R$10="YES"), ROUND(L59*$G$113,2), "N/A" ), IFERROR( IF( _xlfn.XLOOKUP(A59,PRICING[SKU],PRICING[October Bonus],FALSE), ROUND(L59*SUM($G$109:$G$113),2), ROUND(L59*SUM($G$109:$G$112),2) ), "" ) ), "" ) | R59: =IFERROR(ROUND((L59-SUM(P59:Q59))/H59,2),"") | S59: =IF(AND(H59<>"",H59>0), ROUND(H59*R59,2),"") | T59: {=IF(OR(H59="",H59=0), ROUND(_xlfn.XLOOKUP(1,(PRICING[SKU]=A59)*(PRICING[Set]=1),PRICING[Standard Use Rate (oz/M)]),2),ROUND( _xlfn.XLOOKUP( 1, (PRICING[SKU]=A59)* (PRICING[Set]=IF( _xlfn.XLOOKUP(A59,Rebate_Lookup[SKU CODE],Rebate_Lookup[MOQ_2])=0, 1, IF( AND( _xlfn.XLOOKUP(A59,Rebate_Lookup[SKU CODE],Rebate_Lookup[MOQ_3])=0, H59>=_xlfn.XLOOKUP(A59,Rebate_Lookup[SKU CODE],Rebate_Lookup[MOQ_2]) ), 2, IF( AND( H59>=_xlfn.XLOOKUP(A59,Rebate_Lookup[SKU CODE],Rebate_Lookup[MOQ_1]), H59<_xlfn.XLOOKUP(A59,Rebate_Lookup[SKU CODE],Rebate_Lookup[MOQ_2]) ), 1, IF( AND( H59>=_xlfn.XLOOKUP(A59,Rebate_Lookup[SKU CODE],Rebate_Lookup[MOQ_2]), OR( _xlfn.XLOOKUP(A59,Rebate_Lookup[SKU CODE],Rebate_Lookup[MOQ_3])=0, H59<_xlfn.XLOOKUP(A59,Rebate_Lookup[SKU CODE],Rebate_Lookup[MOQ_3]) ) ), 2, IF( OR( AND( _xlfn.XLOOKUP(A59,Rebate_Lookup[SKU CODE],Rebate_Lookup[MOQ_4])=0, H59>=_xlfn.XLOOKUP(A59,Rebate_Lookup[SKU CODE],Rebate_Lookup[MOQ_3]) ), AND( _xlfn.XLOOKUP(A59,Rebate_Lookup[SKU CODE],Rebate_Lookup[MOQ_4])>0, H59>=_xlfn.XLOOKUP(A59,Rebate_Lookup[SKU CODE],Rebate_Lookup[MOQ_3]), H59<_xlfn.XLOOKUP(A59,Rebate_Lookup[SKU CODE],Rebate_Lookup[MOQ_4]) ) ), 3, IF( AND( _xlfn.XLOOKUP(A59,Rebate_Lookup[SKU CODE],Rebate_Lookup[MOQ_4])>0, H59>=_xlfn.XLOOKUP(A59,Rebate_Lookup[SKU CODE],Rebate_Lookup[MOQ_4]) ), 4, 1 ) ) ) ) ) )), PRICING[Standard Use Rate (oz/M)] ), 2 ))} -> 0.14 | U59: =ROUND(T59*43.56,2) -> 6.1 | V59: =IF(AND(TRIM(U59)<>"",TRIM(H59)<>""),ROUND(H59*INDEX(PRICING[Package Ounces],MATCH(A59,PRICING[SKU],0))/U59,2),"") | W59: =IF(H59<>0,ROUND(S59/V59,2),0) -> 0 | X59: =ROUND(W59/43.56,2) -> 0
A60: D00000992 | B60: =H60>0 -> FALSE | D60: {=IFERROR( _xlfn.TEXTJOIN( "; ", TRUE, _xlfn._xlws.FILTER( IF( ISNUMBER(SEARCH("*Ronstar*FLO*",PRICING[Product]))+ ISNUMBER(SEARCH("Altus*",PRICING[Product]))+ ISNUMBER(SEARCH("Kontos*",PRICING[Product])), IF( (PRICING[Min Qty]="")+(PRICING[Min Qty]=0), "1 unit", PRICING[Min Qty]&" units" ), TEXT(PRICING[Rebate $],"$#,##0.00")& " off on "& IF( (PRICING[Min Qty]="")+(PRICING[Min Qty]=0), "1 unit", PRICING[Min Qty]&" units" ) ), (PRICING[SKU]=$A60)* ( ((PRICING[Rebate $]<>"")*(PRICING[Rebate $]<>0)) + ( ( ISNUMBER(SEARCH("*Ronstar*FLO*",PRICING[Product]))+ ISNUMBER(SEARCH("Altus*",PRICING[Product]))+ ISNUMBER(SEARCH("Kontos*",PRICING[Product])) )* (PRICING[Min Qty]<>0) ) ) ) ), "" )} -> $20.00 off on 40+ units | E60: =_xlfn.XLOOKUP(A60, PRICING[SKU], PRICING[Product], "") -> Specticle® G | F60: =_xlfn.XLOOKUP(A60, PRICING[SKU], PRICING[Size], "") -> 50 lb | G60: =IF(_xlfn.XLOOKUP(A60,PRICING[SKU],PRICING[Indication])="I","Insecticide", IF(_xlfn.XLOOKUP(A60,PRICING[SKU],PRICING[Indication])="H","Herbicide", IF(_xlfn.XLOOKUP(A60,PRICING[SKU],PRICING[Indication])="F","Fungicide", IF(_xlfn.XLOOKUP(A60,PRICING[SKU],PRICING[Indication])="PGR","PGR","")))) -> Herbicide | I60: =INDEX(PRICING[2026 In-Season Price],MATCH(A60,PRICING[SKU],0)) -> 139 | J60: =IF(H60*I60= 0,"",H60*I60) | K60: =INDEX(PRICING[NOW Price],MATCH(A60,PRICING[SKU],0)) -> 139 | L60: =IF(H60*K60= 0,"",ROUND(H60*K60,2)) | M60: =INDEX(Rebate_Lookup[Instances],MATCH(A60,Rebate_Lookup[SKU CODE],0)) -> 2 | N60: =IF(H60="","",INDEX(Rebate_Lookup[Qualified Rebate Tier],MATCH(A60,Rebate_Lookup[SKU CODE],0))) | O60: =IF(OR(H60="",N60=""),"", IF(N60=1,INDEX(Rebate_Lookup[REB_MOQ_1],MATCH(A60,Rebate_Lookup[SKU CODE],0)), IF(N60=2,INDEX(Rebate_Lookup[REB_MOQ_2],MATCH(A60,Rebate_Lookup[SKU CODE],0)), IF(N60=3,INDEX(Rebate_Lookup[REB_MOQ_3],MATCH(A60,Rebate_Lookup[SKU CODE],0)), IF(N60=4,INDEX(Rebate_Lookup[REB_MOQ_4],MATCH(A60,Rebate_Lookup[SKU CODE],0)), "#err"))))) | P60: =IF(L68>5000,IF(OR(O60=0,O60=""),"",H60*O60),"") | Q60: =IF( H60>0, IF( OR( AND(ISNUMBER(SEARCH("Specticle",E60)),ISNUMBER(SEARCH("FLO",E60))), AND(ISNUMBER(SEARCH("Ronstar",E60)),ISNUMBER(SEARCH("FLO",E60))) ), IF( AND(_xlfn.XLOOKUP(A60,PRICING[SKU],PRICING[October Bonus],FALSE),$R$10="YES"), ROUND(L60*$G$113,2), "N/A" ), IFERROR( IF( _xlfn.XLOOKUP(A60,PRICING[SKU],PRICING[October Bonus],FALSE), ROUND(L60*SUM($G$109:$G$113),2), ROUND(L60*SUM($G$109:$G$112),2) ), "" ) ), "" ) | R60: =IFERROR(ROUND((L60-SUM(P60:Q60))/H60,2),"") | S60: =IF(AND(H60<>"",H60>0), ROUND(H60*R60,2),"") | T60: {=IF(OR(H60="",H60=0), ROUND(_xlfn.XLOOKUP(1,(PRICING[SKU]=A60)*(PRICING[Set]=1),PRICING[Standard Use Rate (oz/M)]),2),ROUND( _xlfn.XLOOKUP( 1, (PRICING[SKU]=A60)* (PRICING[Set]=IF( _xlfn.XLOOKUP(A60,Rebate_Lookup[SKU CODE],Rebate_Lookup[MOQ_2])=0, 1, IF( AND( _xlfn.XLOOKUP(A60,Rebate_Lookup[SKU CODE],Rebate_Lookup[MOQ_3])=0, H60>=_xlfn.XLOOKUP(A60,Rebate_Lookup[SKU CODE],Rebate_Lookup[MOQ_2]) ), 2, IF( AND( H60>=_xlfn.XLOOKUP(A60,Rebate_Lookup[SKU CODE],Rebate_Lookup[MOQ_1]), H60<_xlfn.XLOOKUP(A60,Rebate_Lookup[SKU CODE],Rebate_Lookup[MOQ_2]) ), 1, IF( AND( H60>=_xlfn.XLOOKUP(A60,Rebate_Lookup[SKU CODE],Rebate_Lookup[MOQ_2]), OR( _xlfn.XLOOKUP(A60,Rebate_Lookup[SKU CODE],Rebate_Lookup[MOQ_3])=0, H60<_xlfn.XLOOKUP(A60,Rebate_Lookup[SKU CODE],Rebate_Lookup[MOQ_3]) ) ), 2, IF( OR( AND( _xlfn.XLOOKUP(A60,Rebate_Lookup[SKU CODE],Rebate_Lookup[MOQ_4])=0, H60>=_xlfn.XLOOKUP(A60,Rebate_Lookup[SKU CODE],Rebate_Lookup[MOQ_3]) ), AND( _xlfn.XLOOKUP(A60,Rebate_Lookup[SKU CODE],Rebate_Lookup[MOQ_4])>0, H60>=_xlfn.XLOOKUP(A60,Rebate_Lookup[SKU CODE],Rebate_Lookup[MOQ_3]), H60<_xlfn.XLOOKUP(A60,Rebate_Lookup[SKU CODE],Rebate_Lookup[MOQ_4]) ) ), 3, IF( AND( _xlfn.XLOOKUP(A60,Rebate_Lookup[SKU CODE],Rebate_Lookup[MOQ_4])>0, H60>=_xlfn.XLOOKUP(A60,Rebate_Lookup[SKU CODE],Rebate_Lookup[MOQ_4]) ), 4, 1 ) ) ) ) ) )), PRICING[Standard Use Rate (oz/M)] ), 2 ))} -> 3.44 | U60: =ROUND(T60*43.56,2) -> 149.85 | V60: =IF(AND(TRIM(U60)<>"",TRIM(H60)<>""),ROUND(H60*INDEX(PRICING[Package Ounces],MATCH(A60,PRICING[SKU],0))/U60,2),"") | W60: =IF(H60<>0,ROUND(S60/V60,2),0) -> 0 | X60: =ROUND(W60/43.56,2) -> 0
